Workbook
Name TABLE: '10'!#REF!
Name TABLE: '11'!#REF!
Name TABLE: '12'!#REF!
Name TABLE: '13'!#REF!
Name TABLE: '14'!#REF!
Name TABLE: '15'!#REF!
Name TABLE: '16'!#REF!
Name TABLE: '17'!#REF!
Name TABLE: '18'!#REF!
Name TABLE: '19'!#REF!
Name TABLE: '20 '!#REF!
Name TABLE_2: '10'!#REF!
Name TABLE_2: '11'!#REF!
Name TABLE_2: '12'!#REF!
Name TABLE_2: '13'!#REF!
Name TABLE_2: '14'!#REF!
Name TABLE_2: '15'!#REF!
Name TABLE_2: '16'!#REF!
Name TABLE_2: '17'!#REF!
Name TABLE_2: '18'!#REF!
Name TABLE_2: '19'!#REF!
Name TABLE_2: '20 '!#REF!

Sheet 20 
N1: Приложение № 20
M2: к приказу Минэнерго России от 25 апреля 2018 г. № 320
A4: Форма 20. Отчет об исполнении финансового плана субъекта электроэнергетики 1 квартал 2020 года
A6: Инвестиционная программа | D6: АО «Вологодская областная энергетическая компания»
D7: полное наименование субъекта электроэнергетики
D9: Субъект Российской Федерации: | E9: Вологодская область
G11: Год раскрытия (предоставления) информации: | H11: 2020 | I11: год
C13: Утвержденные плановые значения показателей приведены в соответствии с
C14: приказом ДЕПАРТАМЕНТА ТОПЛИВНО-ЭНЕРГЕТИЧЕСКОГО КОМПЛЕКСА И ТАРИФНОГО РЕГУЛИРОВАНИЯ ВОЛОГОДСКОЙ ОБЛАСТИ "Об утверждении изменений, вносимых в инвестиционную программу АО «Вологодская областная энергетическая компания» (правопреемник ГП ВО «Областные электротеплосети») на 2015-2019 годы, утвержденную решением Департамента топливно-энергетического комплекса Вологодской области от 2 февраля 2015 года" от 31.12.2019 №205
C15: реквизиты решения органа исполнительной власти, утвердившего инвестиционную программу
A17: 1. Финансово-экономическая модель деятельности субъекта электроэнергетики
A18: № п/п | B18: Показатель | I18: Ед. изм. | J18: Отчетный 2020 год | L18: Отклонение от плановых значений по итогам отчетного периода | N18: Причины отклонений
J19: План | K19: Факт | L19: в ед. измерений | M19: в процентах, %
A20: 1 | B20: 2 | I20: 3 | J20: 4 | K20: 5 | L20: 6 | M20: 7 | N20: 8
A21: БЮДЖЕТ ДОХОДОВ И РАСХОДОВ
A22: I | B22: Выручка от реализации товаров (работ, услуг) всего, в том числе *: | I22: млн. рублей | J22: 1044.8239 | K22: 1015.593 | L22: -29.230916 | M22: 97.202312
A23: 1.1 | B23: Производство и поставка электрической энергии и мощности всего, в том числе: | I23: млн. рублей | J23: 0 | K23: 0 | L23: 0 | M23: 0
A24: 1.1.1 | B24: производство и поставка электрической энергии на оптовом рынке электрической энергии и мощности | I24: млн. рублей | L24: 0 | M24: 0
A25: 1.1.2 | B25: производство и поставка электрической мощности на оптовом рынке электрической энергии и мощности | I25: млн. рублей | L25: 0 | M25: 0
A26: 1.1.3 | B26: производство и поставка электрической энергии (мощности) на розничных рынках электрической энергии | I26: млн. рублей | L26: 0 | M26: 0
A27: 1.2 | B27: Производство и поставка тепловой энергии (мощности) | I27: млн. рублей | J27: 0 | K27: 0 | L27: 0 | M27: 0
A28: 1.3 | B28: Оказание услуг по передаче электрической энергии | I28: млн. рублей | J28: 0 | K28: 0 | L28: 0 | M28: 0
A29: 1.4 | B29: Оказание услуг по передаче тепловой энергии, теплоносителя | I29: млн. рублей | J29: 0 | K29: 0 | L29: 0 | M29: 0
A30: 1.5 | B30: Оказание услуг по технологическому присоединению | I30: млн. рублей | J30: 0 | K30: 0 | L30: 0 | M30: 0
A31: 1.6 | B31: Реализация электрической энергии и мощности | I31: млн. рублей | J31: 0 | K31: 0 | L31: 0 | M31: 0
A32: 1.7 | B32: Реализации тепловой энергии (мощности) | I32: млн. рублей | J32: 0 | K32: 0 | L32: 0 | M32: 0
A33: 1.8 | B33: Оказание услуг по оперативно-диспетчерскому управлению в электроэнергетике всего, в том числе: | I33: млн. рублей | J33: 0 | K33: 0 | L33: 0 | M33: 0
A34: 1.8.1 | B34: в части управления технологическими режимами | I34: млн. рублей | L34: 0 | M34: 0
A35: 1.8.2 | B35: в части обеспечения надежности | I35: млн. рублей | L35: 0 | M35: 0
A36: 1.9 | B36: Прочая деятельность | I36: млн. рублей | L36: 0 | M36: 0
A37: II | B37: Себестоимость товаров (работ, услуг), коммерческие и управленческие расходы всего, в том числе: | I37: млн. рублей | J37: 1017.2909 | K37: 965.15917 | L37: -52.131708 | M37: 94.875437
A38: 2.1 | B38: Производство и поставка электрической энергии и мощности всего, в том числе: | I38: млн. рублей | J38: 0 | K38: 0 | L38: 0 | M38: 0
A39: 2.1.1 | B39: производство и поставка электрической энергии на оптовом рынке электрической энергии и мощности | I39: млн. рублей | J39: 0 | K39: 0 | L39: 0 | M39: 0
A40: 2.1.2 | B40: производство и поставка электрической мощности на оптовом рынке электрической энергии и мощности | I40: млн. рублей | J40: 0 | K40: 0 | L40: 0 | M40: 0
A41: 2.1.3 | B41: производство и поставка электрической энергии (мощности) на розничных рынках электрической энергии | I41: млн. рублей | J41: 0 | K41: 0 | L41: 0 | M41: 0
A42: 2.2 | B42: Производство и поставка тепловой энергии (мощности) | I42: млн. рублей | J42: 0 | K42: 0 | L42: 0 | M42: 0
A43: 2.3 | B43: Оказание услуг по передаче электрической энергии | I43: млн. рублей | J43: 0 | K43: 0 | L43: 0 | M43: 0
A44: 2.4 | B44: Оказание услуг по передаче тепловой энергии, теплоносителя | I44: млн. рублей | J44: 0 | K44: 0 | L44: 0 | M44: 0
A45: 2.5 | B45: Оказание услуг по технологическому присоединению | I45: млн. рублей | J45: 0 | K45: 0 | L45: 0 | M45: 0
A46: 2.6 | B46: Реализация электрической энергии и мощности | I46: млн. рублей | J46: 0 | K46: 0 | L46: 0 | M46: 0
A47: 2.7 | B47: Реализации тепловой энергии (мощности) | I47: млн. рублей | J47: 0 | K47: 0 | L47: 0 | M47: 0
A48: 2.8 | B48: Оказание услуг по оперативно-диспетчерскому управлению в электроэнергетике всего, в том числе: | I48: млн. рублей | J48: 0 | K48: 0 | L48: 0 | M48: 0
... A56: 2.1.2.1.1 | B56: на технологические цели, включая энергию на компенсацию потерь при ее передаче | I56: млн. рублей | J56: 130.52266 | K56: 116.96631 | L56: -13.556348 | M56: 89.613797
A57: 2.1.2.1.2 | B57: для последующей перепродажи | I57: млн. рублей | L57: 0 | M57: 0
A58: 2.1.2.2 | B58: покупная тепловая энергия (мощность) | I58: млн. рублей | L58: 0 | M58: 0
A59: 2.1.3 | B59: сырье, материалы, запасные части, инструменты | I59: млн. рублей | J59: 25.029915 | K59: 21.424189 | L59: -3.6057259 | M59: 85.594334
A60: 2.1.4 | B60: прочие материальные расходы | I60: млн. рублей | L60: 0 | M60: 0
A61: II.II | B61: Работы и услуги производственного характера всего, в том числе: | I61: млн. рублей | J61: 366.98761 | K61: 361.28909 | L61: -5.6985214 | M61: 98.447217
A62: 2.2.1 | B62: услуги по передаче электрической энергии по единой (национальной) общероссийской электрической сети | I62: млн. рублей | L62: 0 | M62: 0
A63: 2.2.2 | B63: услуги по передаче электрической энергии по сетям территориальной сетевой организации | I63: млн. рублей | J63: 347.45064 | K63: 339.75744 | L63: -7.6932026 | M63: 97.785814
A64: 2.2.3 | B64: услуги по передаче тепловой энергии, теплоносителя | I64: млн. рублей | L64: 0 | M64: 0
A65: 2.2.4 | B65: услуги инфраструктурных организаций ***** | I65: млн. рублей | L65: 0 | M65: 0
A66: 2.2.5 | B66: прочие услуги производственного характера | I66: млн. рублей | J66: 19.53697 | K66: 21.531651 | L66: 1.9946811 | M66: 110.20978
A67: II.III | B67: Расходы на оплату труда с учетом страховых взносов | I67: млн. рублей | J67: 196.86407 | K67: 179.49159 | L67: -17.372482 | M67: 91.175392
A68: II.IV | B68: Амортизация основных средств и нематериальных активов | I68: млн. рублей | J68: 106.30805 | K68: 107.75377 | L68: 1.4457177 | M68: 101.35993
A69: II.V | B69: Налоги и сборы всего, в том числе: | I69: млн. рублей | J69: 11.4922 | K69: 11.232822 | L69: -0.25937841 | M69: 97.743005
A70: 2.5.1 | B70: налог на имущество организации | I70: млн. рублей | J70: 10.501 | K70: 10.423848 | L70: -0.07715241 | M70: 99.265285
A71: 2.5.2 | B71: прочие налоги и сборы | I71: млн. рублей | J71: 0.9912 | K71: 0.808974 | L71: -0.182226 | M71: 81.615617
A72: II.VI | B72: Прочие расходы всего, в том числе: | I72: млн. рублей | J72: 29.88477 | K72: 25.13333 | L72: -4.7514402 | M72: 84.100797
A73: 2.6.1 | B73: работы и услуги непроизводственного характера | I73: млн. рублей | J73: 29.88477 | K73: 25.13333 | L73: -4.7514402 | M73: 84.100797
A74: 2.6.2 | B74: арендная плата, лизинговые платежи | I74: млн. рублей | L74: 0 | M74: 0
A75: 2.6.3 | B75: иные прочие расходы | I75: млн. рублей | L75: 0 | M75: 0
A76: II.VII | B76: Иные сведения: | I76: млн. рублей | J76: 0 | K76: 0 | L76: 0 | M76: 0
A77: 2.7.1 | B77: Расходы на ремонт | I77: млн. рублей | L77: 0 | M77: 0
A78: 2.7.2 | B78: Коммерческие расходы | I78: млн. рублей | L78: 0 | M78: 0
A79: 2.7.3 | B79: Управленческие расходы | I79: млн. рублей | L79: 0 | M79: 0
A80: III | B80: Прибыль (убыток) от продаж (строка I - строка II) всего, в том числе: | I80: млн. рублей | J80: 27.533048 | K80: 50.43384 | L80: 22.900792 | M80: 183.17565
A81: 3.1 | B81: Производство и поставка электрической энергии и мощности всего, в том числе: | I81: млн. рублей | J81: 0 | K81: 0 | L81: 0 | M81: 0
A82: 3.1.1 | B82: производство и поставка электрической энергии на оптовом рынке электрической энергии и мощности | I82: млн. рублей | J82: 0 | K82: 0 | L82: 0 | M82: 0
A83: 3.1.2 | B83: производство и поставка электрической мощности на оптовом рынке электрической энергии и мощности | I83: млн. рублей | J83: 0 | K83: 0 | L83: 0 | M83: 0
A84: 3.1.3 | B84: производство и поставка электрической энергии (мощности) на розничных рынках электрической энергии | I84: млн. рублей | J84: 0 | K84: 0 | L84: 0 | M84: 0
A85: 3.2 | B85: Производство и поставка тепловой энергии (мощности) | I85: млн. рублей | J85: 0 | K85: 0 | L85: 0 | M85: 0
A86: 3.3 | B86: Оказание услуг по передаче электрической энергии | I86: млн. рублей | J86: 0 | K86: 0 | L86: 0 | M86: 0
A87: 3.4 | B87: Оказание услуг по передаче тепловой энергии, теплоносителя | I87: млн. рублей | J87: 0 | K87: 0 | L87: 0 | M87: 0
A88: 3.5 | B88: Оказание услуг по технологическому присоединению | I88: млн. рублей | J88: 0 | K88: 0 | L88: 0 | M88: 0
A89: 3.6 | B89: Реализация электрической энергии и мощности | I89: млн. рублей | J89: 0 | K89: 0 | L89: 0 | M89: 0
A90: 3.7 | B90: Реализации тепловой энергии (мощности) | I90: млн. рублей | J90: 0 | K90: 0 | L90: 0 | M90: 0
A91: 3.8 | B91: Оказание услуг по оперативно-диспетчерскому управлению в электроэнергетике всего, в том числе: | I91: млн. рублей | J91: 0 | K91: 0 | L91: 0 | M91: 0
... A96: 4.1 | B96: Прочие доходы всего, в том числе: | I96: млн. рублей | J96: 15.4 | K96: 38.966315 | L96: 23.566315 | M96: 253.02802
A97: 4.1.1 | B97: доходы от участия в других организациях | I97: млн. рублей | L97: 0 | M97: 0
A98: 4.1.2 | B98: проценты к получению | I98: млн. рублей | L98: 0 | M98: 0
A99: 4.1.3 | B99: восстановление резервов всего, в том числе: | I99: млн. рублей | L99: 0 | M99: 0
A100: 4.1.3.1 | B100: по сомнительным долгам | I100: млн. рублей | L100: 0 | M100: 0
A101: 4.1.4 | B101: прочие внереализационные доходы | I101: млн. рублей | L101: 0 | M101: 0
A102: 4.2 | B102: Прочие расходы всего, в том числе: | I102: млн. рублей | J102: 14.588317 | K102: 17.008865 | L102: 2.4205485 | M102: 116.59238
A103: 4.2.1 | B103: расходы, связанные с персоналом | I103: млн. рублей | L103: 0 | M103: 0
A104: 4.2.2 | B104: проценты к уплате | I104: млн. рублей | L104: 0 | M104: 0
A105: 4.2.3 | B105: создание резервов всего, в том числе: | I105: млн. рублей | L105: 0 | M105: 0
A106: 4.2.3.1 | B106: по сомнительным долгам | I106: млн. рублей | L106: 0 | M106: 0
A107: 4.2.4 | B107: прочие внереализационные расходы | I107: млн. рублей | L107: 0 | M107: 0
A108: V | B108: Прибыль (убыток) до налогообложения (строка III + строка IV) всего, в том числе: | I108: млн. рублей | J108: 28.344732 | K108: 72.39129 | L108: 44.046558 | M108: 255.39593
A109: 5.1 | B109: Производство и поставка электрической энергии на оптовом рынке электрической энергии и мощности | I109: млн. рублей | L109: 0 | M109: 0
A110: 5.1.1 | B110: производство и поставка электрической энергии на оптовом рынке электрической энергии и мощности | I110: млн. рублей | L110: 0 | M110: 0
A111: 5.1.2 | B111: производство и поставка электрической мощности на оптовом рынке электрической энергии и мощности | I111: млн. рублей | L111: 0 | M111: 0
A112: 5.1.3 | B112: производство и поставка электрической энергии (мощности) на розничных рынках электрической энергии | I112: млн. рублей | L112: 0 | M112: 0
A113: 5.2 | B113: Производство и поставка тепловой энергии (мощности) | I113: млн. рублей | L113: 0 | M113: 0
A114: 5.3 | B114: Оказание услуг по передаче электрической энергии | I114: млн. рублей | L114: 0 | M114: 0
A115: 5.4 | B115: Оказание услуг по передаче тепловой энергии, теплоносителя | I115: млн. рублей | L115: 0 | M115: 0
A116: 5.5 | B116: Оказание услуг по технологическому присоединению | I116: млн. рублей | L116: 0 | M116: 0
A117: 5.6 | B117: Реализация электрической энергии и мощности | I117: млн. рублей | L117: 0 | M117: 0
...

Sheet 19
M1: Приложение № 19
J2: к приказу Минэнерго России от 25 апреля 2018 г. № 320
A3: Форма 19. Отчет о достигнутых результатах в части, касающейся расширения пропускной способности, снижения потерь в сетях и увеличения резерва для присоединения потребителей отдельно по каждому центру питания напряжением 35 кВ и выше (квартальный)
F5: за год | G5: ='10'!$J$4 -> 2020
D7: Отчет о реализации инвестиционной программы | E7: ='10'!$G$6 -> АО «Вологодская областная энергетическая компания»
E8: полное наименование субъекта электроэнергетики
F10: Год раскрытия информации: | G10: ='10'!$J$9 -> 2020 | H10: год
E12: Утвержденные плановые значения показателей приведены в соответствии с | F12: ='10'!$E$11 -> приказом ДЕПАРТАМЕНТА ТОПЛИВНО-ЭНЕРГЕТИЧЕСКОГО КОМПЛЕКСА И ТАРИФНОГО РЕГУЛИРОВАНИЯ ВОЛОГОДСКОЙ ОБЛАСТИ "Об утверждении инвестиционной программы АО «Вологодская областная энергетическая компания» на 2020-2024 годы" от 30 октября 2019 года" № 160
F13: реквизиты решения органа исполнительной власти, утвердившего инвестиционную программу
A15: Номер группы инвести-ционных проектов | B15: Наименование инвестиционного проекта (группы инвестиционных проектов) | C15: Идентификатор инвестиционного проекта | D15: Наименование центра питания | E15: Место расположения центра питания: субъект Российской Федерации, район, ближайший населенный пункт | F15: Установленная мощность центра питания, МВА | H15: Фактический резерв мощности для присоединения потребителей, кВт | J15: Фактическое расширение пропускной способности, кВт | L15: Фактическое снижение потерь, кВт×ч/год
F16: факт на 01.01. 2020 год | G16: факт на конец отчетного периода | H16: факт 2019 года (на 01.01.2020 год) | I16: факт на конец отчетного периода | J16: факт 2019 года (на 01.01.2020 год) | K16: факт на конец отчетного периода | L16: факт 2019 года (на 01.01.2020 год) | M16: факт на конец отчетного периода
A17: 1 | B17: 2 | C17: 3 | D17: 4 | E17: 5 | F17: 6 | G17: 7 | H17: 8 | I17: 9 | J17: 10 | K17: 11 | L17: 12 | M17: 13
A18: 0 | B18: ВСЕГО по инвестиционной программе, в том числе: | C18: Г | F18: =F19+F20+F22+F23+F24 -> 0 | G18: =G19+G20+G22+G23+G24 -> 0 | H18: =H19+H20+H22+H23+H24 -> 0 | I18: =I19+I20+I22+I23+I24 -> 0 | J18: =J19+J20+J22+J23+J24 -> 0 | K18: =K19+K20+K22+K23+K24 -> 0 | L18: =L19+L20+L22+L23+L24 -> 0 | M18: =M19+M20+M22+M23+M24 -> 0
A19: 0.1 | B19: Технологическое присоединение, всего | C19: Г | F19: =F26 -> 0 | G19: =G26 -> 0 | H19: =H26 -> 0 | I19: =I26 -> 0 | J19: =J26 -> 0 | K19: =K26 -> 0 | L19: =L26 -> 0 | M19: =M26 -> 0
A20: 0.2 | B20: Реконструкция, модернизация, техническое перевооружение, всего | C20: Г | F20: =F31 -> 0 | G20: =G31 -> 0 | H20: =H31 -> 0 | I20: =I31 -> 0 | J20: =J31 -> 0 | K20: =K31 -> 0 | L20: =L31 -> 0 | M20: =M31 -> 0
A21: 0.3 | B21: Инвестиционные проекты, реализация которых обуславливается схемами и программами перспективного развития электроэнергетики, всего | C21: Г | D21: нд | E21: нд | F21: нд | G21: нд | H21: нд | I21: нд | J21: нд | K21: нд | L21: нд | M21: нд
A22: 0.4 | B22: Прочее новое строительство объектов электросетевого хозяйства, всего | C22: Г | F22: =F46 -> 0 | G22: =G46 -> 0 | H22: =H46 -> 0 | I22: =I46 -> 0 | J22: =J46 -> 0 | K22: =K46 -> 0 | L22: =L46 -> 0 | M22: =M46 -> 0
A23: 0.5 | B23: Покупка земельных участков для целей реализации инвестиционных проектов, всего | C23: Г | F23: =F54 -> 0 | G23: =G54 -> 0 | H23: =H54 -> 0 | I23: =I54 -> 0 | J23: =J54 -> 0 | K23: =K54 -> 0 | L23: =L54 -> 0 | M23: =M54 -> 0
A24: 0.6 | B24: Прочие инвестиционные проекты, всего | C24: Г | F24: =F55 -> 0 | G24: =G55 -> 0 | H24: =H55 -> 0 | I24: =I55 -> 0 | J24: =J55 -> 0 | K24: =K55 -> 0 | L24: =L55 -> 0 | M24: =M55 -> 0
A25: 1 | B25: Вологодская область
A26: 1.1 | B26: Технологическое присоединение, всего, в том числе: | C26: Г | F26: =F27 -> 0 | G26: =G27 -> 0 | H26: =H27 -> 0 | I26: =I27 -> 0 | J26: =J27 -> 0 | K26: =K27 -> 0 | L26: =L27 -> 0 | M26: =M27 -> 0
A27: 1.1.1 | B27: Технологическое присоединение энергопринимающих устройств потребителей, всего, в том числе: | C27: Г | F27: =F28+F29+F30 -> 0 | G27: =G28+G29+G30 -> 0 | H27: =H28+H29+H30 -> 0 | I27: =I28+I29+I30 -> 0 | J27: =J28+J29+J30 -> 0 | K27: =K28+K29+K30 -> 0 | L27: =L28+L29+L30 -> 0 | M27: =M28+M29+M30 -> 0
A28: 1.1.1.1 | B28: Технологическое присоединение энергопринимающих устройств потребителей максимальной мощностью до 15 кВт включительно, всего | C28: Г | D28: 0 | E28: 0 | F28: 0 | G28: 0 | H28: 0 | I28: 0 | J28: 0 | K28: 0 | L28: 0 | M28: 0
A29: 1.1.1.2 | B29: Технологическое присоединение энергопринимающих устройств потребителей максимальной мощностью до 150 кВт включительно, всего | C29: Г | D29: 0 | E29: 0 | F29: 0 | G29: 0 | H29: 0 | I29: 0 | J29: 0 | K29: 0 | L29: 0 | M29: 0
A30: 1.1.1.3 | B30: Технологическое присоединение энергопринимающих устройств потребителей свыше 150 кВт, всего | C30: Г | D30: 0 | E30: 0 | F30: 0 | G30: 0 | H30: 0 | I30: 0 | J30: 0 | K30: 0 | L30: 0 | M30: 0
A31: 1.2 | B31: Реконструкция, модернизация, техническое перевооружение всего, в том числе: | C31: Г | F31: =F32+F34+F40 -> 0 | G31: =G32+G34+G40 -> 0 | H31: =H32+H34+H40 -> 0 | I31: =I32+I34+I40 -> 0 | J31: =J32+J34+J40 -> 0 | K31: =K32+K34+K40 -> 0 | L31: =L32+L34+L40 -> 0 | M31: =M32+M34+M40 -> 0
A32: 1.2.1 | B32: Реконструкция, модернизация, техническое перевооружение трансформаторных и иных подстанций, распределительных пунктов, всего, в том числе: | C32: Г | F32: =F33 -> 0 | G32: =G33 -> 0 | H32: =H33 -> 0 | I32: =I33 -> 0 | J32: =J33 -> 0 | K32: =K33 -> 0 | L32: =L33 -> 0 | M32: =M33 -> 0
A33: 1.2.1.1 | B33: Реконструкция_ТП, РП, ПС. | C33: ЭD 1.2.1.1
A34: 1.2.2 | B34: Реконструкция, модернизация, техническое перевооружение линий электропередачи, всего, в том числе: | C34: Г | F34: =SUM(F35:F38) -> 0 | G34: =SUM(G35:G38) -> 0 | H34: =SUM(H35:H38) -> 0 | I34: =SUM(I35:I38) -> 0 | J34: =SUM(J35:J38) -> 0 | K34: =SUM(K35:K38) -> 0 | L34: =SUM(L35:L38) -> 0 | M34: =SUM(M35:M38) -> 0
A35: 1.2.2.1 | B35: Реконструкция_Кабельные линии 0,4 кВ. | C35: ЭD 1.2.2.1 | D35: 0 | E35: 0 | F35: 0 | G35: 0 | H35: 0 | I35: 0 | J35: 0 | K35: 0 | L35: 0 | M35: 0
A36: 1.2.2.2 | B36: Реконструкция_Кабельные линии 6-10 кВ. | C36: ЭD 1.2.2.2 | D36: 0 | E36: 0 | F36: 0 | G36: 0 | H36: 0 | I36: 0 | J36: 0 | K36: 0 | L36: 0 | M36: 0
A37: 1.2.2.3 | B37: Реконструкция_ Воздушные линии 0,4 кВ. | C37: ЭD 1.2.2.3 | D37: 0 | E37: 0 | F37: 0 | G37: 0 | H37: 0 | I37: 0 | J37: 0 | K37: 0 | L37: 0 | M37: 0
A38: 1.2.2.4 | B38: Реконструкция_Воздушные линии 6-10 кВ. | C38: ЭD 1.2.2.4 | D38: 0 | E38: 0 | F38: 0 | G38: 0 | H38: 0 | I38: 0 | J38: 0 | K38: 0 | L38: 0 | M38: 0
A39: 1.2.3 | B39: Развитие и модернизация учета электрической энергии (мощности), всего, в том числе: | C39: Г | D39: нд | E39: нд | F39: нд | G39: нд | H39: нд | I39: нд | J39: нд | K39: нд | L39: нд | M39: нд
A40: 1.2.4 | B40: Реконструкция, модернизация, техническое перевооружение прочих объектов основных средств, всего, в том числе: | C40: Г | F40: =SUM(F41:F44) -> 0 | G40: =SUM(G41:G44) -> 0 | H40: =SUM(H41:H44) -> 0 | I40: =SUM(I41:I44) -> 0 | J40: =SUM(J41:J44) -> 0 | K40: =SUM(K41:K44) -> 0 | L40: =SUM(L41:L44) -> 0 | M40: =SUM(M41:M44) -> 0
A41: 1.2.4.1 | B41: Реконструкция_Оборудование, инструмент, средства механизации | C41: ЭD 1.2.4.1 | D41: 0 | E41: 0 | F41: 0 | G41: 0 | H41: 0 | I41: 0 | J41: 0 | K41: 0 | L41: 0 | M41: 0
A42: 1.2.4.2 | B42: Реконструкция_Создание и модернизация систем телемеханики и связи, оргтехника, программное обеспечение | C42: ЭD 1.2.4.2 | D42: 0 | E42: 0 | F42: 0 | G42: 0 | H42: 0 | I42: 0 | J42: 0 | K42: 0 | L42: 0 | M42: 0
A43: 1.2.4.3 | B43: СКУД | C43: ЭD 1.2.4.3 | D43: 0 | E43: 0 | F43: 0 | G43: 0 | H43: 0 | I43: 0 | J43: 0 | K43: 0 | L43: 0
A44: 1.2.4.3 | B44: Реконструкция_Силовые трансформаторы | C44: ЭD 1.2.4.3 | D44: 0 | E44: 0 | F44: 0 | G44: 0 | H44: 0 | I44: 0 | J44: 0 | K44: 0 | L44: 0 | M44: 0
A45: 1.3 | B45: Инвестиционные проекты, реализация которых обуславливается схемами и программами перспективного развития электроэнергетики, всего | C45: Г | D45: нд | E45: нд | F45: нд | G45: нд | H45: нд | I45: нд | J45: нд | K45: нд | L45: нд | M45: нд
A46: 1.4 | B46: Прочее новое строительство объектов электросетевого хозяйства, всего, в том числе: | C46: Г | D46: =D47+D50+D51+D52+D53+D49 -> 0 | E46: =E47+E50+E51+E52+E53+E49 -> 0 | F46: =F47+F50+F51+F52+F53+F49 -> 0 | G46: =G47+G50+G51+G52+G53+G49 -> 0 | H46: =H47+H50+H51+H52+H53+H49 -> 0 | I46: =I47+I50+I51+I52+I53+I49 -> 0 | J46: =J47+J50+J51+J52+J53+J49 -> 0 | K46: =K47+K50+K51+K52+K53+K49 -> 0 | ... M46: =M47+M50+M51+M52+M53+M49 -> 0
A47: 1.4.1 | B47: Энергосбережение и повышение энергетической эффективности | C47: ЭD 1.4.1 | D47: 0 | E47: 0 | F47: 0 | G47: 0 | H47: 0 | I47: 0 | J47: 0 | K47: 0 | L47: 0 | M47: 0
A48: 1.4.1.1 | B48: АИИС КУЭ | C48: ЭD 1.4.1.1 | D48: 0 | E48: 0 | F48: 0 | G48: 0 | I48: 0 | J48: 0 | K48: 0 | L48: 0 | M48: 0
A49: 1.4.2 | B49: Новое строительство_РТП, РП, ТП, ПС | C49: ЭD 1.4.2 | D49: 0 | E49: 0 | F49: 0 | G49: 0 | H49: 0 | I49: 0 | J49: 0 | K49: 0 | L49: 0 | M49: 0
A50: 1.4.2 | B50: Новое строительство_Кабельные линии 6-10 кВ. | C50: ЭD 1.4.2 | D50: 0 | E50: 0 | F50: 0 | G50: 0 | H50: 0 | I50: 0 | J50: 0 | K50: 0 | L50: 0 | M50: 0
A51: 1.4.3 | B51: Новое строительство_Воздушные линии 0,4 кВ. | C51: ЭD 1.4.3 | D51: 0 | E51: 0 | F51: 0 | G51: 0 | H51: 0 | I51: 0 | J51: 0 | K51: 0 | L51: 0 | M51: 0
A52: 1.4.4 | B52: Новое строительство_ Воздушные линии 6-10 кВ. | C52: ЭD 1.4.4 | D52: 0 | E52: 0 | F52: 0 | G52: 0 | H52: 0 | I52: 0 | J52: 0 | K52: 0 | L52: 0 | M52: 0
A53: 1.4.5 | B53: Новое строительство_Кабельные линии 0,4кВ | C53: ЭD 1.4.5 | D53: 0 | E53: 0 | F53: 0 | G53: 0 | H53: 0 | I53: 0 | J53: 0 | K53: 0 | L53: 0 | M53: 0
A54: 1.5 | B54: Покупка земельных участков для целей реализации инвестиционных проектов, всего | C54: Г
A55: 1.6 | B55: Прочие инвестиционные проекты, всего, в том числе: | C55: Г | F55: =SUM(F56:F58) -> 0 | G55: =SUM(G56:G58) -> 0 | H55: =SUM(H56:H58) -> 0 | I55: =SUM(I56:I58) -> 0 | J55: =SUM(J56:J58) -> 0 | K55: =SUM(K56:K58) -> 0 | L55: =SUM(L56:L58) -> 0 | M55: =SUM(M56:M58) -> 0
A56: 1.6.1 | B56: Приобретение автотранспорта и спецтехники | C56: ЭD 1.6.1 | D56: 0 | E56: 0 | F56: 0 | G56: 0 | H56: 0 | I56: 0 | J56: 0 | K56: 0 | L56: 0 | M56: 0
A57: 1.6.2 | B57: Приобретение основных средств | C57: ЭD 1.6.2 | D57: 0 | E57: 0 | F57: 0 | G57: 0 | H57: 0 | I57: 0 | J57: 0 | K57: 0 | L57: 0 | M57: 0
A58: 1.6.3 | B58: IP-ATC | C58: ЭD 1.6.3 | D58: 0 | E58: 0 | F58: 0 | G58: 0 | H58: 0 | I58: 0 | J58: 0 | K58: 0 | L58: 0 | M58: 0

Sheet 18
AS1: Приложение № 18
AO2: к приказу Минэнерго России от 25 апреля 2018 г. № 320
A3: Форма 18. Отчет о фактических значениях количественных показателей по инвестиционным проектам инвестиционной программы (квартальный)
T4: за год | U4: ='10'!$J$4 -> 2020
R6: Отчет о реализации инвестиционной программы | S6: ='10'!$G$6 -> АО «Вологодская областная энергетическая компания»
S7: полное наименование субъекта электроэнергетики
U9: Год раскрытия информации: | V9: ='10'!$J$9 -> 2020 | X9: год
S11: Утвержденные плановые значения показателей приведены в соответствии с | T11: ='10'!$E$11 -> приказом ДЕПАРТАМЕНТА ТОПЛИВНО-ЭНЕРГЕТИЧЕСКОГО КОМПЛЕКСА И ТАРИФНОГО РЕГУЛИРОВАНИЯ ВОЛОГОДСКОЙ ОБЛАСТИ "Об утверждении инвестиционной программы АО «Вологодская областная энергетическая компания» на 2020-2024 годы" от 30 октября 2019 года" № 160
T12: реквизиты решения органа исполнительной власти, утвердившего инвестиционную программу
A14: Номер группы инвести-ционных проектов | B14: Наименование инвестиционного проекта (группы инвестиционных проектов) | C14: Идентификатор инвестиционного проекта | D14: Цели реализации инвестиционных проектов и плановые (фактические) значения количественных показателей, характеризующие достижение таких целей по итогам отчетного периода
D15: Развитие электрической сети/усиление существующей электрической сети, связанное с подключением новых потребителей | J15: Замещение (обновление) электрической сети/повышение экономической эффективности (мероприятия, направленные на снижение эксплуатационных затрат) оказания услуг в сфере электроэнергетики | P15: Повышение надежности оказываемых услуг в сфере электроэнергетики | V15: Повышение качества оказываемых услуг в сфере электроэнергетики | AB15: Выполнение требований законодательства Российской Федерации, предписаний органов исполнительной власти, регламентов рынков электрической энергии | AH15: Обеспечение текущей деятельности в сфере электроэнергетики, в том числе развитие информационной инфраструктуры, хозяйственное обеспечение деятельности | AN15: Инвестиции, связанные с деятельностью, не относящейся к сфере электроэнергетики
D16: Наименование количественного показателя, соответствующего цели | F16: Наименование количественного показателя, соответствующего цели | H16: … | J16: показатель замены линий электропередачи | L16: показатель замены силовых (авто-) трансформаторов | N16: показатель замены выключателей | P16: Наименование количественного показателя, соответствующего цели | R16: Наименование количественного показателя, соответствующего цели | T16: … | V16: Наименование количественного показателя, соответствующего цели | X16: Наименование количественного показателя, соответствующего цели | Z16: … | AB16: Наименование количественного показателя, соответствующего цели | AD16: Наименование количественного показателя, соответствующего цели | AF16: … | AH16: Наименование количественного показателя, соответствующего цели | AJ16: Наименование количественного показателя, соответствующего цели | AL16: … | AN16: Наименование количественного показателя, соответствующего цели | AP16: Наименование количественного показателя, соответствующего цели | AR16: …
D17: План | E17: Факт | F17: План | G17: Факт | H17: План | I17: Факт | J17: План | K17: Факт | L17: План | M17: Факт | N17: План | O17: Факт | P17: План | Q17: Факт | R17: План | S17: Факт | T17: План | U17: Факт | V17: План | W17: Факт | X17: План | Y17: Факт | Z17: План | AA17: Факт | AB17: План | AC17: Факт | AD17: План | AE17: Факт | AF17: План | AG17: Факт | AH17: План | AI17: Факт | AJ17: План | AK17: Факт | AL17: План | AM17: Факт | AN17: План | AO17: Факт | AP17: План | AQ17: Факт | AR17: План | AS17: Факт
A18: 1 | B18: 2 | C18: 3 | D18: 4.1 | E18: 4.2 | F18: 4.3 | G18: 4.4 | H18: 4. … | I18: 4. … | J18: 5.1 | K18: 5.2 | L18: 5.3 | M18: 5.4 | N18: 5. … | O18: 5. … | P18: 6.1 | Q18: 6.2 | R18: 6.3 | S18: 6.4 | T18: 6. … | U18: 6. … | V18: 7.1 | W18: 7.2 | X18: 7.3 | Y18: 7.4 | Z18: 7. … | AA18: 7. … | AB18: 8.1 | AC18: 8.2 | AD18: 8.3 | AE18: 8.4 | AF18: 8. … | AG18: 8. … | AH18: 9.1 | AI18: 9.2 | AJ18: 9.3 | AK18: 9.4 | AL18: 9. … | AM18: 9. … | AN18: 10.1 | AO18: 10.2 | AP18: 10.3 | AQ18: 10.4 | AR18: 10. … | AS18: 10. …
A19: 0 | B19: ВСЕГО по инвестиционной программе, в том числе: | C19: Г | D19: =D20+D21+D23+D24+D25 -> 0 | E19: =E20+E21+E23+E24+E25 -> 0 | F19: =F20+F21+F23+F24+F25 -> 0 | G19: =G20+G21+G23+G24+G25 -> 0 | H19: =H20+H21+H23+H24+H25 -> 0 | I19: =I20+I21+I23+I24+I25 -> 0 | J19: =J20+J21+J23+J24+J25 -> 0.19 | K19: =K20+K21+K23+K24+K25 -> 2.784 | ... AS19: =AS20+AS21+AS23+AS24+AS25 -> 0
A20: 0.1 | B20: Технологическое присоединение, всего | C20: Г | D20: =D27 -> 0 | E20: =E27 -> 0 | F20: =F27 -> 0 | G20: =G27 -> 0 | H20: =H27 -> 0 | I20: =I27 -> 0 | J20: =J27 -> 0 | K20: =K27 -> 0 | ... AS20: =AS27 -> 0
A21: 0.2 | B21: Реконструкция, модернизация, техническое перевооружение, всего | C21: Г | D21: =D32 -> 0 | E21: =E32 -> 0 | F21: =F32 -> 0 | G21: =G32 -> 0 | H21: =H32 -> 0 | I21: =I32 -> 0 | J21: =J32 -> 0.19 | K21: =K32 -> 2.784 | ... AS21: =AS32 -> 0
A22: 0.3 | B22: Инвестиционные проекты, реализация которых обуславливается схемами и программами перспективного развития электроэнергетики, всего | C22: Г | D22: нд | E22: нд | F22: нд | G22: нд | H22: нд | I22: нд | J22: нд | K22: нд | L22: нд | M22: нд | N22: нд | O22: нд | P22: нд | Q22: нд | R22: нд | S22: нд | T22: нд | U22: нд | V22: нд | W22: нд | X22: нд | Y22: нд | Z22: нд | AA22: нд | AB22: нд | AC22: нд | AD22: нд | AE22: нд | AF22: нд | AG22: нд | AH22: нд | AI22: нд | AJ22: нд | AK22: нд | AL22: нд | AM22: нд | AN22: нд | AO22: нд | AP22: нд | AQ22: нд | AR22: нд | AS22: нд
A23: 0.4 | B23: Прочее новое строительство объектов электросетевого хозяйства, всего | C23: Г | D23: =D47 -> 0 | E23: =E47 -> 0 | F23: =F47 -> 0 | G23: =G47 -> 0 | H23: =H47 -> 0 | I23: =I47 -> 0 | J23: =J47 -> 0 | K23: =K47 -> 0 | ... AS23: =AS47 -> 0
A24: 0.5 | B24: Покупка земельных участков для целей реализации инвестиционных проектов, всего | C24: Г | D24: =D55 -> 0 | E24: =E55 -> 0 | F24: =F55 -> 0 | G24: =G55 -> 0 | H24: =H55 -> 0 | I24: =I55 -> 0 | J24: =J55 -> 0 | K24: =K55 -> 0 | ... AS24: =AS55 -> 0
A25: 0.6 | B25: Прочие инвестиционные проекты, всего | C25: Г | D25: =D56 -> 0 | E25: =E56 -> 0 | F25: =F56 -> 0 | G25: =G56 -> 0 | H25: =H56 -> 0 | I25: =I56 -> 0 | J25: =J56 -> 0 | K25: =K56 -> 0 | ... AS25: =AS56 -> 0
A26: 1 | B26: Вологодская область
A27: 1.1 | B27: Технологическое присоединение, всего, в том числе: | C27: Г | D27: =D28 -> 0 | E27: =E28 -> 0 | F27: =F28 -> 0 | G27: =G28 -> 0 | H27: =H28 -> 0 | I27: =I28 -> 0 | J27: =J28 -> 0 | K27: =K28 -> 0 | ... AS27: =AS28 -> 0
A28: 1.1.1 | B28: Технологическое присоединение энергопринимающих устройств потребителей, всего, в том числе: | C28: Г | D28: =D29+D30+D31 -> 0 | E28: =E29+E30+E31 -> 0 | F28: =F29+F30+F31 -> 0 | G28: =G29+G30+G31 -> 0 | H28: =H29+H30+H31 -> 0 | I28: =I29+I30+I31 -> 0 | J28: =J29+J30+J31 -> 0 | K28: =K29+K30+K31 -> 0 | ... AS28: =AS29+AS30+AS31 -> 0
A29: 1.1.1.1 | B29: Технологическое присоединение энергопринимающих устройств потребителей максимальной мощностью до 15 кВт включительно, всего | C29: Г | D29: 0 | E29: 0 | F29: 0 | G29: 0 | H29: 0 | I29: 0 | J29: 0 | K29: 0 | L29: 0 | M29: 0 | N29: 0 | O29: 0 | P29: 0 | Q29: 0 | R29: 0 | S29: 0 | T29: 0 | U29: 0 | V29: 0 | W29: 0 | X29: 0 | Y29: 0 | Z29: 0 | AA29: 0 | AB29: 0 | AC29: 0 | AD29: 0 | AE29: 0 | AF29: 0 | AG29: 0 | AH29: 0 | AI29: 0 | AJ29: 0 | AK29: 0 | AL29: 0 | AM29: 0 | AN29: 0 | AO29: 0 | AP29: 0 | AQ29: 0 | AR29: 0 | AS29: 0
A30: 1.1.1.2 | B30: Технологическое присоединение энергопринимающих устройств потребителей максимальной мощностью до 150 кВт включительно, всего | C30: Г | D30: 0 | E30: 0 | F30: 0 | G30: 0 | H30: 0 | I30: 0 | J30: 0 | K30: 0 | L30: 0 | M30: 0 | N30: 0 | O30: 0 | P30: 0 | Q30: 0 | R30: 0 | S30: 0 | T30: 0 | U30: 0 | V30: 0 | W30: 0 | X30: 0 | Y30: 0 | Z30: 0 | AA30: 0 | AB30: 0 | AC30: 0 | AD30: 0 | AE30: 0 | AF30: 0 | AG30: 0 | AH30: 0 | AI30: 0 | AJ30: 0 | AK30: 0 | AL30: 0 | AM30: 0 | AN30: 0 | AO30: 0 | AP30: 0 | AQ30: 0 | AR30: 0 | AS30: 0
A31: 1.1.1.3 | B31: Технологическое присоединение энергопринимающих устройств потребителей свыше 150 кВт, всего | C31: Г | D31: 0 | E31: 0 | F31: 0 | G31: 0 | H31: 0 | I31: 0 | J31: 0 | K31: 0 | L31: 0 | M31: 0 | N31: 0 | O31: 0 | P31: 0 | Q31: 0 | R31: 0 | S31: 0 | T31: 0 | U31: 0 | V31: 0 | W31: 0 | X31: 0 | Y31: 0 | Z31: 0 | AA31: 0 | AB31: 0 | AC31: 0 | AD31: 0 | AE31: 0 | AF31: 0 | AG31: 0 | AH31: 0 | AI31: 0 | AJ31: 0 | AK31: 0 | AL31: 0 | AM31: 0 | AN31: 0 | AO31: 0 | AP31: 0 | AQ31: 0 | AR31: 0 | AS31: 0
A32: 1.2 | B32: Реконструкция, модернизация, техническое перевооружение всего, в том числе: | C32: Г | D32: =D33+D35+D41 -> 0 | E32: =E33+E35+E41 -> 0 | F32: =F33+F35+F41 -> 0 | G32: =G33+G35+G41 -> 0 | H32: =H33+H35+H41 -> 0 | I32: =I33+I35+I41 -> 0 | J32: =J33+J35+J41 -> 0.19 | K32: =K33+K35+K41 -> 2.784 | L32: 0 | M32: =M33+M35+M41 -> 0 | N32: =N33+N35+N41 -> 0 | O32: =O33+O35+O41 -> 6 | P32: =P33+P35+P41 -> 0 | Q32: =Q33+Q35+Q41 -> 0 | R32: =R33+R35+R41 -> 0 | S32: =S33+S35+S41 -> 0 | T32: =T33+T35+T41 -> 0 | ... AS32: =AS33+AS35+AS41 -> 0
A33: 1.2.1 | B33: Реконструкция, модернизация, техническое перевооружение трансформаторных и иных подстанций, распределительных пунктов, всего, в том числе: | C33: Г | D33: =D34 -> 0 | E33: =E34 -> 0 | F33: =F34 -> 0 | G33: =G34 -> 0 | H33: =H34 -> 0 | I33: =I34 -> 0 | J33: =J34 -> 0 | K33: =K34 -> 0 | ... AS33: =AS34 -> 0
A34: 1.2.1.1 | B34: Реконструкция_ТП, РП, ПС. | C34: ЭD 1.2.1.1 | D34: 0 | E34: 0 | F34: 0 | G34: 0 | H34: 0 | I34: 0 | J34: 0 | K34: 0 | L34: 0 | M34: 0 | N34: 0 | O34: 6 | P34: 0 | Q34: 0 | R34: 0 | S34: 0 | T34: 0 | U34: 0 | V34: 0 | W34: 0 | X34: 0 | Y34: 0 | Z34: 0 | AA34: 0 | AB34: 0 | AC34: 0 | AD34: 0 | AE34: 0 | AF34: 0 | AG34: 0 | AH34: 0 | AI34: 0 | AJ34: 0 | AK34: 0 | AL34: 0 | AM34: 0 | AN34: 0 | AO34: 0 | AP34: 0 | AQ34: 0 | AR34: 0 | AS34: 0
A35: 1.2.2 | B35: Реконструкция, модернизация, техническое перевооружение линий электропередачи, всего, в том числе: | C35: Г | D35: =SUM(D36:D39) -> 0 | E35: =SUM(E36:E39) -> 0 | F35: =SUM(F36:F39) -> 0 | G35: =SUM(G36:G39) -> 0 | H35: =SUM(H36:H39) -> 0 | I35: =SUM(I36:I39) -> 0 | J35: =SUM(J36:J39) -> 0.19 | K35: =SUM(K36:K39) -> 2.784 | L35: 0 | M35: =SUM(M36:M39) -> 0 | N35: =SUM(N36:N39) -> 0 | O35: =SUM(O36:O39) -> 0 | P35: =SUM(P36:P39) -> 0 | Q35: =SUM(Q36:Q39) -> 0 | R35: =SUM(R36:R39) -> 0 | S35: =SUM(S36:S39) -> 0 | T35: =SUM(T36:T39) -> 0 | ... AS35: =SUM(AS36:AS39) -> 0
A36: 1.2.2.1 | B36: Реконструкция_Кабельные линии 0,4 кВ. | C36: ЭD 1.2.2.1 | D36: 0 | E36: 0 | F36: 0 | G36: 0 | H36: 0 | I36: 0 | J36: 0 | K36: 0.063 | L36: 0 | M36: 0 | N36: 0 | O36: 0 | P36: 0 | Q36: 0 | R36: 0 | S36: 0 | T36: 0 | U36: 0 | V36: 0 | W36: 0 | X36: 0 | Y36: 0 | Z36: 0 | AA36: 0 | AB36: 0 | AC36: 0 | AD36: 0 | AE36: 0 | AF36: 0 | AG36: 0 | AH36: 0 | AI36: 0 | AJ36: 0 | AK36: 0 | AL36: 0 | AM36: 0 | AN36: 0 | AO36: 0 | AP36: 0 | AQ36: 0 | AR36: 0 | AS36: 0
A37: 1.2.2.2 | B37: Реконструкция_Кабельные линии 6-10 кВ. | C37: ЭD 1.2.2.2 | D37: 0 | E37: 0 | F37: 0 | G37: 0 | H37: 0 | I37: 0 | J37: 0 | K37: 0 | L37: 0 | M37: 0 | N37: 0 | O37: 0 | P37: 0 | Q37: 0 | R37: 0 | S37: 0 | T37: 0 | U37: 0 | V37: 0 | W37: 0 | X37: 0 | Y37: 0 | Z37: 0 | AA37: 0 | AB37: 0 | AC37: 0 | AD37: 0 | AE37: 0 | AF37: 0 | AG37: 0 | AH37: 0 | AI37: 0 | AJ37: 0 | AK37: 0 | AL37: 0 | AM37: 0 | AN37: 0 | AO37: 0 | AP37: 0 | AQ37: 0 | AR37: 0 | AS37: 0
A38: 1.2.2.3 | B38: Реконструкция_ Воздушные линии 0,4 кВ. | C38: ЭD 1.2.2.3 | D38: 0 | E38: 0 | F38: 0 | G38: 0 | H38: 0 | I38: 0 | J38: 0.04 | K38: 2.721 | L38: 0 | M38: 0 | N38: 0 | O38: 0 | P38: 0 | Q38: 0 | R38: 0 | S38: 0 | T38: 0 | U38: 0 | V38: 0 | W38: 0 | X38: 0 | Y38: 0 | Z38: 0 | AA38: 0 | AB38: 0 | AC38: 0 | AD38: 0 | AE38: 0 | AF38: 0 | AG38: 0 | AH38: 0 | AI38: 0 | AJ38: 0 | AK38: 0 | AL38: 0 | AM38: 0 | AN38: 0 | AO38: 0 | AP38: 0 | AQ38: 0 | AR38: 0 | AS38: 0
A39: 1.2.2.4 | B39: Реконструкция_Воздушные линии 6-10 кВ. | C39: ЭD 1.2.2.4 | D39: 0 | E39: 0 | F39: 0 | G39: 0 | H39: 0 | I39: 0 | J39: 0.15 | K39: 0 | L39: 0 | M39: 0 | N39: 0 | O39: 0 | P39: 0 | Q39: 0 | R39: 0 | S39: 0 | T39: 0 | U39: 0 | V39: 0 | W39: 0 | X39: 0 | Y39: 0 | Z39: 0 | AA39: 0 | AB39: 0 | AC39: 0 | AD39: 0 | AE39: 0 | AF39: 0 | AG39: 0 | AH39: 0 | AI39: 0 | AJ39: 0 | AK39: 0 | AL39: 0 | AM39: 0 | AN39: 0 | AO39: 0 | AP39: 0 | AQ39: 0 | AR39: 0 | AS39: 0
A40: 1.2.3 | B40: Развитие и модернизация учета электрической энергии (мощности), всего, в том числе: | C40: Г | D40: нд | E40: нд | F40: нд | G40: нд | H40: нд | I40: нд | J40: нд | K40: нд | L40: нд | M40: нд | N40: нд | O40: нд | P40: нд | Q40: нд | R40: нд | S40: нд | T40: нд | U40: нд | V40: нд | W40: нд | X40: нд | Y40: нд | Z40: нд | AA40: нд | AB40: нд | AC40: нд | AD40: нд | AE40: нд | AF40: нд | AG40: нд | AH40: нд | AI40: нд | AJ40: нд | AK40: нд | AL40: нд | AM40: нд | AN40: нд | AO40: нд | AP40: нд | AQ40: нд | AR40: нд | AS40: нд
A41: 1.2.4 | B41: Реконструкция, модернизация, техническое перевооружение прочих объектов основных средств, всего, в том числе: | C41: Г | D41: =SUM(D42:D45) -> 0 | E41: =SUM(E42:E45) -> 0 | F41: =SUM(F42:F45) -> 0 | G41: =SUM(G42:G45) -> 0 | H41: =SUM(H42:H45) -> 0 | I41: =SUM(I42:I45) -> 0 | J41: =SUM(J42:J45) -> 0 | K41: =SUM(K42:K45) -> 0 | ... AS41: =SUM(AS42:AS45) -> 0
A42: 1.2.4.1 | B42: Реконструкция_Оборудование, инструмент, средства механизации | C42: ЭD 1.2.4.1 | D42: 0 | E42: 0 | F42: 0 | G42: 0 | H42: 0 | I42: 0 | J42: 0 | K42: 0 | L42: 0 | M42: 0 | N42: 0 | O42: 0 | P42: 0 | Q42: 0 | R42: 0 | S42: 0 | T42: 0 | U42: 0 | V42: 0 | W42: 0 | X42: 0 | Y42: 0 | Z42: 0 | AA42: 0 | AB42: 0 | AC42: 0 | AD42: 0 | AE42: 0 | AF42: 0 | AG42: 0 | AH42: 0 | AI42: 0 | AJ42: 0 | AK42: 0 | AL42: 0 | AM42: 0 | AN42: 0 | AO42: 0 | AP42: 0 | AQ42: 0 | AR42: 0 | AS42: 0
A43: 1.2.4.2 | B43: Реконструкция_Создание и модернизация систем телемеханики и связи, оргтехника, программное обеспечение | C43: ЭD 1.2.4.2 | D43: 0 | E43: 0 | F43: 0 | G43: 0 | H43: 0 | I43: 0 | J43: 0 | K43: 0 | L43: 0 | M43: 0 | N43: 0 | O43: 0 | P43: 0 | Q43: 0 | R43: 0 | S43: 0 | T43: 0 | U43: 0 | V43: 0 | W43: 0 | X43: 0 | Y43: 0 | Z43: 0 | AA43: 0 | AB43: 0 | AC43: 0 | AD43: 0 | AE43: 0 | AF43: 0 | AG43: 0 | AH43: 0 | AI43: 0 | AJ43: 0 | AK43: 0 | AL43: 0 | AM43: 0 | AN43: 0 | AO43: 0 | AP43: 0 | AQ43: 0 | AR43: 0 | AS43: 0
A44: 1.2.4.3 | B44: СКУД | C44: ЭD 1.2.4.3 | D44: 0 | E44: 0 | F44: 0 | G44: 0 | H44: 0 | I44: 0 | J44: 0 | K44: 0 | L44: 0 | M44: 0 | N44: 0 | O44: 0 | P44: 0 | Q44: 0 | R44: 0 | S44: 0 | T44: 0 | U44: 0 | V44: 0 | W44: 0 | X44: 0 | Y44: 0 | Z44: 0 | AA44: 0 | AB44: 0 | AC44: 0 | AD44: 0 | AE44: 0 | AF44: 0 | AG44: 0 | AH44: 0 | AI44: 0 | AJ44: 0 | AK44: 0 | AL44: 0 | AM44: 0 | AN44: 0 | AO44: 0 | AP44: 0 | AQ44: 0 | AR44: 0 | AS44: 0
A45: 1.2.4.3 | B45: Реконструкция_Силовые трансформаторы | C45: ЭD 1.2.4.3 | D45: 0 | E45: 0 | F45: 0 | G45: 0 | H45: 0 | I45: 0 | J45: 0 | K45: 0 | L45: 0 | M45: 0 | N45: 0 | O45: 0 | P45: 0 | Q45: 0 | R45: 0 | S45: 0 | T45: 0 | U45: 0 | V45: 0 | W45: 0 | X45: 0 | Y45: 0 | Z45: 0 | AA45: 0 | AB45: 0 | AC45: 0 | AD45: 0 | AE45: 0 | AF45: 0 | AG45: 0 | AH45: 0 | AI45: 0 | AJ45: 0 | AK45: 0 | AL45: 0 | AM45: 0 | AN45: 0 | AO45: 0 | AP45: 0 | AQ45: 0 | AR45: 0 | AS45: 0
A46: 1.3 | B46: Инвестиционные проекты, реализация которых обуславливается схемами и программами перспективного развития электроэнергетики, всего | C46: Г | D46: нд | E46: нд | F46: нд | G46: нд | H46: нд | I46: нд | J46: нд | K46: нд | L46: нд | M46: нд | N46: нд | O46: нд | P46: нд | Q46: нд | R46: нд | S46: нд | T46: нд | U46: нд | V46: нд | W46: нд | X46: нд | Y46: нд | Z46: нд | AA46: нд | AB46: нд | AC46: нд | AD46: нд | AE46: нд | AF46: нд | AG46: нд | AH46: нд | AI46: нд | AJ46: нд | AK46: нд | AL46: нд | AM46: нд | AN46: нд | AO46: нд | AP46: нд | AQ46: нд | AR46: нд | AS46: нд
A47: 1.4 | B47: Прочее новое строительство объектов электросетевого хозяйства, всего, в том числе: | C47: Г | D47: =D48+D51+D52+D53+D54+D50 -> 0 | E47: =E48+E51+E52+E53+E54+E50 -> 0 | F47: =F48+F51+F52+F53+F54+F50 -> 0 | G47: =G48+G51+G52+G53+G54+G50 -> 0 | H47: =H48+H51+H52+H53+H54+H50 -> 0 | I47: =I48+I51+I52+I53+I54+I50 -> 0 | J47: =J48+J51+J52+J53+J54+J50 -> 0 | K47: =K48+K51+K52+K53+K54+K50 -> 0 | ... AS47: =AS48+AS51+AS52+AS53+AS54+AS50 -> 0
A48: 1.4.1 | B48: Энергосбережение и повышение энергетической эффективности | C48: ЭD 1.4.1 | D48: 0 | E48: 0 | F48: 0 | G48: 0 | H48: 0 | I48: 0 | J48: 0 | K48: 0 | L48: 0 | M48: 0 | N48: 0 | O48: 0 | P48: 0 | Q48: 0 | R48: 0 | S48: 0 | T48: 0 | U48: 0 | V48: 0 | W48: 0 | X48: 0 | Y48: 0 | Z48: 0 | AA48: 0 | AB48: 0 | AC48: 0 | AD48: 0 | AE48: 0 | AF48: 0 | AG48: 0 | AH48: 0 | AI48: 0 | AJ48: 0 | AK48: 0 | AL48: 0 | AM48: 0 | AN48: 0 | AO48: 0 | AP48: 0 | AQ48: 0 | AR48: 0 | AS48: 0
A49: 1.4.1.1 | B49: АИИС КУЭ | C49: ЭD 1.4.1.1 | D49: 0 | E49: 0 | F49: 0 | G49: 0 | H49: 0 | I49: 0 | J49: 0 | K49: 0 | L49: 0 | M49: 0 | N49: 0 | O49: 0 | P49: 0 | Q49: 0 | R49: 0 | S49: 0 | T49: 0 | U49: 0 | V49: 0 | W49: 0 | X49: 0 | Y49: 0 | Z49: 0 | AA49: 0 | AB49: 0 | AC49: 0 | AD49: 0 | AE49: 0 | AF49: 0 | AG49: 0 | AH49: 0 | AI49: 0 | AJ49: 0 | AK49: 0 | AL49: 0 | AM49: 0 | AN49: 0 | AO49: 0 | AP49: 0 | AQ49: 0 | AR49: 0 | AS49: 0
A50: 1.4.2 | B50: Новое строительство_РТП, РП, ТП, ПС | C50: ЭD 1.4.2 | D50: 0 | E50: 0 | F50: 0 | G50: 0 | H50: 0 | I50: 0 | J50: 0 | K50: 0 | L50: 0 | M50: 0.918 | N50: 0 | O50: 0 | P50: 0 | Q50: 0 | R50: 0 | S50: 0 | T50: 0 | U50: 0 | V50: 0 | W50: 0 | X50: 0 | Y50: 0 | Z50: 0 | AA50: 0 | AB50: 0 | AC50: 0 | AD50: 0 | AE50: 0 | AF50: 0 | AG50: 0 | AH50: 0 | AI50: 0 | AJ50: 0 | AK50: 0 | AL50: 0 | AM50: 0 | AN50: 0 | AO50: 0 | AP50: 0 | AQ50: 0 | AR50: 0 | AS50: 0
A51: 1.4.2 | B51: Новое строительство_Кабельные линии 6-10 кВ. | C51: ЭD 1.4.2 | D51: 0 | E51: 0 | F51: 0 | G51: 0 | H51: 0 | I51: 0 | J51: 0 | K51: 0 | L51: 0.4 | M51: 0 | N51: 0 | O51: 0 | P51: 0 | Q51: 0 | R51: 0 | S51: 0 | T51: 0 | U51: 0 | V51: 0 | W51: 0 | X51: 0 | Y51: 0 | Z51: 0 | AA51: 0 | AB51: 0 | AC51: 0 | AD51: 0 | AE51: 0 | AF51: 0 | AG51: 0 | AH51: 0 | AI51: 0 | AJ51: 0 | AK51: 0 | AL51: 0 | AM51: 0 | AN51: 0 | AO51: 0 | AP51: 0 | AQ51: 0 | AR51: 0 | AS51: 0
A52: 1.4.3 | B52: Новое строительство_Воздушные линии 0,4 кВ. | C52: ЭD 1.4.3 | D52: 0 | E52: 0 | F52: 0 | G52: 0 | H52: 0 | I52: 0 | J52: 0 | K52: 0 | L52: 0.57 | M52: 0 | N52: 0 | O52: 0 | P52: 0 | Q52: 0 | R52: 0 | S52: 0 | T52: 0 | U52: 0 | V52: 0 | W52: 0 | X52: 0 | Y52: 0 | Z52: 0 | AA52: 0 | AB52: 0 | AC52: 0 | AD52: 0 | AE52: 0 | AF52: 0 | AG52: 0 | AH52: 0 | AI52: 0 | AJ52: 0 | AK52: 0 | AL52: 0 | AM52: 0 | AN52: 0 | AO52: 0 | AP52: 0 | AQ52: 0 | AR52: 0 | AS52: 0
A53: 1.4.4 | B53: Новое строительство_ Воздушные линии 6-10 кВ. | C53: ЭD 1.4.4 | D53: 0 | E53: 0 | F53: 0 | G53: 0 | H53: 0 | I53: 0 | J53: 0 | K53: 0 | L53: 0.1 | M53: 0 | N53: 0 | O53: 0 | P53: 0 | Q53: 0 | R53: 0 | S53: 0 | T53: 0 | U53: 0 | V53: 0 | W53: 0 | X53: 0 | Y53: 0 | Z53: 0 | AA53: 0 | AB53: 0 | AC53: 0 | AD53: 0 | AE53: 0 | AF53: 0 | AG53: 0 | AH53: 0 | AI53: 0 | AJ53: 0 | AK53: 0 | AL53: 0 | AM53: 0 | AN53: 0 | AO53: 0 | AP53: 0 | AQ53: 0 | AR53: 0 | AS53: 0
A54: 1.4.5 | B54: Новое строительство_Кабельные линии 0,4кВ | C54: ЭD 1.4.5 | D54: 0 | E54: 0 | F54: 0 | G54: 0 | H54: 0 | I54: 0 | J54: 0 | K54: 0 | L54: 0.57 | M54: 0 | N54: 0 | O54: 0 | P54: 0 | Q54: 0 | R54: 0 | S54: 0 | T54: 0 | U54: 0 | V54: 0 | W54: 0 | X54: 0 | Y54: 0 | Z54: 0 | AA54: 0 | AB54: 0 | AC54: 0 | AD54: 0 | AE54: 0 | AF54: 0 | AG54: 0 | AH54: 0 | AI54: 0 | AJ54: 0 | AK54: 0 | AL54: 0 | AM54: 0 | AN54: 0 | AO54: 0 | AP54: 0 | AQ54: 0 | AR54: 0 | AS54: 0
A55: 1.5 | B55: Покупка земельных участков для целей реализации инвестиционных проектов, всего | C55: Г
A56: 1.6 | B56: Прочие инвестиционные проекты, всего, в том числе: | C56: Г | D56: =SUM(D57:D58) -> 0 | E56: =SUM(E57:E58) -> 0 | F56: =SUM(F57:F58) -> 0 | G56: =SUM(G57:G58) -> 0 | H56: =SUM(H57:H58) -> 0 | I56: =SUM(I57:I58) -> 0 | J56: =SUM(J57:J58) -> 0 | K56: =SUM(K57:K58) -> 0 | ... AS56: =SUM(AS57:AS58) -> 0
A57: 1.6.1 | B57: Приобретение автотранспорта и спецтехники | C57: ЭD 1.6.1 | D57: 0 | E57: 0 | F57: 0 | G57: 0 | H57: 0 | I57: 0 | J57: 0 | K57: 0 | L57: 0 | M57: 0 | N57: 0 | O57: 0 | P57: 0 | Q57: 0 | R57: 0 | S57: 0 | T57: 0 | U57: 0 | V57: 0 | W57: 0 | X57: 0 | Y57: 0 | Z57: 0 | AA57: 0 | AB57: 0 | AC57: 0 | AD57: 0 | AE57: 0 | AF57: 0 | AG57: 0 | AH57: 0 | AI57: 0 | AJ57: 0 | AK57: 0 | AL57: 0 | AM57: 0 | AN57: 0 | AO57: 0 | AP57: 0 | AQ57: 0 | AR57: 0 | AS57: 0
A58: 1.6.2 | B58: Приобретение основных средств | C58: ЭD 1.6.2 | D58: 0 | E58: 0 | F58: 0 | G58: 0 | H58: 0 | I58: 0 | J58: 0 | K58: 0 | L58: 0 | M58: 0 | N58: 0 | O58: 0 | P58: 0 | Q58: 0 | R58: 0 | S58: 0 | T58: 0 | U58: 0 | V58: 0 | W58: 0 | X58: 0 | Y58: 0 | Z58: 0 | AA58: 0 | AB58: 0 | AC58: 0 | AD58: 0 | AE58: 0 | AF58: 0 | AG58: 0 | AH58: 0 | AI58: 0 | AJ58: 0 | AK58: 0 | AL58: 0 | AM58: 0 | AN58: 0 | AO58: 0 | AP58: 0 | AQ58: 0 | AR58: 0 | AS58: 0

Sheet 17
BC1: Приложение № 17
AX2: к приказу Минэнерго России от 25 апреля 2018 г. № 320
A3: Форма 17. Отчет об исполнении основных этапов работ по инвестиционным проектам инвестиционной программы (квартальный)
U4: за | V4: ='10'!$G$4 -> 1 | X4: квартал | Z4: ='10'!$J$4 -> 2020 | AB4: года
V6: Отчет о реализации инвестиционной программы | W6: ='10'!$G$6 -> АО «Вологодская областная энергетическая компания»
W7: полное наименование субъекта электроэнергетики
Y9: Год раскрытия информации: | Z9: ='10'!$J$9 -> 2020 | AB9: год
X11: Утвержденные плановые значения показателей приведены в соответствии с | Y11: ='10'!$E$11 -> приказом ДЕПАРТАМЕНТА ТОПЛИВНО-ЭНЕРГЕТИЧЕСКОГО КОМПЛЕКСА И ТАРИФНОГО РЕГУЛИРОВАНИЯ ВОЛОГОДСКОЙ ОБЛАСТИ "Об утверждении инвестиционной программы АО «Вологодская областная энергетическая компания» на 2020-2024 годы" от 30 октября 2019 года" № 160
Y12: реквизиты решения органа исполнительной власти, утвердившего инвестиционную программу
A14: Номер группы инвести-ционных проектов | B14: Наименование инвестиционного проекта (группы инвестиционных проектов) | C14: Идентификатор инвестиционного проекта | D14: Финансирование капитальных вложений 2020 года млн. рублей (с НДС) | AD14: Освоение капитальных вложений 2020 года млн. рублей (без НДС)
D15: План | E15: Факт | AD15: План | AE15: Факт
D16: Всего | E16: Всего | J16: I квартал | O16: II квартал | T16: III квартал | Y16: IV квартал | AD16: Всего | AE16: Всего | AJ16: I квартал | AO16: II квартал | AT16: III квартал | AY16: IV квартал
E17: Всего, в том числе: | F17: проектно-изыскательские работы | G17: строительные работы, реконструкция, монтаж оборудования | H17: оборудование и материалы | I17: прочие затраты | J17: Всего, в том числе: | K17: проектно-изыскательские работы | L17: строительные работы, реконструкция, монтаж оборудования | M17: оборудование и материалы | N17: прочие затраты | O17: Всего, в том числе: | P17: проектно-изыскательские работы | Q17: строительные работы, реконструкция, монтаж оборудования | R17: оборудование и материалы | S17: прочие затраты | T17: Всего, в том числе: | U17: проектно-изыскательские работы | V17: строительные работы, реконструкция, монтаж оборудования | W17: оборудование и материалы | X17: прочие затраты | Y17: Всего, в том числе: | Z17: проектно-изыскательские работы | AA17: строительные работы, реконструкция, монтаж оборудования | AB17: оборудование и материалы | AC17: прочие затраты | AE17: Всего, в том числе: | AF17: проектно-изыскательские работы | AG17: строительные работы, реконструкция, монтаж оборудования | AH17: оборудование и материалы | AI17: прочие затраты | AJ17: Всего, в том числе: | AK17: проектно-изыскательские работы | AL17: строительные работы, реконструкция, монтаж оборудования | AM17: оборудование и материалы | AN17: прочие затраты | AO17: Всего, в том числе: | AP17: проектно-изыскательские работы | AQ17: строительные работы, реконструкция, монтаж оборудования | AR17: оборудование и материалы | AS17: прочие затраты | AT17: Всего, в том числе: | AU17: проектно-изыскательские работы | AV17: строительные работы, реконструкция, монтаж оборудования | AW17: оборудование и материалы | AX17: прочие затраты | AY17: Всего, в том числе: | AZ17: проектно-изыскательские работы | BA17: строительные работы, реконструкция, монтаж оборудования | BB17: оборудование и материалы | BC17: прочие затраты
A18: 1 | B18: 2 | C18: 3 | D18: 4 | E18: 5.1 | F18: 5.2 | G18: 5.3 | H18: 5.4 | I18: 5.5 | J18: 5.1.1 | K18: 5.1.2 | L18: 5.1.3 | M18: 5.1.4 | N18: 5.1.5 | O18: 5.2.1 | P18: 5.2.2 | Q18: 5.2.3 | R18: 5.2.4 | S18: 5.2.5 | T18: 5.3.1 | U18: 5.3.2 | V18: 5.3.3 | W18: 5.3.4 | X18: 5.3.5 | Y18: 5.4.1 | Z18: 5.4.2 | AA18: 5.4.3 | AB18: 5.4.4 | AC18: 5.4.5 | AD18: 6 | AE18: 7.1 | AF18: 7.2 | AG18: 7.3 | AH18: 7.4 | AI18: 7.5 | AJ18: 7.1.1 | AK18: 7.1.2 | AL18: 7.1.3 | AM18: 7.1.4 | AN18: 7.1.5 | AO18: 7.2.1 | AP18: 7.2.2 | AQ18: 7.2.3 | AR18: 7.2.4 | AS18: 7.2.5 | AT18: 7.3.1 | AU18: 7.3.2 | AV18: 7.3.3 | AW18: 7.3.4 | AX18: 7.3.5 | AY18: 7.4.1 | AZ18: 7.4.2 | BA18: 7.4.3 | BB18: 7.4.4 | BC18: 7.4.5
A19: 0 | B19: ВСЕГО по инвестиционной программе, в том числе: | C19: Г | D19: ='10'!G18 -> 51.823308 | E19: =J19+O19+T19+Y19 -> 127.56202 | F19: =K19+P19+U19+Z19 -> 12.072339 | G19: =L19+Q19+V19+AA19 -> 48.289355 | H19: =M19+R19+W19+AB19 -> 62.195877 | I19: =N19+S19+X19+AC19 -> 5.004448 | J19: ='10'!J18 -> 127.56202 | K19: =K20+K21+K23+K24+K25 -> 12.072339 | L19: =L20+L21+L23+L24+L25 -> 48.289355 | M19: =M20+M21+M23+M24+M25 -> 62.195877 | N19: =N20+N21+N23+N24+N25 -> 5.004448 | O19: ='10'!L18 -> 0 | P19: =P20+P21+P23+P24+P25 -> 0 | Q19: =Q20+Q21+Q23+Q24+Q25 -> 0 | R19: =R20+R21+R23+R24+R25 -> 0 | S19: =S20+S21+S23+S24+S25 -> 0 | T19: ='10'!N18 -> 0 | U19: =U20+U21+U23+U24+U25 -> 0 | V19: =V20+V21+V23+V24+V25 -> 0 | W19: =W20+W21+W23+W24+W25 -> 0 | X19: =X20+X21+X23+X24+X25 -> 0 | Y19: ='10'!P18 -> 0 | Z19: =Z20+Z21+Z23+Z24+Z25 -> 0 | AA19: =AA20+AA21+AA23+AA24+AA25 -> 0 | AB19: =AB20+AB21+AB23+AB24+AB25 -> 0 | AC19: =AC20+AC21+AC23+AC24+AC25 -> 0 | AD19: =AD20+AD21+AD23+AD24+AD25 -> 43.18609 | AE19: =AJ19+AO19+AT19+AY19 -> 106.30168 | AF19: =AK19+AP19+AU19+AZ19 -> 10.060282 | AG19: =AL19+AQ19+AV19+BA19 -> 40.241129 | AH19: =AM19+AR19+AW19+BB19 -> 51.829897 | AI19: =AN19+AS19+AX19+BC19 -> 4.1703733 | AJ19: =AJ20+AJ21+AJ23+AJ24+AJ25 -> 106.30168 | AK19: =AK20+AK21+AK23+AK24+AK25 -> 10.060282 | AL19: =AL20+AL21+AL23+AL24+AL25 -> 40.241129 | AM19: =AM20+AM21+AM23+AM24+AM25 -> 51.829897 | AN19: =AN20+AN21+AN23+AN24+AN25 -> 4.1703733 | AO19: =AO20+AO21+AO23+AO24+AO25 -> 0 | AP19: =AP20+AP21+AP23+AP24+AP25 -> 0 | AQ19: =AQ20+AQ21+AQ23+AQ24+AQ25 -> 0 | ... BC19: =BC20+BC21+BC23+BC24+BC25 -> 0
A20: 0.1 | B20: Технологическое присоединение, всего | C20: Г | D20: ='10'!G19 -> 31.494161 | E20: =J20+O20+T20+Y20 -> 78.870852 | F20: =K20+P20+U20+Z20 -> 7.8870852 | G20: =L20+Q20+V20+AA20 -> 31.548341 | H20: =M20+R20+W20+AB20 -> 39.435426 | I20: =N20+S20+X20+AC20 -> 0 | J20: ='10'!J19 -> 78.870852 | K20: =K27 -> 7.8870852 | L20: =L27 -> 31.548341 | M20: =M27 -> 39.435426 | N20: =N27 -> 0 | O20: ='10'!L19 -> 0 | P20: =P27 -> 0 | Q20: =Q27 -> 0 | R20: =R27 -> 0 | S20: =S27 -> 0 | T20: ='10'!N19 -> 0 | U20: =U27 -> 0 | V20: =V27 -> 0 | W20: =W27 -> 0 | X20: =X27 -> 0 | Y20: ='10'!P19 -> 0 | Z20: =Z27 -> 0 | AA20: =AA27 -> 0 | AB20: =AB27 -> 0 | AC20: =AC27 -> 0 | AD20: =AD27 -> 26.245134 | AE20: =AJ20+AO20+AT20+AY20 -> 65.72571 | AF20: =AK20+AP20+AU20+AZ20 -> 6.572571 | AG20: =AL20+AQ20+AV20+BA20 -> 26.290284 | AH20: =AM20+AR20+AW20+BB20 -> 32.862855 | AI20: =AN20+AS20+AX20+BC20 -> 0 | AJ20: =AJ27 -> 65.72571 | AK20: =AK27 -> 6.572571 | AL20: =AL27 -> 26.290284 | AM20: =AM27 -> 32.862855 | AN20: =AN27 -> 0 | AO20: =AO27 -> 0 | AP20: =AP27 -> 0 | AQ20: =AQ27 -> 0 | ... BC20: =BC27 -> 0
A21: 0.2 | B21: Реконструкция, модернизация, техническое перевооружение, всего | C21: Г | D21: ='10'!G20 -> 15.976871 | E21: =J21+O21+T21+Y21 -> 7.8638382 | F21: =K21+P21+U21+Z21 -> 0.60296544 | G21: =L21+Q21+V21+AA21 -> 2.4118618 | H21: =M21+R21+W21+AB21 -> 4.849011 | I21: =N21+S21+X21+AC21 -> 0 | J21: ='10'!J20 -> 7.8638382 | K21: =K32 -> 0.60296544 | L21: =L32 -> 2.4118618 | M21: =M32 -> 4.849011 | N21: =N32 -> 0 | O21: ='10'!L20 -> 0 | P21: =P32 -> 0 | Q21: =Q32 -> 0 | R21: =R32 -> 0 | S21: =S32 -> 0 | T21: ='10'!N20 -> 0 | U21: =U32 -> 0 | V21: =V32 -> 0 | W21: =W32 -> 0 | X21: =X32 -> 0 | Y21: ='10'!P20 -> 0 | Z21: =Z32 -> 0 | AA21: =AA32 -> 0 | AB21: =AB32 -> 0 | AC21: =AC32 -> 0 | AD21: =AD32 -> 13.31406 | AE21: =AJ21+AO21+AT21+AY21 -> 6.5531985 | AF21: =AK21+AP21+AU21+AZ21 -> 0.5024712 | AG21: =AL21+AQ21+AV21+BA21 -> 2.0098848 | AH21: =AM21+AR21+AW21+BB21 -> 4.0408425 | AI21: =AN21+AS21+AX21+BC21 -> 0 | AJ21: =AJ32 -> 6.5531985 | AK21: =AK32 -> 0.5024712 | AL21: =AL32 -> 2.0098848 | AM21: =AM32 -> 4.0408425 | AN21: =AN32 -> 0 | AO21: =AO32 -> 0 | AP21: =AP32 -> 0 | AQ21: =AQ32 -> 0 | ... BC21: =BC32 -> 0
A22: 0.3 | B22: Инвестиционные проекты, реализация которых обуславливается схемами и программами перспективного развития электроэнергетики, всего | C22: Г | D22: ='10'!G21 -> нд | E22: нд | F22: нд | G22: нд | H22: нд | I22: нд | J22: ='10'!J21 -> нд | K22: нд | L22: нд | M22: нд | N22: нд | O22: ='10'!L21 -> нд | P22: нд | Q22: нд | R22: нд | S22: нд | T22: ='10'!N21 -> нд | U22: нд | V22: нд | W22: нд | X22: нд | Y22: ='10'!P21 -> нд | Z22: нд | AA22: нд | AB22: нд | AC22: нд | AD22: нд | AE22: нд | AF22: нд | AG22: нд | AH22: нд | AI22: нд | AJ22: нд | AK22: нд | AL22: нд | AM22: нд | AN22: нд | AO22: нд | AP22: нд | AQ22: нд | AR22: нд | AS22: нд | AT22: нд | AU22: нд | AV22: нд | AW22: нд | AX22: нд | AY22: нд | AZ22: нд | BA22: нд | BB22: нд | BC22: нд
A23: 0.4 | B23: Прочее новое строительство объектов электросетевого хозяйства, всего | C23: Г | D23: ='10'!G22 -> 3.6898757 | E23: =J23+O23+T23+Y23 -> 35.82288 | F23: =K23+P23+U23+Z23 -> 3.582288 | G23: =L23+Q23+V23+AA23 -> 14.329152 | H23: =M23+R23+W23+AB23 -> 17.91144 | I23: =N23+S23+X23+AC23 -> 0 | J23: ='10'!J22 -> 35.82288 | K23: =K47 -> 3.582288 | L23: =L47 -> 14.329152 | M23: =M47 -> 17.91144 | N23: =N47 -> 0 | O23: ='10'!L22 -> 0 | P23: =P47 -> 0 | Q23: =Q47 -> 0 | R23: =R47 -> 0 | S23: =S47 -> 0 | T23: ='10'!N22 -> 0 | U23: =U47 -> 0 | V23: =V47 -> 0 | W23: =W47 -> 0 | X23: =X47 -> 0 | Y23: ='10'!P22 -> 0 | Z23: =Z47 -> 0 | AA23: =AA47 -> 0 | AB23: =AB47 -> 0 | AC23: =AC47 -> 0 | AD23: =AD47 -> 3.0748964 | AE23: =AJ23+AO23+AT23+AY23 -> 29.8524 | AF23: =AK23+AP23+AU23+AZ23 -> 2.98524 | AG23: =AL23+AQ23+AV23+BA23 -> 11.94096 | AH23: =AM23+AR23+AW23+BB23 -> 14.9262 | AI23: =AN23+AS23+AX23+BC23 -> 0 | AJ23: =AJ47 -> 29.8524 | AK23: =AK47 -> 2.98524 | AL23: =AL47 -> 11.94096 | AM23: =AM47 -> 14.9262 | AN23: =AN47 -> 0 | AO23: =AO47 -> 0 | AP23: =AP47 -> 0 | AQ23: =AQ47 -> 0 | ... BC23: =BC47 -> 0
A24: 0.5 | B24: Покупка земельных участков для целей реализации инвестиционных проектов, всего | C24: Г | D24: ='10'!G23 -> 0 | E24: =J24+O24+T24+Y24 -> 0 | F24: =K24+P24+U24+Z24 -> 0 | G24: =L24+Q24+V24+AA24 -> 0 | H24: =M24+R24+W24+AB24 -> 0 | I24: =N24+S24+X24+AC24 -> 0 | J24: ='10'!J23 -> 0 | K24: =K55 -> 0 | L24: =L55 -> 0 | M24: =M55 -> 0 | N24: =N55 -> 0 | O24: ='10'!L23 -> 0 | P24: =P55 -> 0 | Q24: =Q55 -> 0 | R24: =R55 -> 0 | S24: =S55 -> 0 | T24: ='10'!N23 -> 0 | U24: =U55 -> 0 | V24: =V55 -> 0 | W24: =W55 -> 0 | X24: =X55 -> 0 | Y24: ='10'!P23 -> 0 | Z24: =Z55 -> 0 | AA24: =AA55 -> 0 | AB24: =AB55 -> 0 | AC24: =AC55 -> 0 | AD24: =AD55 -> 0 | AE24: =AJ24+AO24+AT24+AY24 -> 0 | AF24: =AK24+AP24+AU24+AZ24 -> 0 | AG24: =AL24+AQ24+AV24+BA24 -> 0 | AH24: =AM24+AR24+AW24+BB24 -> 0 | AI24: =AN24+AS24+AX24+BC24 -> 0 | AJ24: =AJ55 -> 0 | AK24: =AK55 -> 0 | AL24: =AL55 -> 0 | AM24: =AM55 -> 0 | AN24: =AN55 -> 0 | AO24: =AO55 -> 0 | AP24: =AP55 -> 0 | AQ24: =AQ55 -> 0 | ... BC24: =BC55 -> 0
A25: 0.6 | B25: Прочие инвестиционные проекты, всего | C25: Г | D25: ='10'!G24 -> 0.6624 | E25: =J25+O25+T25+Y25 -> 5.004448 | F25: =K25+P25+U25+Z25 -> 0 | G25: =L25+Q25+V25+AA25 -> 0 | H25: =M25+R25+W25+AB25 -> 0 | I25: =N25+S25+X25+AC25 -> 5.004448 | J25: ='10'!J24 -> 5.004448 | K25: =K56 -> 0 | L25: =L56 -> 0 | M25: =M56 -> 0 | N25: =N56 -> 5.004448 | O25: ='10'!L24 -> 0 | P25: =P56 -> 0 | Q25: =Q56 -> 0 | R25: =R56 -> 0 | S25: =S56 -> 0 | T25: ='10'!N24 -> 0 | U25: =U56 -> 0 | V25: =V56 -> 0 | W25: =W56 -> 0 | X25: =X56 -> 0 | Y25: ='10'!P24 -> 0 | Z25: =Z56 -> 0 | AA25: =AA56 -> 0 | AB25: =AB56 -> 0 | AC25: =AC56 -> 0 | AD25: =AD56 -> 0.552 | AE25: =AJ25+AO25+AT25+AY25 -> 4.1703733 | AF25: =AK25+AP25+AU25+AZ25 -> 0 | AG25: =AL25+AQ25+AV25+BA25 -> 0 | AH25: =AM25+AR25+AW25+BB25 -> 0 | AI25: =AN25+AS25+AX25+BC25 -> 4.1703733 | AJ25: =AJ56 -> 4.1703733 | AK25: =AK56 -> 0 | AL25: =AL56 -> 0 | AM25: =AM56 -> 0 | AN25: =AN56 -> 4.1703733 | AO25: =AO56 -> 0 | AP25: =AP56 -> 0 | AQ25: =AQ56 -> 0 | ... BC25: =BC56 -> 0
A26: 1 | B26: Вологодская область | D26: ='10'!G25 -> 0 | E26: =J26+O26+T26+Y26 -> 0 | F26: =K26+P26+U26+Z26 -> 0 | G26: =L26+Q26+V26+AA26 -> 0 | H26: =M26+R26+W26+AB26 -> 0 | I26: =N26+S26+X26+AC26 -> 0 | J26: ='10'!J25 -> 0 | O26: ='10'!L25 -> 0 | T26: ='10'!N25 -> 0 | Y26: ='10'!P25 -> 0 | AE26: =AJ26+AO26+AT26+AY26 -> 0 | AF26: =AK26+AP26+AU26+AZ26 -> 0 | AG26: =AL26+AQ26+AV26+BA26 -> 0 | AH26: =AM26+AR26+AW26+BB26 -> 0 | AI26: =AN26+AS26+AX26+BC26 -> 0
A27: 1.1 | B27: Технологическое присоединение, всего, в том числе: | C27: Г | D27: ='10'!G26 -> 31.494161 | E27: =J27+O27+T27+Y27 -> 78.870852 | F27: =K27+P27+U27+Z27 -> 7.8870852 | G27: =L27+Q27+V27+AA27 -> 31.548341 | H27: =M27+R27+W27+AB27 -> 39.435426 | I27: =N27+S27+X27+AC27 -> 0 | J27: ='10'!J26 -> 78.870852 | K27: =K28 -> 7.8870852 | L27: =L28 -> 31.548341 | M27: =M28 -> 39.435426 | N27: =N28 -> 0 | O27: ='10'!L26 -> 0 | P27: =P28 -> 0 | Q27: =Q28 -> 0 | R27: =R28 -> 0 | S27: =S28 -> 0 | T27: ='10'!N26 -> 0 | U27: =U28 -> 0 | V27: =V28 -> 0 | W27: =W28 -> 0 | X27: =X28 -> 0 | Y27: ='10'!P26 -> 0 | Z27: =Z28 -> 0 | AA27: =AA28 -> 0 | AB27: =AB28 -> 0 | AC27: =AC28 -> 0 | AD27: =AD28 -> 26.245134 | AE27: =AJ27+AO27+AT27+AY27 -> 65.72571 | AF27: =AK27+AP27+AU27+AZ27 -> 6.572571 | AG27: =AL27+AQ27+AV27+BA27 -> 26.290284 | AH27: =AM27+AR27+AW27+BB27 -> 32.862855 | AI27: =AN27+AS27+AX27+BC27 -> 0 | AJ27: =AJ28 -> 65.72571 | AK27: =AK28 -> 6.572571 | AL27: =AL28 -> 26.290284 | AM27: =AM28 -> 32.862855 | AN27: =AN28 -> 0 | AO27: =AO28 -> 0 | AP27: =AP28 -> 0 | AQ27: =AQ28 -> 0 | ... BC27: =BC28 -> 0
A28: 1.1.1 | B28: Технологическое присоединение энергопринимающих устройств потребителей, всего, в том числе: | C28: Г | D28: ='10'!G27 -> 31.494161 | E28: =J28+O28+T28+Y28 -> 78.870852 | F28: =K28+P28+U28+Z28 -> 7.8870852 | G28: =L28+Q28+V28+AA28 -> 31.548341 | H28: =M28+R28+W28+AB28 -> 39.435426 | I28: =N28+S28+X28+AC28 -> 0 | J28: ='10'!J27 -> 78.870852 | K28: =SUM(K29:K31) -> 7.8870852 | L28: =SUM(L29:L31) -> 31.548341 | M28: =SUM(M29:M31) -> 39.435426 | N28: =SUM(N29:N31) -> 0 | O28: ='10'!L27 -> 0 | P28: =SUM(P29:P31) -> 0 | Q28: =SUM(Q29:Q31) -> 0 | R28: =SUM(R29:R31) -> 0 | S28: =SUM(S29:S31) -> 0 | T28: ='10'!N27 -> 0 | U28: =SUM(U29:U31) -> 0 | V28: =SUM(V29:V31) -> 0 | W28: =SUM(W29:W31) -> 0 | X28: =SUM(X29:X31) -> 0 | Y28: ='10'!P27 -> 0 | Z28: =SUM(Z29:Z31) -> 0 | AA28: =SUM(AA29:AA31) -> 0 | AB28: =SUM(AB29:AB31) -> 0 | AC28: =SUM(AC29:AC31) -> 0 | AD28: =AD29+AD30+AD31 -> 26.245134 | AE28: =AJ28+AO28+AT28+AY28 -> 65.72571 | AF28: =AK28+AP28+AU28+AZ28 -> 6.572571 | AG28: =AL28+AQ28+AV28+BA28 -> 26.290284 | AH28: =AM28+AR28+AW28+BB28 -> 32.862855 | AI28: =AN28+AS28+AX28+BC28 -> 0 | AJ28: =AJ29+AJ30+AJ31 -> 65.72571 | AK28: =SUM(AK29:AK31) -> 6.572571 | AL28: =SUM(AL29:AL31) -> 26.290284 | AM28: =SUM(AM29:AM31) -> 32.862855 | AN28: =SUM(AN29:AN31) -> 0 | AO28: =AO29+AO30+AO31 -> 0 | AP28: =SUM(AP29:AP31) -> 0 | AQ28: =SUM(AQ29:AQ31) -> 0 | AR28: =SUM(AR29:AR31) -> 0 | AS28: =SUM(AS29:AS31) -> 0 | AT28: =AT29+AT30+AT31 -> 0 | AU28: =SUM(AU29:AU31) -> 0 | AV28: =SUM(AV29:AV31) -> 0 | AW28: =SUM(AW29:AW31) -> 0 | AX28: =SUM(AX29:AX31) -> 0 | AY28: =AY29+AY30+AY31 -> 0 | AZ28: =SUM(AZ29:AZ31) -> 0 | BA28: =SUM(BA29:BA31) -> 0 | BB28: =SUM(BB29:BB31) -> 0 | BC28: =SUM(BC29:BC31) -> 0
A29: 1.1.1.1 | B29: Технологическое присоединение энергопринимающих устройств потребителей максимальной мощностью до 15 кВт включительно, всего | C29: Г | D29: ='10'!G28 -> 25.133663 | E29: =J29+O29+T29+Y29 -> 27.04255 | F29: =K29+P29+U29+Z29 -> 2.704255 | G29: =L29+Q29+V29+AA29 -> 10.81702 | H29: =M29+R29+W29+AB29 -> 13.521275 | I29: =N29+S29+X29+AC29 -> 0 | J29: ='10'!J28 -> 27.04255 | K29: =J29*0.1 -> 2.704255 | L29: =J29*0.4 -> 10.81702 | M29: =J29-K29-L29 -> 13.521275 | N29: 0 | O29: ='10'!L28 -> 0 | P29: =O29*0.1 -> 0 | Q29: =O29*0.4 -> 0 | R29: =O29-P29-Q29 -> 0 | S29: 0 | T29: ='10'!N28 -> 0 | U29: =T29*0.1 -> 0 | V29: =T29*0.4 -> 0 | W29: =T29-U29-V29 -> 0 | X29: 0 | Y29: ='10'!P28 -> 0 | Z29: =Y29*0.1 -> 0 | AA29: =Y29*0.4 -> 0 | AB29: =Y29-Z29-AA29 -> 0 | AC29: 0 | AD29: =D29/1.2 -> 20.944719 | AE29: =AJ29+AO29+AT29+AY29 -> 22.535458 | AF29: =AK29+AP29+AU29+AZ29 -> 2.2535458 | AG29: =AL29+AQ29+AV29+BA29 -> 9.0141832 | AH29: =AM29+AR29+AW29+BB29 -> 11.267729 | AI29: =AN29+AS29+AX29+BC29 -> 0 | AJ29: =J29/1.2 -> 22.535458 | AK29: =K29/1.2 -> 2.2535458 | AL29: =L29/1.2 -> 9.0141832 | AM29: =M29/1.2 -> 11.267729 | AN29: =N29/1.2 -> 0 | AO29: =O29/1.2 -> 0 | AP29: =P29/1.2 -> 0 | AQ29: =Q29/1.2 -> 0 | ... BC29: =AC29/1.2 -> 0
A30: 1.1.1.2 | B30: Технологическое присоединение энергопринимающих устройств потребителей максимальной мощностью до 150 кВт включительно, всего | C30: Г | D30: ='10'!G29 -> 6.3604977 | E30: =J30+O30+T30+Y30 -> 27.917943 | F30: =K30+P30+U30+Z30 -> 2.7917943 | G30: =L30+Q30+V30+AA30 -> 11.167177 | H30: =M30+R30+W30+AB30 -> 13.958971 | I30: =N30+S30+X30+AC30 -> 0 | J30: ='10'!J29 -> 27.917943 | K30: =J30*0.1 -> 2.7917943 | L30: =J30*0.4 -> 11.167177 | M30: =J30-K30-L30 -> 13.958971 | N30: 0 | O30: ='10'!L29 -> 0 | P30: =O30*0.1 -> 0 | Q30: =O30*0.4 -> 0 | R30: =O30-P30-Q30 -> 0 | S30: 0 | T30: ='10'!N29 -> 0 | U30: =T30*0.1 -> 0 | V30: =T30*0.4 -> 0 | W30: =T30-U30-V30 -> 0 | X30: 0 | Y30: ='10'!P29 -> 0 | Z30: =Y30*0.1 -> 0 | AA30: =Y30*0.4 -> 0 | AB30: =Y30-Z30-AA30 -> 0 | AC30: 0 | AD30: =D30/1.2 -> 5.3004147 | AE30: =AJ30+AO30+AT30+AY30 -> 23.264952 | AF30: =AK30+AP30+AU30+AZ30 -> 2.3264952 | AG30: =AL30+AQ30+AV30+BA30 -> 9.3059809 | AH30: =AM30+AR30+AW30+BB30 -> 11.632476 | AI30: =AN30+AS30+AX30+BC30 -> 0 | AJ30: =J30/1.2 -> 23.264952 | AK30: =K30/1.2 -> 2.3264952 | AL30: =L30/1.2 -> 9.3059809 | AM30: =M30/1.2 -> 11.632476 | AN30: =N30/1.2 -> 0 | AO30: =O30/1.2 -> 0 | AP30: =P30/1.2 -> 0 | AQ30: =Q30/1.2 -> 0 | ... BC30: =AC30/1.2 -> 0
A31: 1.1.1.3 | B31: Технологическое присоединение энергопринимающих устройств потребителей свыше 150 кВт, всего | C31: Г | D31: ='10'!G30 -> 0 | E31: =J31+O31+T31+Y31 -> 23.91036 | F31: =K31+P31+U31+Z31 -> 2.391036 | G31: =L31+Q31+V31+AA31 -> 9.5641439 | H31: =M31+R31+W31+AB31 -> 11.95518 | I31: =N31+S31+X31+AC31 -> 0 | J31: ='10'!J30 -> 23.91036 | K31: =J31*0.1 -> 2.391036 | L31: =J31*0.4 -> 9.5641439 | M31: =J31-K31-L31 -> 11.95518 | N31: 0 | O31: ='10'!L30 -> 0 | P31: =O31*0.1 -> 0 | Q31: =O31*0.4 -> 0 | R31: =O31-P31-Q31 -> 0 | S31: 0 | T31: ='10'!N30 -> 0 | U31: =T31*0.1 -> 0 | V31: =T31*0.4 -> 0 | W31: =T31-U31-V31 -> 0 | X31: 0 | Y31: ='10'!P30 -> 0 | Z31: =Y31*0.1 -> 0 | AA31: =Y31*0.4 -> 0 | AB31: =Y31-Z31-AA31 -> 0 | AC31: 0 | AD31: =D31/1.2 -> 0 | AE31: =AJ31+AO31+AT31+AY31 -> 19.9253 | AF31: =AK31+AP31+AU31+AZ31 -> 1.99253 | AG31: =AL31+AQ31+AV31+BA31 -> 7.9701199 | AH31: =AM31+AR31+AW31+BB31 -> 9.9626499 | AI31: =AN31+AS31+AX31+BC31 -> 0 | AJ31: =J31/1.2 -> 19.9253 | AK31: =K31/1.2 -> 1.99253 | AL31: =L31/1.2 -> 7.9701199 | AM31: =M31/1.2 -> 9.9626499 | AN31: =N31/1.2 -> 0 | AO31: =O31/1.2 -> 0 | AP31: =P31/1.2 -> 0 | AQ31: =Q31/1.2 -> 0 | ... BC31: =AC31/1.2 -> 0
A32: 1.2 | B32: Реконструкция, модернизация, техническое перевооружение всего, в том числе: | C32: Г | D32: ='10'!G31 -> 15.976871 | E32: =J32+O32+T32+Y32 -> 7.8638382 | F32: =K32+P32+U32+Z32 -> 0.60296544 | G32: =L32+Q32+V32+AA32 -> 2.4118618 | H32: =M32+R32+W32+AB32 -> 4.849011 | I32: =N32+S32+X32+AC32 -> 0 | J32: ='10'!J31 -> 7.8638382 | K32: =K33+K35+K41 -> 0.60296544 | L32: =L33+L35+L41 -> 2.4118618 | M32: =M33+M35+M41 -> 4.849011 | N32: =N33+N35+N41 -> 0 | O32: ='10'!L31 -> 0 | P32: =P33+P35+P41 -> 0 | Q32: =Q33+Q35+Q41 -> 0 | R32: =R33+R35+R41 -> 0 | S32: =S33+S35+S41 -> 0 | T32: ='10'!N31 -> 0 | U32: =U33+U35+U41 -> 0 | V32: =V33+V35+V41 -> 0 | W32: =W33+W35+W41 -> 0 | X32: =X33+X35+X41 -> 0 | Y32: ='10'!P31 -> 0 | Z32: =Z33+Z35+Z41 -> 0 | AA32: =AA33+AA35+AA41 -> 0 | AB32: =AB33+AB35+AB41 -> 0 | AC32: =AC33+AC35+AC41 -> 0 | AD32: =AD33+AD35+AD41 -> 13.31406 | AE32: =AJ32+AO32+AT32+AY32 -> 6.5531985 | AF32: =AK32+AP32+AU32+AZ32 -> 0.5024712 | AG32: =AL32+AQ32+AV32+BA32 -> 2.0098848 | AH32: =AM32+AR32+AW32+BB32 -> 4.0408425 | AI32: =AN32+AS32+AX32+BC32 -> 0 | AJ32: =AJ33+AJ35+AJ41 -> 6.5531985 | AK32: =AK33+AK35+AK41 -> 0.5024712 | AL32: =AL33+AL35+AL41 -> 2.0098848 | AM32: =AM33+AM35+AM41 -> 4.0408425 | AN32: =AN33+AN35+AN41 -> 0 | AO32: =AO33+AO35+AO41 -> 0 | AP32: =AP33+AP35+AP41 -> 0 | AQ32: =AQ33+AQ35+AQ41 -> 0 | ... BC32: =BC33+BC35+BC41 -> 0
A33: 1.2.1 | B33: Реконструкция, модернизация, техническое перевооружение трансформаторных и иных подстанций, распределительных пунктов, всего, в том числе: | C33: Г | D33: ='10'!G32 -> 1.708547 | E33: =J33+O33+T33+Y33 -> 1.6525592 | F33: =K33+P33+U33+Z33 -> 0.16525592 | G33: =L33+Q33+V33+AA33 -> 0.66102369 | H33: =M33+R33+W33+AB33 -> 0.82627961 | I33: =N33+S33+X33+AC33 -> 0 | J33: ='10'!J32 -> 1.6525592 | K33: =K34 -> 0.16525592 | L33: =L34 -> 0.66102369 | M33: =M34 -> 0.82627961 | N33: =N34 -> 0 | O33: ='10'!L32 -> 0 | P33: =P34 -> 0 | Q33: =Q34 -> 0 | R33: =R34 -> 0 | S33: =S34 -> 0 | T33: ='10'!N32 -> 0 | U33: =U34 -> 0 | V33: =V34 -> 0 | W33: =W34 -> 0 | X33: =X34 -> 0 | Y33: ='10'!P32 -> 0 | Z33: =Z34 -> 0 | AA33: =AA34 -> 0 | AB33: =AB34 -> 0 | AC33: =AC34 -> 0 | AD33: =AD34 -> 1.4237891 | AE33: =AJ33+AO33+AT33+AY33 -> 1.3771327 | AF33: =AK33+AP33+AU33+AZ33 -> 0.13771327 | AG33: =AL33+AQ33+AV33+BA33 -> 0.55085308 | AH33: =AM33+AR33+AW33+BB33 -> 0.68856634 | AI33: =AN33+AS33+AX33+BC33 -> 0 | AJ33: =AJ34 -> 1.3771327 | AK33: =AK34 -> 0.13771327 | AL33: =AL34 -> 0.55085308 | AM33: =AM34 -> 0.68856634 | AN33: =AN34 -> 0 | AO33: =AO34 -> 0 | AP33: =AP34 -> 0 | AQ33: =AQ34 -> 0 | ... BC33: =BC34 -> 0
A34: 1.2.1.1 | B34: Реконструкция_ТП, РП, ПС. | C34: ЭD 1.2.1.1 | D34: ='10'!G33 -> 1.708547 | E34: =J34+O34+T34+Y34 -> 1.6525592 | F34: =K34+P34+U34+Z34 -> 0.16525592 | G34: =L34+Q34+V34+AA34 -> 0.66102369 | H34: =M34+R34+W34+AB34 -> 0.82627961 | I34: =N34+S34+X34+AC34 -> 0 | J34: ='10'!J33 -> 1.6525592 | K34: =J34*0.1 -> 0.16525592 | L34: =J34*0.4 -> 0.66102369 | M34: =J34-K34-L34 -> 0.82627961 | N34: 0 | O34: ='10'!L33 -> 0 | P34: =O34*0.1 -> 0 | Q34: =O34*0.4 -> 0 | R34: =O34-P34-Q34 -> 0 | S34: 0 | T34: ='10'!N33 -> 0 | U34: =T34*0.1 -> 0 | V34: =T34*0.4 -> 0 | W34: =T34-U34-V34 -> 0 | X34: 0 | Y34: ='10'!P33 -> 0 | Z34: =Y34*0.1 -> 0 | AA34: =Y34*0.4 -> 0 | AB34: =Y34-Z34-AA34 -> 0 | AC34: 0 | AD34: =D34/1.2 -> 1.4237891 | AE34: =AJ34+AO34+AT34+AY34 -> 1.3771327 | AF34: =AK34+AP34+AU34+AZ34 -> 0.13771327 | AG34: =AL34+AQ34+AV34+BA34 -> 0.55085308 | AH34: =AM34+AR34+AW34+BB34 -> 0.68856634 | AI34: =AN34+AS34+AX34+BC34 -> 0 | AJ34: =J34/1.2 -> 1.3771327 | AK34: =K34/1.2 -> 0.13771327 | AL34: =L34/1.2 -> 0.55085308 | AM34: =M34/1.2 -> 0.68856634 | AN34: =N34/1.2 -> 0 | AO34: =O34/1.2 -> 0 | AP34: =P34/1.2 -> 0 | AQ34: =Q34/1.2 -> 0 | ... BC34: =AC34/1.2 -> 0
A35: 1.2.2 | B35: Реконструкция, модернизация, техническое перевооружение линий электропередачи, всего, в том числе: | C35: Г | D35: ='10'!G34 -> 0.46126127 | E35: =J35+O35+T35+Y35 -> 4.3770952 | F35: =K35+P35+U35+Z35 -> 0.43770952 | G35: =L35+Q35+V35+AA35 -> 1.7508381 | H35: =M35+R35+W35+AB35 -> 2.1885476 | I35: =N35+S35+X35+AC35 -> 0 | J35: ='10'!J34 -> 4.3770952 | K35: =SUM(K36:K39) -> 0.43770952 | L35: =SUM(L36:L39) -> 1.7508381 | M35: =SUM(M36:M39) -> 2.1885476 | N35: =SUM(N36:N39) -> 0 | O35: ='10'!L34 -> 0 | P35: =SUM(P36:P39) -> 0 | Q35: =SUM(Q36:Q39) -> 0 | R35: =SUM(R36:R39) -> 0 | S35: =SUM(S36:S39) -> 0 | T35: ='10'!N34 -> 0 | U35: =SUM(U36:U39) -> 0 | V35: =SUM(V36:V39) -> 0 | W35: =SUM(W36:W39) -> 0 | X35: =SUM(X36:X39) -> 0 | Y35: ='10'!P34 -> 0 | Z35: =SUM(Z36:Z39) -> 0 | AA35: =SUM(AA36:AA39) -> 0 | AB35: =SUM(AB36:AB39) -> 0 | AC35: =SUM(AC36:AC39) -> 0 | AD35: =SUM(AD36:AD39) -> 0.38438439 | AE35: =AJ35+AO35+AT35+AY35 -> 3.6475793 | AF35: =AK35+AP35+AU35+AZ35 -> 0.36475793 | AG35: =AL35+AQ35+AV35+BA35 -> 1.4590317 | AH35: =AM35+AR35+AW35+BB35 -> 1.8237897 | AI35: =AN35+AS35+AX35+BC35 -> 0 | AJ35: =SUM(AJ36:AJ39) -> 3.6475793 | AK35: =SUM(AK36:AK39) -> 0.36475793 | AL35: =SUM(AL36:AL39) -> 1.4590317 | AM35: =SUM(AM36:AM39) -> 1.8237897 | AN35: =SUM(AN36:AN39) -> 0 | AO35: =SUM(AO36:AO39) -> 0 | AP35: =SUM(AP36:AP39) -> 0 | AQ35: =SUM(AQ36:AQ39) -> 0 | ... BC35: =SUM(BC36:BC39) -> 0
A36: 1.2.2.1 | B36: Реконструкция_Кабельные линии 0,4 кВ. | C36: ЭD 1.2.2.1 | D36: ='10'!G35 -> 0 | E36: =J36+O36+T36+Y36 -> 0 | F36: =K36+P36+U36+Z36 -> 0 | G36: =L36+Q36+V36+AA36 -> 0 | H36: =M36+R36+W36+AB36 -> 0 | I36: =N36+S36+X36+AC36 -> 0 | J36: ='10'!J35 -> 0 | K36: =J36*0.1 -> 0 | L36: =J36*0.4 -> 0 | M36: =J36-K36-L36 -> 0 | N36: 0 | O36: ='10'!L35 -> 0 | P36: =O36*0.1 -> 0 | Q36: =O36*0.4 -> 0 | R36: =O36-P36-Q36 -> 0 | S36: 0 | T36: ='10'!N35 -> 0 | U36: =T36*0.1 -> 0 | V36: =T36*0.4 -> 0 | W36: =T36-U36-V36 -> 0 | X36: 0 | Y36: ='10'!P35 -> 0 | Z36: =Y36*0.1 -> 0 | AA36: =Y36*0.4 -> 0 | AB36: =Y36-Z36-AA36 -> 0 | AC36: 0 | AD36: =D36/1.2 -> 0 | AE36: =AJ36+AO36+AT36+AY36 -> 0 | AF36: =AK36+AP36+AU36+AZ36 -> 0 | AG36: =AL36+AQ36+AV36+BA36 -> 0 | AH36: =AM36+AR36+AW36+BB36 -> 0 | AI36: =AN36+AS36+AX36+BC36 -> 0 | AJ36: =J36/1.2 -> 0 | AK36: =K36/1.2 -> 0 | AL36: =L36/1.2 -> 0 | AM36: =M36/1.2 -> 0 | AN36: =N36/1.2 -> 0 | AO36: =O36/1.2 -> 0 | AP36: =P36/1.2 -> 0 | AQ36: =Q36/1.2 -> 0 | ... BC36: =AC36/1.2 -> 0
A37: 1.2.2.2 | B37: Реконструкция_Кабельные линии 6-10 кВ. | C37: ЭD 1.2.2.2 | D37: ='10'!G36 -> 0 | E37: =J37+O37+T37+Y37 -> 0.05769792 | F37: =K37+P37+U37+Z37 -> 0.005769792 | G37: =L37+Q37+V37+AA37 -> 0.023079168 | H37: =M37+R37+W37+AB37 -> 0.02884896 | I37: =N37+S37+X37+AC37 -> 0 | J37: ='10'!J36 -> 0.05769792 | K37: =J37*0.1 -> 0.005769792 | L37: =J37*0.4 -> 0.023079168 | M37: =J37-K37-L37 -> 0.02884896 | N37: 0 | O37: ='10'!L36 -> 0 | P37: =O37*0.1 -> 0 | Q37: =O37*0.4 -> 0 | R37: =O37-P37-Q37 -> 0 | S37: 0 | T37: ='10'!N36 -> 0 | U37: =T37*0.1 -> 0 | V37: =T37*0.4 -> 0 | W37: =T37-U37-V37 -> 0 | X37: 0 | Y37: ='10'!P36 -> 0 | Z37: =Y37*0.1 -> 0 | AA37: =Y37*0.4 -> 0 | AB37: =Y37-Z37-AA37 -> 0 | AC37: 0 | AD37: =D37/1.2 -> 0 | AE37: =AJ37+AO37+AT37+AY37 -> 0.0480816 | AF37: =AK37+AP37+AU37+AZ37 -> 0.00480816 | AG37: =AL37+AQ37+AV37+BA37 -> 0.01923264 | AH37: =AM37+AR37+AW37+BB37 -> 0.0240408 | AI37: =AN37+AS37+AX37+BC37 -> 0 | AJ37: =J37/1.2 -> 0.0480816 | AK37: =K37/1.2 -> 0.00480816 | AL37: =L37/1.2 -> 0.01923264 | AM37: =M37/1.2 -> 0.0240408 | AN37: =N37/1.2 -> 0 | AO37: =O37/1.2 -> 0 | AP37: =P37/1.2 -> 0 | AQ37: =Q37/1.2 -> 0 | ... BC37: =AC37/1.2 -> 0
A38: 1.2.2.3 | B38: Реконструкция_ Воздушные линии 0,4 кВ. | C38: ЭD 1.2.2.3 | D38: ='10'!G37 -> 0.05502266 | E38: =J38+O38+T38+Y38 -> 3.319662 | F38: =K38+P38+U38+Z38 -> 0.3319662 | G38: =L38+Q38+V38+AA38 -> 1.3278648 | H38: =M38+R38+W38+AB38 -> 1.659831 | I38: =N38+S38+X38+AC38 -> 0 | J38: ='10'!J37 -> 3.319662 | K38: =J38*0.1 -> 0.3319662 | L38: =J38*0.4 -> 1.3278648 | M38: =J38-K38-L38 -> 1.659831 | N38: 0 | O38: ='10'!L37 -> 0 | P38: =O38*0.1 -> 0 | Q38: =O38*0.4 -> 0 | R38: =O38-P38-Q38 -> 0 | S38: 0 | T38: ='10'!N37 -> 0 | U38: =T38*0.1 -> 0 | V38: =T38*0.4 -> 0 | W38: =T38-U38-V38 -> 0 | X38: 0 | Y38: ='10'!P37 -> 0 | Z38: =Y38*0.1 -> 0 | AA38: =Y38*0.4 -> 0 | AB38: =Y38-Z38-AA38 -> 0 | AC38: 0 | AD38: =D38/1.2 -> 0.045852217 | AE38: =AJ38+AO38+AT38+AY38 -> 2.766385 | AF38: =AK38+AP38+AU38+AZ38 -> 0.2766385 | AG38: =AL38+AQ38+AV38+BA38 -> 1.106554 | AH38: =AM38+AR38+AW38+BB38 -> 1.3831925 | AI38: =AN38+AS38+AX38+BC38 -> 0 | AJ38: =J38/1.2 -> 2.766385 | AK38: =K38/1.2 -> 0.2766385 | AL38: =L38/1.2 -> 1.106554 | AM38: =M38/1.2 -> 1.3831925 | AN38: =N38/1.2 -> 0 | AO38: =O38/1.2 -> 0 | AP38: =P38/1.2 -> 0 | AQ38: =Q38/1.2 -> 0 | ... BC38: =AC38/1.2 -> 0
A39: 1.2.2.4 | B39: Реконструкция_Воздушные линии 6-10 кВ. | C39: ЭD 1.2.2.4 | D39: ='10'!G38 -> 0.40623861 | E39: =J39+O39+T39+Y39 -> 0.99973524 | F39: =K39+P39+U39+Z39 -> 0.099973524 | G39: =L39+Q39+V39+AA39 -> 0.3998941 | H39: =M39+R39+W39+AB39 -> 0.49986762 | I39: =N39+S39+X39+AC39 -> 0 | J39: ='10'!J38 -> 0.99973524 | K39: =J39*0.1 -> 0.099973524 | L39: =J39*0.4 -> 0.3998941 | M39: =J39-K39-L39 -> 0.49986762 | N39: 0 | O39: ='10'!L38 -> 0 | P39: =O39*0.1 -> 0 | Q39: =O39*0.4 -> 0 | R39: =O39-P39-Q39 -> 0 | S39: 0 | T39: ='10'!N38 -> 0 | U39: =T39*0.1 -> 0 | V39: =T39*0.4 -> 0 | W39: =T39-U39-V39 -> 0 | X39: 0 | Y39: ='10'!P38 -> 0 | Z39: =Y39*0.1 -> 0 | AA39: =Y39*0.4 -> 0 | AB39: =Y39-Z39-AA39 -> 0 | AC39: 0 | AD39: =D39/1.2 -> 0.33853217 | AE39: =AJ39+AO39+AT39+AY39 -> 0.8331127 | AF39: =AK39+AP39+AU39+AZ39 -> 0.08331127 | AG39: =AL39+AQ39+AV39+BA39 -> 0.33324508 | AH39: =AM39+AR39+AW39+BB39 -> 0.41655635 | AI39: =AN39+AS39+AX39+BC39 -> 0 | AJ39: =J39/1.2 -> 0.8331127 | AK39: =K39/1.2 -> 0.08331127 | AL39: =L39/1.2 -> 0.33324508 | AM39: =M39/1.2 -> 0.41655635 | AN39: =N39/1.2 -> 0 | AO39: =O39/1.2 -> 0 | AP39: =P39/1.2 -> 0 | AQ39: =Q39/1.2 -> 0 | ... BC39: =AC39/1.2 -> 0
A40: 1.2.3 | B40: Развитие и модернизация учета электрической энергии (мощности), всего, в том числе: | C40: Г | D40: ='10'!G39 -> нд | E40: нд | F40: нд | G40: нд | H40: нд | I40: нд | J40: ='10'!J39 -> нд | K40: нд | L40: нд | M40: нд | N40: нд | O40: ='10'!L39 -> нд | P40: нд | Q40: нд | R40: нд | S40: нд | T40: ='10'!N39 -> нд | U40: нд | V40: нд | W40: нд | X40: нд | Y40: ='10'!P39 -> нд | Z40: нд | AA40: нд | AB40: нд | AC40: нд | AD40: нд | AE40: нд | AF40: нд | AG40: нд | AH40: нд | AI40: нд | AJ40: нд | AK40: нд | AL40: нд | AM40: нд | AN40: нд | AO40: нд | AP40: нд | AQ40: нд | AR40: нд | AS40: нд | AT40: нд | AU40: нд | AV40: нд | AW40: нд | AX40: нд | AY40: нд | AZ40: нд | BA40: нд | BB40: нд | BC40: нд
A41: 1.2.4 | B41: Реконструкция, модернизация, техническое перевооружение прочих объектов основных средств, всего, в том числе: | C41: Г | D41: ='10'!G40 -> 13.807063 | E41: =J41+O41+T41+Y41 -> 1.8341838 | F41: =K41+P41+U41+Z41 -> 0 | G41: =L41+Q41+V41+AA41 -> 0 | H41: =M41+R41+W41+AB41 -> 1.8341838 | I41: =N41+S41+X41+AC41 -> 0 | J41: ='10'!J40 -> 1.8341838 | K41: =SUM(K42:K45) -> 0 | L41: =SUM(L42:L45) -> 0 | M41: =SUM(M42:M45) -> 1.8341838 | N41: =SUM(N42:N45) -> 0 | O41: ='10'!L40 -> 0 | P41: =SUM(P42:P45) -> 0 | Q41: =SUM(Q42:Q45) -> 0 | R41: =SUM(R42:R45) -> 0 | S41: =SUM(S42:S45) -> 0 | T41: ='10'!N40 -> 0 | U41: =SUM(U42:U45) -> 0 | V41: =SUM(V42:V45) -> 0 | W41: =SUM(W42:W45) -> 0 | X41: =SUM(X42:X45) -> 0 | Y41: ='10'!P40 -> 0 | Z41: =SUM(Z42:Z45) -> 0 | AA41: =SUM(AA42:AA45) -> 0 | AB41: =SUM(AB42:AB45) -> 0 | AC41: =SUM(AC42:AC45) -> 0 | AD41: =SUM(AD42:AD45) -> 11.505886 | AE41: =AJ41+AO41+AT41+AY41 -> 1.5284865 | AF41: =AK41+AP41+AU41+AZ41 -> 0 | AG41: =AL41+AQ41+AV41+BA41 -> 0 | AH41: =AM41+AR41+AW41+BB41 -> 1.5284865 | AI41: =AN41+AS41+AX41+BC41 -> 0 | AJ41: =SUM(AJ42:AJ45) -> 1.5284865 | AK41: =SUM(AK42:AK45) -> 0 | AL41: =SUM(AL42:AL45) -> 0 | AM41: =SUM(AM42:AM45) -> 1.5284865 | AN41: =SUM(AN42:AN45) -> 0 | AO41: =SUM(AO42:AO45) -> 0 | AP41: =SUM(AP42:AP45) -> 0 | AQ41: =SUM(AQ42:AQ45) -> 0 | ... BC41: =SUM(BC42:BC45) -> 0
A42: 1.2.4.1 | B42: Реконструкция_Оборудование, инструмент, средства механизации | C42: ЭD 1.2.4.1 | D42: ='10'!G41 -> 7.4808 | E42: =J42+O42+T42+Y42 -> 0.24898375 | F42: =K42+P42+U42+Z42 -> 0 | G42: =L42+Q42+V42+AA42 -> 0 | H42: =M42+R42+W42+AB42 -> 0.24898375 | I42: =N42+S42+X42+AC42 -> 0 | J42: ='10'!J41 -> 0.24898375 | M42: =J42 -> 0.24898375 | O42: ='10'!L41 -> 0 | R42: =O42 -> 0 | T42: ='10'!N41 -> 0 | W42: =T42 -> 0 | Y42: ='10'!P41 -> 0 | AB42: =Y42 -> 0 | AD42: =D42/1.2 -> 6.234 | AE42: =AJ42+AO42+AT42+AY42 -> 0.20748646 | AF42: =AK42+AP42+AU42+AZ42 -> 0 | AG42: =AL42+AQ42+AV42+BA42 -> 0 | AH42: =AM42+AR42+AW42+BB42 -> 0.20748646 | AI42: =AN42+AS42+AX42+BC42 -> 0 | AJ42: =J42/1.2 -> 0.20748646 | AK42: =K42/1.2 -> 0 | AL42: =L42/1.2 -> 0 | AM42: =M42/1.2 -> 0.20748646 | AN42: =N42/1.2 -> 0 | AO42: =O42/1.2 -> 0 | AP42: =P42/1.2 -> 0 | AQ42: =Q42/1.2 -> 0 | ... BC42: =AC42/1.2 -> 0
A43: 1.2.4.2 | B43: Реконструкция_Создание и модернизация систем телемеханики и связи, оргтехника, программное обеспечение | C43: ЭD 1.2.4.2 | D43: ='10'!G42 -> 6.3262632 | E43: =J43+O43+T43+Y43 -> 0 | F43: =K43+P43+U43+Z43 -> 0 | G43: =L43+Q43+V43+AA43 -> 0 | H43: =M43+R43+W43+AB43 -> 0 | I43: =N43+S43+X43+AC43 -> 0 | J43: ='10'!J42 -> 0 | M43: =J43 -> 0 | O43: ='10'!L42 -> 0 | R43: =O43 -> 0 | T43: ='10'!N42 -> 0 | W43: =T43 -> 0 | Y43: ='10'!P42 -> 0 | AB43: =Y43 -> 0 | AD43: =D43/1.2 -> 5.271886 | AE43: =AJ43+AO43+AT43+AY43 -> 0 | AF43: =AK43+AP43+AU43+AZ43 -> 0 | AG43: =AL43+AQ43+AV43+BA43 -> 0 | AH43: =AM43+AR43+AW43+BB43 -> 0 | AI43: =AN43+AS43+AX43+BC43 -> 0 | AJ43: =J43/1.2 -> 0 | AK43: =K43/1.2 -> 0 | AL43: =L43/1.2 -> 0 | AM43: =M43/1.2 -> 0 | AN43: =N43/1.2 -> 0 | AO43: =O43/1.2 -> 0 | AP43: =P43/1.2 -> 0 | AQ43: =Q43/1.2 -> 0 | ... BC43: =AC43/1.2 -> 0
A44: 1.2.4.3 | B44: СКУД | C44: ЭD 1.2.4.3 | D44: ='10'!G43 -> 0 | E44: =J44+O44+T44+Y44 -> 0.432 | F44: =K44+P44+U44+Z44 -> 0 | G44: =L44+Q44+V44+AA44 -> 0 | H44: =M44+R44+W44+AB44 -> 0.432 | I44: =N44+S44+X44+AC44 -> 0 | J44: ='10'!J43 -> 0.432 | M44: =J44 -> 0.432 | O44: ='10'!L43 -> 0 | R44: =O44 -> 0 | T44: ='10'!N43 -> 0 | W44: =T44 -> 0 | Y44: ='10'!P43 -> 0 | AB44: =Y44 -> 0 | AD44: =D44/1.2 -> 0 | AE44: =AJ44+AO44+AT44+AY44 -> 0.36 | AF44: =AK44+AP44+AU44+AZ44 -> 0 | AG44: =AL44+AQ44+AV44+BA44 -> 0 | AH44: =AM44+AR44+AW44+BB44 -> 0.36 | AI44: =AN44+AS44+AX44+BC44 -> 0 | AJ44: =J44/1.2 -> 0.36 | AK44: =K44/1.2 -> 0 | AL44: =L44/1.2 -> 0 | AM44: =M44/1.2 -> 0.36 | AN44: =N44/1.2 -> 0 | AO44: =O44/1.2 -> 0 | AP44: =P44/1.2 -> 0 | AQ44: =Q44/1.2 -> 0 | ... BC44: =AC44/1.2 -> 0
A45: 1.2.4.4 | B45: Реконструкция_Силовые трансформаторы | C45: ЭD 1.2.4.4 | D45: ='10'!G44 -> 0 | E45: =J45+O45+T45+Y45 -> 1.1532 | F45: =K45+P45+U45+Z45 -> 0 | G45: =L45+Q45+V45+AA45 -> 0 | H45: =M45+R45+W45+AB45 -> 1.1532 | I45: =N45+S45+X45+AC45 -> 0 | J45: ='10'!J44 -> 1.1532 | M45: =J45 -> 1.1532 | O45: ='10'!L44 -> 0 | R45: =O45 -> 0 | T45: ='10'!N44 -> 0 | W45: =T45 -> 0 | Y45: ='10'!P44 -> 0 | AB45: =Y45 -> 0 | AD45: =D45/1.2 -> 0 | AE45: =AJ45+AO45+AT45+AY45 -> 0.961 | AF45: =AK45+AP45+AU45+AZ45 -> 0 | AG45: =AL45+AQ45+AV45+BA45 -> 0 | AH45: =AM45+AR45+AW45+BB45 -> 0.961 | AI45: =AN45+AS45+AX45+BC45 -> 0 | AJ45: =J45/1.2 -> 0.961 | AK45: =K45/1.2 -> 0 | AL45: =L45/1.2 -> 0 | AM45: =M45/1.2 -> 0.961 | AN45: =N45/1.2 -> 0 | AO45: =O45/1.2 -> 0 | AP45: =P45/1.2 -> 0 | AQ45: =Q45/1.2 -> 0 | ... BC45: =AC45/1.2 -> 0
A46: 1.3 | B46: Инвестиционные проекты, реализация которых обуславливается схемами и программами перспективного развития электроэнергетики, всего | C46: Г | D46: ='10'!G45 -> нд | E46: нд | F46: нд | G46: нд | H46: нд | I46: нд | J46: ='10'!J45 -> нд | K46: нд | L46: нд | M46: нд | N46: нд | O46: ='10'!L45 -> нд | P46: нд | Q46: нд | R46: нд | S46: нд | T46: ='10'!N45 -> нд | U46: нд | V46: нд | W46: нд | X46: нд | Y46: ='10'!P45 -> нд | Z46: нд | AA46: нд | AB46: нд | AC46: нд | AD46: нд | AE46: нд | AF46: нд | AG46: нд | AH46: нд | AI46: нд | AJ46: нд | AK46: нд | AL46: нд | AM46: нд | AN46: нд | AO46: нд | AP46: нд | AQ46: нд | AR46: нд | AS46: нд | AT46: нд | AU46: нд | AV46: нд | AW46: нд | AX46: нд | AY46: нд | AZ46: нд | BA46: нд | BB46: нд | BC46: нд
A47: 1.4 | B47: Прочее новое строительство объектов электросетевого хозяйства, всего, в том числе: | C47: Г | D47: ='10'!G46 -> 3.6898757 | E47: =J47+O47+T47+Y47 -> 35.82288 | F47: =K47+P47+U47+Z47 -> 3.582288 | G47: =L47+Q47+V47+AA47 -> 14.329152 | H47: =M47+R47+W47+AB47 -> 17.91144 | I47: =N47+S47+X47+AC47 -> 0 | J47: ='10'!J46 -> 35.82288 | K47: =K48+K51+K52+K53+K54+K50 -> 3.582288 | L47: =L48+L51+L52+L53+L54+L50 -> 14.329152 | M47: =M48+M51+M52+M53+M54+M50 -> 17.91144 | N47: =N48+N51+N52+N53+N54+N50 -> 0 | O47: ='10'!L46 -> 0 | P47: =P48+P51+P52+P53+P54+P50 -> 0 | Q47: =Q48+Q51+Q52+Q53+Q54+Q50 -> 0 | R47: =R48+R51+R52+R53+R54+R50 -> 0 | S47: =S48+S51+S52+S53+S54+S50 -> 0 | T47: ='10'!N46 -> 0 | U47: =U48+U51+U52+U53+U54+U50 -> 0 | V47: =V48+V51+V52+V53+V54+V50 -> 0 | W47: =W48+W51+W52+W53+W54+W50 -> 0 | X47: =X48+X51+X52+X53+X54+X50 -> 0 | Y47: ='10'!P46 -> 0 | Z47: =Z48+Z51+Z52+Z53+Z54+Z50 -> 0 | AA47: =AA48+AA51+AA52+AA53+AA54+AA50 -> 0 | AB47: =AB48+AB51+AB52+AB53+AB54+AB50 -> 0 | AC47: =AC48+AC51+AC52+AC53+AC54+AC50 -> 0 | AD47: =AD48+AD51+AD52+AD53+AD54+AD50 -> 3.0748964 | AE47: =AJ47+AO47+AT47+AY47 -> 29.8524 | AF47: =AK47+AP47+AU47+AZ47 -> 2.98524 | AG47: =AL47+AQ47+AV47+BA47 -> 11.94096 | AH47: =AM47+AR47+AW47+BB47 -> 14.9262 | AI47: =AN47+AS47+AX47+BC47 -> 0 | AJ47: =AJ48+AJ51+AJ52+AJ53+AJ54+AJ50 -> 29.8524 | AK47: =AK48+AK51+AK52+AK53+AK54+AK50 -> 2.98524 | AL47: =AL48+AL51+AL52+AL53+AL54+AL50 -> 11.94096 | AM47: =AM48+AM51+AM52+AM53+AM54+AM50 -> 14.9262 | AN47: =AN48+AN51+AN52+AN53+AN54+AN50 -> 0 | AO47: =AO48+AO51+AO52+AO53+AO54+AO50 -> 0 | AP47: =AP48+AP51+AP52+AP53+AP54+AP50 -> 0 | AQ47: =AQ48+AQ51+AQ52+AQ53+AQ54+AQ50 -> 0 | ... BC47: =BC48+BC51+BC52+BC53+BC54+BC50 -> 0
A48: 1.4.1 | B48: Энергосбережение и повышение энергетической эффективности | C48: ЭD 1.4.1 | D48: ='10'!G47 -> 0 | E48: =J48+O48+T48+Y48 -> 35.414069 | F48: =K48+P48+U48+Z48 -> 3.5414069 | G48: =L48+Q48+V48+AA48 -> 14.165628 | H48: =M48+R48+W48+AB48 -> 17.707035 | I48: =N48+S48+X48+AC48 -> 0 | J48: ='10'!J47 -> 35.414069 | K48: =J48*0.1 -> 3.5414069 | L48: =J48*0.4 -> 14.165628 | M48: =J48-K48-L48 -> 17.707035 | N48: 0 | O48: ='10'!L47 -> 0 | P48: =O48*0.1 -> 0 | Q48: =O48*0.4 -> 0 | R48: =O48-P48-Q48 -> 0 | S48: 0 | T48: ='10'!N47 -> 0 | U48: =T48*0.1 -> 0 | V48: =T48*0.4 -> 0 | W48: =T48-U48-V48 -> 0 | X48: 0 | Y48: ='10'!P47 -> 0 | Z48: =Y48*0.1 -> 0 | AA48: =Y48*0.4 -> 0 | AB48: =Y48-Z48-AA48 -> 0 | AC48: 0 | AD48: =D48/1.2 -> 0 | AE48: =AJ48+AO48+AT48+AY48 -> 29.511724 | AF48: =AK48+AP48+AU48+AZ48 -> 2.9511724 | AG48: =AL48+AQ48+AV48+BA48 -> 11.80469 | AH48: =AM48+AR48+AW48+BB48 -> 14.755862 | AI48: =AN48+AS48+AX48+BC48 -> 0 | AJ48: =J48/1.2 -> 29.511724 | AK48: =K48/1.2 -> 2.9511724 | AL48: =L48/1.2 -> 11.80469 | AM48: =M48/1.2 -> 14.755862 | AN48: =N48/1.2 -> 0 | AO48: =O48/1.2 -> 0 | AP48: =P48/1.2 -> 0 | AQ48: =Q48/1.2 -> 0 | ... BC48: =AC48/1.2 -> 0
A49: 1.4.1.1 | B49: АИИС КУЭ | C49: ЭD 1.4.1.1 | D49: ='10'!G48 -> 0 | E49: =J49+O49+T49+Y49 -> 35.414069 | F49: =K49+P49+U49+Z49 -> 3.5414069 | G49: =L49+Q49+V49+AA49 -> 14.165628 | H49: =M49+R49+W49+AB49 -> 17.707035 | I49: =N49+S49+X49+AC49 -> 0 | J49: ='10'!J48 -> 35.414069 | K49: =J49*0.1 -> 3.5414069 | L49: =J49*0.4 -> 14.165628 | M49: =J49-K49-L49 -> 17.707035 | N49: 0 | O49: ='10'!L48 -> 0 | P49: =O49*0.1 -> 0 | Q49: =O49*0.4 -> 0 | R49: =O49-P49-Q49 -> 0 | S49: 0 | T49: ='10'!N48 -> 0 | U49: =T49*0.1 -> 0 | V49: =T49*0.4 -> 0 | W49: =T49-U49-V49 -> 0 | X49: 0 | Y49: ='10'!P48 -> 0 | Z49: =Y49*0.1 -> 0 | AA49: =Y49*0.4 -> 0 | AB49: =Y49-Z49-AA49 -> 0 | AC49: 0 | AD49: =D49/1.2 -> 0 | AE49: =AJ49+AO49+AT49+AY49 -> 29.511724 | AF49: =AK49+AP49+AU49+AZ49 -> 2.9511724 | AG49: =AL49+AQ49+AV49+BA49 -> 11.80469 | AH49: =AM49+AR49+AW49+BB49 -> 14.755862 | AI49: =AN49+AS49+AX49+BC49 -> 0 | AJ49: =J49/1.2 -> 29.511724 | AK49: =K49/1.2 -> 2.9511724 | AL49: =L49/1.2 -> 11.80469 | AM49: =M49/1.2 -> 14.755862 | AN49: =N49/1.2 -> 0 | AO49: =O49/1.2 -> 0 | AP49: =P49/1.2 -> 0 | AQ49: =Q49/1.2 -> 0 | ... BC49: =AC49/1.2 -> 0
A50: 1.4.2 | B50: Новое строительство_РТП, РП, ТП, ПС | C50: ЭD 1.4.2 | D50: ='10'!G49 -> 0 | E50: =J50+O50+T50+Y50 -> 0.0144 | F50: =K50+P50+U50+Z50 -> 0.00144 | G50: =L50+Q50+V50+AA50 -> 0.00576 | H50: =M50+R50+W50+AB50 -> 0.0072 | I50: =N50+S50+X50+AC50 -> 0 | J50: ='10'!J49 -> 0.0144 | K50: =J50*0.1 -> 0.00144 | L50: =J50*0.4 -> 0.00576 | M50: =J50-K50-L50 -> 0.0072 | N50: 0 | O50: ='10'!L49 -> 0 | P50: =O50*0.1 -> 0 | Q50: =O50*0.4 -> 0 | R50: =O50-P50-Q50 -> 0 | S50: 0 | T50: ='10'!N49 -> 0 | U50: =T50*0.1 -> 0 | V50: =T50*0.4 -> 0 | W50: =T50-U50-V50 -> 0 | X50: 0 | Y50: ='10'!P49 -> 0 | Z50: =Y50*0.1 -> 0 | AA50: =Y50*0.4 -> 0 | AB50: =Y50-Z50-AA50 -> 0 | AC50: 0 | AD50: =D50/1.2 -> 0 | AE50: =AJ50+AO50+AT50+AY50 -> 0.012 | AF50: =AK50+AP50+AU50+AZ50 -> 0.0012 | AG50: =AL50+AQ50+AV50+BA50 -> 0.0048 | AH50: =AM50+AR50+AW50+BB50 -> 0.006 | AI50: =AN50+AS50+AX50+BC50 -> 0 | AJ50: =J50/1.2 -> 0.012 | AK50: =K50/1.2 -> 0.0012 | AL50: =L50/1.2 -> 0.0048 | AM50: =M50/1.2 -> 0.006 | AN50: =N50/1.2 -> 0 | AO50: =O50/1.2 -> 0 | AP50: =P50/1.2 -> 0 | AQ50: =Q50/1.2 -> 0 | ... BC50: =AC50/1.2 -> 0
A51: 1.4.2 | B51: Новое строительство_Кабельные линии 6-10 кВ. | C51: ЭD 1.4.2 | D51: ='10'!G50 -> 1.3386629 | E51: =J51+O51+T51+Y51 -> 0.13170193 | F51: =K51+P51+U51+Z51 -> 0.013170193 | G51: =L51+Q51+V51+AA51 -> 0.052680773 | H51: =M51+R51+W51+AB51 -> 0.065850966 | I51: =N51+S51+X51+AC51 -> 0 | J51: ='10'!J50 -> 0.13170193 | K51: =J51*0.1 -> 0.013170193 | L51: =J51*0.4 -> 0.052680773 | M51: =J51-K51-L51 -> 0.065850966 | N51: 0 | O51: ='10'!L50 -> 0 | P51: =O51*0.1 -> 0 | Q51: =O51*0.4 -> 0 | R51: =O51-P51-Q51 -> 0 | S51: 0 | T51: ='10'!N50 -> 0 | U51: =T51*0.1 -> 0 | V51: =T51*0.4 -> 0 | W51: =T51-U51-V51 -> 0 | X51: 0 | Y51: ='10'!P50 -> 0 | Z51: =Y51*0.1 -> 0 | AA51: =Y51*0.4 -> 0 | AB51: =Y51-Z51-AA51 -> 0 | AC51: 0 | AD51: =D51/1.2 -> 1.1155524 | AE51: =AJ51+AO51+AT51+AY51 -> 0.10975161 | AF51: =AK51+AP51+AU51+AZ51 -> 0.010975161 | AG51: =AL51+AQ51+AV51+BA51 -> 0.043900644 | AH51: =AM51+AR51+AW51+BB51 -> 0.054875805 | AI51: =AN51+AS51+AX51+BC51 -> 0 | AJ51: =J51/1.2 -> 0.10975161 | AK51: =K51/1.2 -> 0.010975161 | AL51: =L51/1.2 -> 0.043900644 | AM51: =M51/1.2 -> 0.054875805 | AN51: =N51/1.2 -> 0 | AO51: =O51/1.2 -> 0 | AP51: =P51/1.2 -> 0 | AQ51: =Q51/1.2 -> 0 | ... BC51: =AC51/1.2 -> 0
A52: 1.4.3 | B52: Новое строительство_Воздушные линии 0,4 кВ. | C52: ЭD 1.4.3 | D52: ='10'!G51 -> 0.67156804 | E52: =J52+O52+T52+Y52 -> 0.1109118 | F52: =K52+P52+U52+Z52 -> 0.01109118 | G52: =L52+Q52+V52+AA52 -> 0.04436472 | H52: =M52+R52+W52+AB52 -> 0.0554559 | I52: =N52+S52+X52+AC52 -> 0 | J52: ='10'!J51 -> 0.1109118 | K52: =J52*0.1 -> 0.01109118 | L52: =J52*0.4 -> 0.04436472 | M52: =J52-K52-L52 -> 0.0554559 | N52: 0 | O52: ='10'!L51 -> 0 | P52: =O52*0.1 -> 0 | Q52: =O52*0.4 -> 0 | R52: =O52-P52-Q52 -> 0 | S52: 0 | T52: ='10'!N51 -> 0 | U52: =T52*0.1 -> 0 | V52: =T52*0.4 -> 0 | W52: =T52-U52-V52 -> 0 | X52: 0 | Y52: ='10'!P51 -> 0 | Z52: =Y52*0.1 -> 0 | AA52: =Y52*0.4 -> 0 | AB52: =Y52-Z52-AA52 -> 0 | AC52: 0 | AD52: =D52/1.2 -> 0.55964003 | AE52: =AJ52+AO52+AT52+AY52 -> 0.0924265 | AF52: =AK52+AP52+AU52+AZ52 -> 0.00924265 | AG52: =AL52+AQ52+AV52+BA52 -> 0.0369706 | AH52: =AM52+AR52+AW52+BB52 -> 0.04621325 | AI52: =AN52+AS52+AX52+BC52 -> 0 | AJ52: =J52/1.2 -> 0.0924265 | AK52: =K52/1.2 -> 0.00924265 | AL52: =L52/1.2 -> 0.0369706 | AM52: =M52/1.2 -> 0.04621325 | AN52: =N52/1.2 -> 0 | AO52: =O52/1.2 -> 0 | AP52: =P52/1.2 -> 0 | AQ52: =Q52/1.2 -> 0 | ... BC52: =AC52/1.2 -> 0
A53: 1.4.4 | B53: Новое строительство_ Воздушные линии 6-10 кВ. | C53: ЭD 1.4.4 | D53: ='10'!G52 -> 0.16746721 | E53: =J53+O53+T53+Y53 -> 0.069620184 | F53: =K53+P53+U53+Z53 -> 0.0069620184 | G53: =L53+Q53+V53+AA53 -> 0.027848074 | H53: =M53+R53+W53+AB53 -> 0.034810092 | I53: =N53+S53+X53+AC53 -> 0 | J53: ='10'!J52 -> 0.069620184 | K53: =J53*0.1 -> 0.0069620184 | L53: =J53*0.4 -> 0.027848074 | M53: =J53-K53-L53 -> 0.034810092 | N53: 0 | O53: ='10'!L52 -> 0 | P53: =O53*0.1 -> 0 | Q53: =O53*0.4 -> 0 | R53: =O53-P53-Q53 -> 0 | S53: 0 | T53: ='10'!N52 -> 0 | U53: =T53*0.1 -> 0 | V53: =T53*0.4 -> 0 | W53: =T53-U53-V53 -> 0 | X53: 0 | Y53: ='10'!P52 -> 0 | Z53: =Y53*0.1 -> 0 | AA53: =Y53*0.4 -> 0 | AB53: =Y53-Z53-AA53 -> 0 | AC53: 0 | AD53: =D53/1.2 -> 0.13955601 | AE53: =AJ53+AO53+AT53+AY53 -> 0.05801682 | AF53: =AK53+AP53+AU53+AZ53 -> 0.005801682 | AG53: =AL53+AQ53+AV53+BA53 -> 0.023206728 | AH53: =AM53+AR53+AW53+BB53 -> 0.02900841 | AI53: =AN53+AS53+AX53+BC53 -> 0 | AJ53: =J53/1.2 -> 0.05801682 | AK53: =K53/1.2 -> 0.005801682 | AL53: =L53/1.2 -> 0.023206728 | AM53: =M53/1.2 -> 0.02900841 | AN53: =N53/1.2 -> 0 | AO53: =O53/1.2 -> 0 | AP53: =P53/1.2 -> 0 | AQ53: =Q53/1.2 -> 0 | ... BC53: =AC53/1.2 -> 0
A54: 1.4.5 | B54: Новое строительство_Кабельные линии 0,4кВ | C54: ЭD 1.4.5 | D54: ='10'!G53 -> 1.5121775 | E54: =J54+O54+T54+Y54 -> 0.082176696 | F54: =K54+P54+U54+Z54 -> 0.0082176696 | G54: =L54+Q54+V54+AA54 -> 0.032870678 | H54: =M54+R54+W54+AB54 -> 0.041088348 | I54: =N54+S54+X54+AC54 -> 0 | J54: ='10'!J53 -> 0.082176696 | K54: =J54*0.1 -> 0.0082176696 | L54: =J54*0.4 -> 0.032870678 | M54: =J54-K54-L54 -> 0.041088348 | N54: 0 | O54: ='10'!L53 -> 0 | P54: =O54*0.1 -> 0 | Q54: =O54*0.4 -> 0 | R54: =O54-P54-Q54 -> 0 | S54: 0 | T54: ='10'!N53 -> 0 | U54: =T54*0.1 -> 0 | V54: =T54*0.4 -> 0 | W54: =T54-U54-V54 -> 0 | X54: 0 | Y54: ='10'!P53 -> 0 | Z54: =Y54*0.1 -> 0 | AA54: =Y54*0.4 -> 0 | AB54: =Y54-Z54-AA54 -> 0 | AC54: 0 | AD54: =D54/1.2 -> 1.2601479 | AE54: =AJ54+AO54+AT54+AY54 -> 0.06848058 | AF54: =AK54+AP54+AU54+AZ54 -> 0.006848058 | AG54: =AL54+AQ54+AV54+BA54 -> 0.027392232 | AH54: =AM54+AR54+AW54+BB54 -> 0.03424029 | AI54: =AN54+AS54+AX54+BC54 -> 0 | AJ54: =J54/1.2 -> 0.06848058 | AK54: =K54/1.2 -> 0.006848058 | AL54: =L54/1.2 -> 0.027392232 | AM54: =M54/1.2 -> 0.03424029 | AN54: =N54/1.2 -> 0 | AO54: =O54/1.2 -> 0 | AP54: =P54/1.2 -> 0 | AQ54: =Q54/1.2 -> 0 | ... BC54: =AC54/1.2 -> 0
A55: 1.5 | B55: Покупка земельных участков для целей реализации инвестиционных проектов, всего | C55: Г | D55: ='10'!G54 -> 0 | E55: =J55+O55+T55+Y55 -> 0 | F55: =K55+P55+U55+Z55 -> 0 | G55: =L55+Q55+V55+AA55 -> 0 | H55: =M55+R55+W55+AB55 -> 0 | I55: =N55+S55+X55+AC55 -> 0 | J55: ='10'!J54 -> 0 | K55: 0 | L55: 0 | M55: 0 | N55: =J55 -> 0 | O55: ='10'!L54 -> 0 | P55: 0 | Q55: 0 | R55: 0 | S55: =O55 -> 0 | T55: ='10'!N54 -> 0 | U55: 0 | V55: 0 | W55: 0 | X55: =T55 -> 0 | Y55: ='10'!P54 -> 0 | Z55: 0 | AA55: 0 | AB55: 0 | AC55: =Y55 -> 0 | AD55: =D55/1.2 -> 0 | AE55: =AJ55+AO55+AT55+AY55 -> 0 | AF55: =AK55+AP55+AU55+AZ55 -> 0 | AG55: =AL55+AQ55+AV55+BA55 -> 0 | AH55: =AM55+AR55+AW55+BB55 -> 0 | AI55: =AN55+AS55+AX55+BC55 -> 0 | AJ55: =J55/1.2 -> 0 | AK55: 0 | AL55: 0 | AM55: 0 | AN55: =N55/1.2 -> 0 | AO55: =O55/1.2 -> 0 | AP55: 0 | AQ55: 0 | AR55: 0 | AS55: =S55/1.2 -> 0 | AT55: =T55/1.2 -> 0 | AU55: 0 | AV55: 0 | AW55: 0 | AX55: =X55/1.2 -> 0 | AY55: =Y55/1.2 -> 0 | AZ55: 0 | BA55: 0 | BB55: 0 | BC55: =AC55/1.2 -> 0
A56: 1.6 | B56: Прочие инвестиционные проекты, всего, в том числе: | C56: Г | D56: ='10'!G55 -> 0.6624 | E56: =J56+O56+T56+Y56 -> 5.004448 | F56: =K56+P56+U56+Z56 -> 0 | G56: =L56+Q56+V56+AA56 -> 0 | H56: =M56+R56+W56+AB56 -> 0 | I56: =N56+S56+X56+AC56 -> 5.004448 | J56: ='10'!J55 -> 5.004448 | K56: =SUM(K57:K58) -> 0 | L56: =SUM(L57:L58) -> 0 | M56: =SUM(M57:M58) -> 0 | N56: =SUM(N57:N58) -> 5.004448 | O56: ='10'!L55 -> 0 | P56: =SUM(P57:P58) -> 0 | Q56: =SUM(Q57:Q58) -> 0 | R56: =SUM(R57:R58) -> 0 | S56: =SUM(S57:S58) -> 0 | T56: ='10'!N55 -> 0 | U56: =SUM(U57:U58) -> 0 | V56: =SUM(V57:V58) -> 0 | W56: =SUM(W57:W58) -> 0 | X56: =SUM(X57:X58) -> 0 | Y56: ='10'!P55 -> 0 | Z56: =SUM(Z57:Z58) -> 0 | AA56: =SUM(AA57:AA58) -> 0 | AB56: =SUM(AB57:AB58) -> 0 | AC56: =SUM(AC57:AC58) -> 0 | AD56: =SUM(AD57:AD58) -> 0.552 | AE56: =AJ56+AO56+AT56+AY56 -> 4.1703733 | AF56: =AK56+AP56+AU56+AZ56 -> 0 | AG56: =AL56+AQ56+AV56+BA56 -> 0 | AH56: =AM56+AR56+AW56+BB56 -> 0 | AI56: =AN56+AS56+AX56+BC56 -> 4.1703733 | AJ56: =SUM(AJ57:AJ58) -> 4.1703733 | AK56: =SUM(AK57:AK58) -> 0 | AL56: =SUM(AL57:AL58) -> 0 | AM56: =SUM(AM57:AM58) -> 0 | AN56: =SUM(AN57:AN58) -> 4.1703733 | AO56: =SUM(AO57:AO58) -> 0 | AP56: =SUM(AP57:AP58) -> 0 | AQ56: =SUM(AQ57:AQ58) -> 0 | ... BC56: =SUM(BC57:BC58) -> 0
A57: 1.6.1 | B57: Приобретение автотранспорта и спецтехники | C57: ЭD 1.6.1 | D57: ='10'!G56 -> 0 | E57: =J57+O57+T57+Y57 -> 0.325 | F57: =K57+P57+U57+Z57 -> 0 | G57: =L57+Q57+V57+AA57 -> 0 | H57: =M57+R57+W57+AB57 -> 0 | I57: =N57+S57+X57+AC57 -> 0.325 | J57: ='10'!J56 -> 0.325 | N57: =J57 -> 0.325 | O57: ='10'!L56 -> 0 | S57: =O57 -> 0 | T57: ='10'!N56 -> 0 | X57: =T57 -> 0 | Y57: ='10'!P56 -> 0 | AC57: =Y57 -> 0 | AD57: =D57/1.2 -> 0 | AE57: =AJ57+AO57+AT57+AY57 -> 0.27083333 | AF57: =AK57+AP57+AU57+AZ57 -> 0 | AG57: =AL57+AQ57+AV57+BA57 -> 0 | AH57: =AM57+AR57+AW57+BB57 -> 0 | AI57: =AN57+AS57+AX57+BC57 -> 0.27083333 | AJ57: =J57/1.2 -> 0.27083333 | AK57: =K57/1.2 -> 0 | AL57: =L57/1.2 -> 0 | AM57: =M57/1.2 -> 0 | AN57: =N57/1.2 -> 0.27083333 | AO57: =O57/1.2 -> 0 | AP57: =P57/1.2 -> 0 | AQ57: =Q57/1.2 -> 0 | ... BC57: =AC57/1.2 -> 0
A58: 1.6.2 | B58: Приобретение основных средств | C58: ЭD 1.6.2 | D58: ='10'!G57 -> 0.6624 | E58: =J58+O58+T58+Y58 -> 4.679448 | F58: =K58+P58+U58+Z58 -> 0 | G58: =L58+Q58+V58+AA58 -> 0 | H58: =M58+R58+W58+AB58 -> 0 | I58: =N58+S58+X58+AC58 -> 4.679448 | J58: ='10'!J57 -> 4.679448 | N58: =J58 -> 4.679448 | O58: ='10'!L57 -> 0 | S58: =O58 -> 0 | T58: ='10'!N57 -> 0 | X58: =T58 -> 0 | Y58: ='10'!P57 -> 0 | AC58: =Y58 -> 0 | AD58: =D58/1.2 -> 0.552 | AE58: =AJ58+AO58+AT58+AY58 -> 3.89954 | AF58: =AK58+AP58+AU58+AZ58 -> 0 | AG58: =AL58+AQ58+AV58+BA58 -> 0 | AH58: =AM58+AR58+AW58+BB58 -> 0 | AI58: =AN58+AS58+AX58+BC58 -> 3.89954 | AJ58: =J58/1.2 -> 3.89954 | AK58: =K58/1.2 -> 0 | AL58: =L58/1.2 -> 0 | AM58: =M58/1.2 -> 0 | AN58: =N58/1.2 -> 3.89954 | AO58: =O58/1.2 -> 0 | AP58: =P58/1.2 -> 0 | AQ58: =Q58/1.2 -> 0 | ... BC58: =AC58/1.2 -> 0

Sheet 16
BH1: Приложение № 16
BD2: к приказу Минэнерго России от 25 апреля 2018 г. № 320
A3: Форма 16. Отчет об исполнении плана вывода объектов инвестиционной деятельности (мощностей) из эксплуатации (квартальный)
U4: за | V4: ='10'!$G$4 -> 1 | X4: квартал | Z4: ='10'!$J$4 -> 2020 | AB4: года
U6: Отчет об исполнении инвестиционной программы | V6: ='10'!$G$6 -> АО «Вологодская областная энергетическая компания»
V7: полное наименование субъекта электроэнергетики
Y9: Год раскрытия информации: | Z9: ='10'!$J$9 -> 2020 | AB9: год
X11: Утвержденные плановые значения показателей приведены в соответствии с | Y11: ='10'!$E$11 -> приказом ДЕПАРТАМЕНТА ТОПЛИВНО-ЭНЕРГЕТИЧЕСКОГО КОМПЛЕКСА И ТАРИФНОГО РЕГУЛИРОВАНИЯ ВОЛОГОДСКОЙ ОБЛАСТИ "Об утверждении инвестиционной программы АО «Вологодская областная энергетическая компания» на 2020-2024 годы" от 30 октября 2019 года" № 160
Y12: реквизиты решения органа исполнительной власти, утвердившего инвестиционную программу
A14: Номер группы инвести-ционных проектов | B14: Наименование инвестиционного проекта (группы инвестиционных проектов) | C14: Идентификатор инвестиционного проекта | D14: Наименование объекта, выводимого из эксплуатации | E14: Вывод объектов инвестиционной деятельности (мощностей) из эксплуатации в 2020 году | BC14: Отклонения от плановых показателей по итогам отчетного периода | BH14: Причины отклонений
E15: План | AD15: Факт
E16: Всего | J16: I квартал | O16: II квартал | T16: III квартал | Y16: IV квартал | AD16: Всего | AI16: I квартал | AN16: II квартал | AS16: III квартал | AX16: IV квартал
E17: МВ×А | F17: Мвар | G17: км ЛЭП | H17: МВт | I17: Другое | J17: МВ×А | K17: Мвар | L17: км ЛЭП | M17: МВт | N17: Другое | O17: МВ×А | P17: Мвар | Q17: км ЛЭП | R17: МВт | S17: Другое | T17: МВ×А | U17: Мвар | V17: км ЛЭП | W17: МВт | X17: Другое | Y17: МВ×А | Z17: Мвар | AA17: км ЛЭП | AB17: МВт | AC17: Другое | AD17: МВ×А | AE17: Мвар | AF17: км ЛЭП | AG17: МВт | AH17: Другое | AI17: МВ×А | AJ17: Мвар | AK17: км ЛЭП | AL17: МВт | AM17: Другое | AN17: МВ×А | AO17: Мвар | AP17: км ЛЭП | AQ17: МВт | AR17: Другое | AS17: МВ×А | AT17: Мвар | AU17: км ЛЭП | AV17: МВт | AW17: Другое | AX17: МВ×А | AY17: Мвар | AZ17: км ЛЭП | BA17: МВт | BB17: Другое | BC17: МВ×А | BD17: Мвар | BE17: км ЛЭП | BF17: МВт | BG17: Другое
A18: 1 | B18: 2 | C18: 3 | D18: 4 | E18: 5.1 | F18: 5.2 | G18: 5.3 | H18: 5.4 | I18: 5.5 | J18: 5.1.1 | K18: 5.1.2 | L18: 5.1.3 | M18: 5.1.4 | N18: 5.1.5 | O18: 5.2.1 | P18: 5.2.2 | Q18: 5.2.3 | R18: 5.2.4 | S18: 5.2.5 | T18: 5.3.1 | U18: 5.3.2 | V18: 5.3.3 | W18: 5.3.4 | X18: 5.3.5 | Y18: 5.4.1 | Z18: 5.4.2 | AA18: 5.4.3 | AB18: 5.4.4 | AC18: 5.4.5 | AD18: 6.1 | AE18: 6.2 | AF18: 6.3 | AG18: 6.4 | AH18: 6.5 | AI18: 6.1.1 | AJ18: 6.1.2 | AK18: 6.1.3 | AL18: 6.1.4 | AM18: 6.1.5 | AN18: 6.2.1 | AO18: 6.2.2 | AP18: 6.2.3 | AQ18: 6.2.4 | AR18: 6.2.5 | AS18: 6.3.1 | AT18: 6.3.2 | AU18: 6.3.3 | AV18: 6.3.4 | AW18: 6.3.5 | AX18: 6.4.1 | AY18: 6.4.2 | AZ18: 6.4.3 | BA18: 6.4.4 | BB18: 6.4.5 | BC18: 7.1 | BD18: 7.2 | BE18: 7.3 | BF18: 7.4 | BG18: 7.5 | BH18: 8
A19: 0 | B19: ВСЕГО по инвестиционной программе, в том числе: | C19: Г | D19: =F19 -> 0 | E19: =J19+O19+T19+Y19 -> 0 | F19: =K19+P19+U19+Z19 -> 0 | G19: =L19+Q19+V19+AA19 -> 0.19 | H19: =M19+R19+W19+AB19 -> 0 | I19: =N19+S19+X19+AC19 -> 0 | J19: =J20+J21+J23+J24+J25 -> 0 | K19: =K20+K21+K23+K24+K25 -> 0 | L19: =L20+L21+L23+L24+L25 -> 0.19 | M19: =M20+M21+M23+M24+M25 -> 0 | N19: =N20+N21+N23+N24+N25 -> 0 | O19: =O20+O21+O23+O24+O25 -> 0 | P19: =P20+P21+P23+P24+P25 -> 0 | Q19: =Q20+Q21+Q23+Q24+Q25 -> 0 | ... AC19: =AC20+AC21+AC23+AC24+AC25 -> 0 | AD19: =AI19+AN19+AS19+AX19 -> 0 | AE19: =AJ19+AO19+AT19+AY19 -> 0 | AF19: =AK19+AP19+AU19+AZ19 -> 2.78 | AG19: =AL19+AQ19+AV19+BA19 -> 0 | AH19: =AM19+AR19+AW19+BB19 -> 0 | AI19: =AI20+AI21+AI23+AI24+AI25 -> 0 | AJ19: =AJ20+AJ21+AJ23+AJ24+AJ25 -> 0 | AK19: =AK20+AK21+AK23+AK24+AK25 -> 2.78 | AL19: =AL20+AL21+AL23+AL24+AL25 -> 0 | AM19: =AM20+AM21+AM23+AM24+AM25 -> 0 | AN19: =AN20+AN21+AN23+AN24+AN25 -> 0 | AO19: =AO20+AO21+AO23+AO24+AO25 -> 0 | AP19: =AP20+AP21+AP23+AP24+AP25 -> 0 | ... BB19: =BB20+BB21+BB23+BB24+BB25 -> 0 | BC19: =AD19-E19 -> 0 | BD19: =AE19-F19 -> 0 | BE19: =AF19-G19 -> 2.59 | BF19: =AG19-H19 -> 0 | BG19: =AH19-I19 -> 0
A20: 0.1 | B20: Технологическое присоединение, всего | C20: Г | D20: =F20 -> 0 | E20: =J20+O20+T20+Y20 -> 0 | F20: =K20+P20+U20+Z20 -> 0 | G20: =L20+Q20+V20+AA20 -> 0 | H20: =M20+R20+W20+AB20 -> 0 | I20: =N20+S20+X20+AC20 -> 0 | J20: =J27 -> 0 | K20: =K27 -> 0 | L20: =L27 -> 0 | M20: =M27 -> 0 | N20: =N27 -> 0 | O20: =O27 -> 0 | P20: =P27 -> 0 | Q20: =Q27 -> 0 | ... AC20: =AC27 -> 0 | AD20: =AI20+AN20+AS20+AX20 -> 0 | AE20: =AJ20+AO20+AT20+AY20 -> 0 | AF20: =AK20+AP20+AU20+AZ20 -> 0 | AG20: =AL20+AQ20+AV20+BA20 -> 0 | AH20: =AM20+AR20+AW20+BB20 -> 0 | AI20: =AI27 -> 0 | AJ20: =AJ27 -> 0 | AK20: =AK27 -> 0 | AL20: =AL27 -> 0 | AM20: =AM27 -> 0 | AN20: =AN27 -> 0 | AO20: =AO27 -> 0 | AP20: =AP27 -> 0 | ... BB20: =BB27 -> 0 | BC20: =AD20-E20 -> 0 | BD20: =AE20-F20 -> 0 | BE20: =AF20-G20 -> 0 | BF20: =AG20-H20 -> 0 | BG20: =AH20-I20 -> 0
A21: 0.2 | B21: Реконструкция, модернизация, техническое перевооружение, всего | C21: Г | D21: =F21 -> 0 | E21: =J21+O21+T21+Y21 -> 0 | F21: =K21+P21+U21+Z21 -> 0 | G21: =L21+Q21+V21+AA21 -> 0.19 | H21: =M21+R21+W21+AB21 -> 0 | I21: =N21+S21+X21+AC21 -> 0 | J21: =J32 -> 0 | K21: =K32 -> 0 | L21: =L32 -> 0.19 | M21: =M32 -> 0 | N21: =N32 -> 0 | O21: =O32 -> 0 | P21: =P32 -> 0 | Q21: =Q32 -> 0 | ... AC21: =AC32 -> 0 | AD21: =AI21+AN21+AS21+AX21 -> 0 | AE21: =AJ21+AO21+AT21+AY21 -> 0 | AF21: =AK21+AP21+AU21+AZ21 -> 2.78 | AG21: =AL21+AQ21+AV21+BA21 -> 0 | AH21: =AM21+AR21+AW21+BB21 -> 0 | AI21: =AI32 -> 0 | AJ21: =AJ32 -> 0 | AK21: =AK32 -> 2.78 | AL21: =AL32 -> 0 | AM21: =AM32 -> 0 | AN21: =AN32 -> 0 | AO21: =AO32 -> 0 | AP21: =AP32 -> 0 | ... BB21: =BB32 -> 0 | BC21: =AD21-E21 -> 0 | BD21: =AE21-F21 -> 0 | BE21: =AF21-G21 -> 2.59 | BF21: =AG21-H21 -> 0 | BG21: =AH21-I21 -> 0
A22: 0.3 | B22: Инвестиционные проекты, реализация которых обуславливается схемами и программами перспективного развития электроэнергетики, всего | C22: Г | D22: нд | E22: нд | F22: нд | G22: нд | H22: нд | I22: нд | J22: нд | K22: нд | L22: нд | M22: нд | N22: нд | O22: нд | P22: нд | Q22: нд | R22: нд | S22: нд | T22: нд | U22: нд | V22: нд | W22: нд | X22: нд | Y22: нд | Z22: нд | AA22: нд | AB22: нд | AC22: нд | AD22: нд | AE22: нд | AF22: нд | AG22: нд | AH22: нд | AI22: нд | AJ22: нд | AK22: нд | AL22: нд | AM22: нд | AN22: нд | AO22: нд | AP22: нд | AQ22: нд | AR22: нд | AS22: нд | AT22: нд | AU22: нд | AV22: нд | AW22: нд | AX22: нд | AY22: нд | AZ22: нд | BA22: нд | BB22: нд | BC22: нд | BD22: нд | BE22: нд | BF22: нд | BG22: нд
A23: 0.4 | B23: Прочее новое строительство объектов электросетевого хозяйства, всего | C23: Г | D23: =F23 -> 0 | E23: =J23+O23+T23+Y23 -> 0 | F23: =K23+P23+U23+Z23 -> 0 | G23: =L23+Q23+V23+AA23 -> 0 | H23: =M23+R23+W23+AB23 -> 0 | I23: =N23+S23+X23+AC23 -> 0 | J23: =J47 -> 0 | K23: =K47 -> 0 | L23: =L47 -> 0 | M23: =M47 -> 0 | N23: =N47 -> 0 | O23: =O47 -> 0 | P23: =P47 -> 0 | Q23: =Q47 -> 0 | ... AC23: =AC47 -> 0 | AD23: =AI23+AN23+AS23+AX23 -> 0 | AE23: =AJ23+AO23+AT23+AY23 -> 0 | AF23: =AK23+AP23+AU23+AZ23 -> 0 | AG23: =AL23+AQ23+AV23+BA23 -> 0 | AH23: =AM23+AR23+AW23+BB23 -> 0 | AI23: =AI47 -> 0 | AJ23: =AJ47 -> 0 | AK23: =AK47 -> 0 | AL23: =AL47 -> 0 | AM23: =AM47 -> 0 | AN23: =AN47 -> 0 | AO23: =AO47 -> 0 | AP23: =AP47 -> 0 | ... BB23: =BB47 -> 0 | BC23: =AD23-E23 -> 0 | BD23: =AE23-F23 -> 0 | BE23: =AF23-G23 -> 0 | BF23: =AG23-H23 -> 0 | BG23: =AH23-I23 -> 0
A24: 0.5 | B24: Покупка земельных участков для целей реализации инвестиционных проектов, всего | C24: Г | D24: =F24 -> 0 | E24: =J24+O24+T24+Y24 -> 0 | F24: =K24+P24+U24+Z24 -> 0 | G24: =L24+Q24+V24+AA24 -> 0 | H24: =M24+R24+W24+AB24 -> 0 | I24: =N24+S24+X24+AC24 -> 0 | J24: =J55 -> 0 | K24: =K55 -> 0 | L24: =L55 -> 0 | M24: =M55 -> 0 | N24: =N55 -> 0 | O24: =O55 -> 0 | P24: =P55 -> 0 | Q24: =Q55 -> 0 | ... AC24: =AC55 -> 0 | AD24: =AI24+AN24+AS24+AX24 -> 0 | AE24: =AJ24+AO24+AT24+AY24 -> 0 | AF24: =AK24+AP24+AU24+AZ24 -> 0 | AG24: =AL24+AQ24+AV24+BA24 -> 0 | AH24: =AM24+AR24+AW24+BB24 -> 0 | AI24: =AI55 -> 0 | AJ24: =AJ55 -> 0 | AK24: =AK55 -> 0 | AL24: =AL55 -> 0 | AM24: =AM55 -> 0 | AN24: =AN55 -> 0 | AO24: =AO55 -> 0 | AP24: =AP55 -> 0 | ... BB24: =BB55 -> 0 | BC24: =AD24-E24 -> 0 | BD24: =AE24-F24 -> 0 | BE24: =AF24-G24 -> 0 | BF24: =AG24-H24 -> 0 | BG24: =AH24-I24 -> 0
A25: 0.6 | B25: Прочие инвестиционные проекты, всего | C25: Г | D25: =F25 -> 0 | E25: =J25+O25+T25+Y25 -> 0 | F25: =K25+P25+U25+Z25 -> 0 | G25: =L25+Q25+V25+AA25 -> 0 | H25: =M25+R25+W25+AB25 -> 0 | I25: =N25+S25+X25+AC25 -> 0 | J25: =J56 -> 0 | K25: =K56 -> 0 | L25: =L56 -> 0 | M25: =M56 -> 0 | N25: =N56 -> 0 | O25: =O56 -> 0 | P25: =P56 -> 0 | Q25: =Q56 -> 0 | ... AC25: =AC56 -> 0 | AD25: =AI25+AN25+AS25+AX25 -> 0 | AE25: =AJ25+AO25+AT25+AY25 -> 0 | AF25: =AK25+AP25+AU25+AZ25 -> 0 | AG25: =AL25+AQ25+AV25+BA25 -> 0 | AH25: =AM25+AR25+AW25+BB25 -> 0 | AI25: =AI56 -> 0 | AJ25: =AJ56 -> 0 | AK25: =AK56 -> 0 | AL25: =AL56 -> 0 | AM25: =AM56 -> 0 | AN25: =AN56 -> 0 | AO25: =AO56 -> 0 | AP25: =AP56 -> 0 | ... BB25: =BB56 -> 0 | BC25: =AD25-E25 -> 0 | BD25: =AE25-F25 -> 0 | BE25: =AF25-G25 -> 0 | BF25: =AG25-H25 -> 0 | BG25: =AH25-I25 -> 0
A26: 1 | B26: Вологодская область | D26: =F26 -> 0 | E26: =J26+O26+T26+Y26 -> 0 | F26: =K26+P26+U26+Z26 -> 0 | G26: =L26+Q26+V26+AA26 -> 0 | H26: =M26+R26+W26+AB26 -> 0 | I26: =N26+S26+X26+AC26 -> 0 | AD26: =AI26+AN26+AS26+AX26 -> 0 | AE26: =AJ26+AO26+AT26+AY26 -> 0 | AF26: =AK26+AP26+AU26+AZ26 -> 0 | AG26: =AL26+AQ26+AV26+BA26 -> 0 | AH26: =AM26+AR26+AW26+BB26 -> 0 | BC26: =AD26-E26 -> 0 | BD26: =AE26-F26 -> 0 | BE26: =AF26-G26 -> 0 | BF26: =AG26-H26 -> 0 | BG26: =AH26-I26 -> 0
A27: 1.1 | B27: Технологическое присоединение, всего, в том числе: | C27: Г | D27: =F27 -> 0 | E27: =J27+O27+T27+Y27 -> 0 | F27: =K27+P27+U27+Z27 -> 0 | G27: =L27+Q27+V27+AA27 -> 0 | H27: =M27+R27+W27+AB27 -> 0 | I27: =N27+S27+X27+AC27 -> 0 | J27: =J28 -> 0 | K27: =K28 -> 0 | L27: =L28 -> 0 | M27: =M28 -> 0 | N27: =N28 -> 0 | O27: =O28 -> 0 | P27: =P28 -> 0 | Q27: =Q28 -> 0 | ... AC27: =AC28 -> 0 | AD27: =AI27+AN27+AS27+AX27 -> 0 | AE27: =AJ27+AO27+AT27+AY27 -> 0 | AF27: =AK27+AP27+AU27+AZ27 -> 0 | AG27: =AL27+AQ27+AV27+BA27 -> 0 | AH27: =AM27+AR27+AW27+BB27 -> 0 | AI27: =AI28 -> 0 | AJ27: =AJ28 -> 0 | AK27: =AK28 -> 0 | AL27: =AL28 -> 0 | AM27: =AM28 -> 0 | AN27: =AN28 -> 0 | AO27: =AO28 -> 0 | AP27: =AP28 -> 0 | ... BB27: =BB28 -> 0 | BC27: =AD27-E27 -> 0 | BD27: =AE27-F27 -> 0 | BE27: =AF27-G27 -> 0 | BF27: =AG27-H27 -> 0 | BG27: =AH27-I27 -> 0
A28: 1.1.1 | B28: Технологическое присоединение энергопринимающих устройств потребителей, всего, в том числе: | C28: Г | D28: =F28 -> 0 | E28: =J28+O28+T28+Y28 -> 0 | F28: =K28+P28+U28+Z28 -> 0 | G28: =L28+Q28+V28+AA28 -> 0 | H28: =M28+R28+W28+AB28 -> 0 | I28: =N28+S28+X28+AC28 -> 0 | J28: 0 | K28: 0 | L28: 0 | M28: 0 | N28: 0 | O28: 0 | P28: 0 | Q28: 0 | R28: 0 | S28: 0 | T28: 0 | U28: 0 | V28: 0 | W28: 0 | X28: 0 | Y28: 0 | Z28: 0 | AA28: 0 | AB28: 0 | AC28: 0 | AD28: =AI28+AN28+AS28+AX28 -> 0 | AE28: =AJ28+AO28+AT28+AY28 -> 0 | AF28: =AK28+AP28+AU28+AZ28 -> 0 | AG28: =AL28+AQ28+AV28+BA28 -> 0 | AH28: =AM28+AR28+AW28+BB28 -> 0 | AI28: 0 | AJ28: 0 | AK28: 0 | AL28: 0 | AM28: 0 | AN28: 0 | AO28: 0 | AP28: 0 | AQ28: 0 | AR28: 0 | AS28: 0 | AT28: 0 | AU28: 0 | AV28: 0 | AW28: 0 | AX28: 0 | AY28: 0 | AZ28: 0 | BA28: 0 | BB28: 0 | BC28: =AD28-E28 -> 0 | BD28: =AE28-F28 -> 0 | BE28: =AF28-G28 -> 0 | BF28: =AG28-H28 -> 0 | BG28: =AH28-I28 -> 0
A29: 1.1.1.1 | B29: Технологическое присоединение энергопринимающих устройств потребителей максимальной мощностью до 15 кВт включительно, всего | C29: Г | D29: =F29 -> 0 | E29: =J29+O29+T29+Y29 -> 0 | F29: =K29+P29+U29+Z29 -> 0 | G29: =L29+Q29+V29+AA29 -> 0 | H29: =M29+R29+W29+AB29 -> 0 | I29: =N29+S29+X29+AC29 -> 0 | J29: 0 | K29: 0 | L29: 0 | M29: 0 | N29: 0 | O29: 0 | P29: 0 | Q29: 0 | R29: 0 | S29: 0 | T29: 0 | U29: 0 | V29: 0 | W29: 0 | X29: 0 | Y29: 0 | Z29: 0 | AA29: 0 | AB29: 0 | AC29: 0 | AD29: =AI29+AN29+AS29+AX29 -> 0 | AE29: =AJ29+AO29+AT29+AY29 -> 0 | AF29: =AK29+AP29+AU29+AZ29 -> 0 | AG29: =AL29+AQ29+AV29+BA29 -> 0 | AH29: =AM29+AR29+AW29+BB29 -> 0 | AI29: 0 | AJ29: 0 | AK29: 0 | AL29: 0 | AM29: 0 | AN29: 0 | AO29: 0 | AP29: 0 | AQ29: 0 | AR29: 0 | AS29: 0 | AT29: 0 | AU29: 0 | AV29: 0 | AW29: 0 | AX29: 0 | AY29: 0 | AZ29: 0 | BA29: 0 | BB29: 0 | BC29: =AD29-E29 -> 0 | BD29: =AE29-F29 -> 0 | BE29: =AF29-G29 -> 0 | BF29: =AG29-H29 -> 0 | BG29: =AH29-I29 -> 0
A30: 1.1.1.2 | B30: Технологическое присоединение энергопринимающих устройств потребителей максимальной мощностью до 150 кВт включительно, всего | C30: Г | D30: =F30 -> 0 | E30: =J30+O30+T30+Y30 -> 0 | F30: =K30+P30+U30+Z30 -> 0 | G30: =L30+Q30+V30+AA30 -> 0 | H30: =M30+R30+W30+AB30 -> 0 | I30: =N30+S30+X30+AC30 -> 0 | J30: 0 | K30: 0 | L30: 0 | M30: 0 | N30: 0 | O30: 0 | P30: 0 | Q30: 0 | R30: 0 | S30: 0 | T30: 0 | U30: 0 | V30: 0 | W30: 0 | X30: 0 | Y30: 0 | Z30: 0 | AA30: 0 | AB30: 0 | AC30: 0 | AD30: =AI30+AN30+AS30+AX30 -> 0 | AE30: =AJ30+AO30+AT30+AY30 -> 0 | AF30: =AK30+AP30+AU30+AZ30 -> 0 | AG30: =AL30+AQ30+AV30+BA30 -> 0 | AH30: =AM30+AR30+AW30+BB30 -> 0 | AI30: 0 | AJ30: 0 | AK30: 0 | AL30: 0 | AM30: 0 | AN30: 0 | AO30: 0 | AP30: 0 | AQ30: 0 | AR30: 0 | AS30: 0 | AT30: 0 | AU30: 0 | AV30: 0 | AW30: 0 | AX30: 0 | AY30: 0 | AZ30: 0 | BA30: 0 | BB30: 0 | BC30: =AD30-E30 -> 0 | BD30: =AE30-F30 -> 0 | BE30: =AF30-G30 -> 0 | BF30: =AG30-H30 -> 0 | BG30: =AH30-I30 -> 0
A31: 1.1.1.3 | B31: Технологическое присоединение энергопринимающих устройств потребителей свыше 150 кВт, всего | C31: Г | D31: =F31 -> 0 | E31: =J31+O31+T31+Y31 -> 0 | F31: =K31+P31+U31+Z31 -> 0 | G31: =L31+Q31+V31+AA31 -> 0 | H31: =M31+R31+W31+AB31 -> 0 | I31: =N31+S31+X31+AC31 -> 0 | J31: 0 | K31: 0 | L31: 0 | M31: 0 | N31: 0 | O31: 0 | P31: 0 | Q31: 0 | R31: 0 | S31: 0 | T31: 0 | U31: 0 | V31: 0 | W31: 0 | X31: 0 | Y31: 0 | Z31: 0 | AA31: 0 | AB31: 0 | AC31: 0 | AD31: =AI31+AN31+AS31+AX31 -> 0 | AE31: =AJ31+AO31+AT31+AY31 -> 0 | AF31: =AK31+AP31+AU31+AZ31 -> 0 | AG31: =AL31+AQ31+AV31+BA31 -> 0 | AH31: =AM31+AR31+AW31+BB31 -> 0 | AI31: 0 | AJ31: 0 | AK31: 0 | AL31: 0 | AM31: 0 | AN31: 0 | AO31: 0 | AP31: 0 | AQ31: 0 | AR31: 0 | AS31: 0 | AT31: 0 | AU31: 0 | AV31: 0 | AW31: 0 | AX31: 0 | AY31: 0 | AZ31: 0 | BA31: 0 | BB31: 0 | BC31: =AD31-E31 -> 0 | BD31: =AE31-F31 -> 0 | BE31: =AF31-G31 -> 0 | BF31: =AG31-H31 -> 0 | BG31: =AH31-I31 -> 0
A32: 1.2 | B32: Реконструкция, модернизация, техническое перевооружение всего, в том числе: | C32: Г | D32: =F32 -> 0 | E32: =J32+O32+T32+Y32 -> 0 | F32: =K32+P32+U32+Z32 -> 0 | G32: =L32+Q32+V32+AA32 -> 0.19 | H32: =M32+R32+W32+AB32 -> 0 | I32: =N32+S32+X32+AC32 -> 0 | J32: =J33+J35+J41 -> 0 | K32: =K33+K35+K41 -> 0 | L32: =L33+L35+L41 -> 0.19 | M32: =M33+M35+M41 -> 0 | N32: =N33+N35+N41 -> 0 | O32: =O33+O35+O41 -> 0 | P32: =P33+P35+P41 -> 0 | Q32: =Q33+Q35+Q41 -> 0 | ... AC32: =AC33+AC35+AC41 -> 0 | AD32: =AI32+AN32+AS32+AX32 -> 0 | AE32: =AJ32+AO32+AT32+AY32 -> 0 | AF32: =AK32+AP32+AU32+AZ32 -> 2.78 | AG32: =AL32+AQ32+AV32+BA32 -> 0 | AH32: =AM32+AR32+AW32+BB32 -> 0 | AI32: =AI33+AI35+AI41 -> 0 | AJ32: =AJ33+AJ35+AJ41 -> 0 | AK32: =AK33+AK35+AK41 -> 2.78 | AL32: =AL33+AL35+AL41 -> 0 | AM32: =AM33+AM35+AM41 -> 0 | AN32: =AN33+AN35+AN41 -> 0 | AO32: =AO33+AO35+AO41 -> 0 | AP32: =AP33+AP35+AP41 -> 0 | ... BB32: =BB33+BB35+BB41 -> 0 | BC32: =AD32-E32 -> 0 | BD32: =AE32-F32 -> 0 | BE32: =AF32-G32 -> 2.59 | BF32: =AG32-H32 -> 0 | BG32: =AH32-I32 -> 0
A33: 1.2.1 | B33: Реконструкция, модернизация, техническое перевооружение трансформаторных и иных подстанций, распределительных пунктов, всего, в том числе: | C33: Г | D33: =F33 -> 0 | E33: =J33+O33+T33+Y33 -> 0 | F33: =K33+P33+U33+Z33 -> 0 | G33: =L33+Q33+V33+AA33 -> 0 | H33: =M33+R33+W33+AB33 -> 0 | I33: =N33+S33+X33+AC33 -> 0 | J33: =J34 -> 0 | K33: =K34 -> 0 | L33: =L34 -> 0 | M33: =M34 -> 0 | N33: =N34 -> 0 | O33: =O34 -> 0 | P33: =P34 -> 0 | Q33: =Q34 -> 0 | ... AC33: =AC34 -> 0 | AD33: =AI33+AN33+AS33+AX33 -> 0 | AE33: =AJ33+AO33+AT33+AY33 -> 0 | AF33: =AK33+AP33+AU33+AZ33 -> 0 | AG33: =AL33+AQ33+AV33+BA33 -> 0 | AH33: =AM33+AR33+AW33+BB33 -> 0 | AI33: =AI34 -> 0 | AJ33: =AJ34 -> 0 | AK33: =AK34 -> 0 | AL33: =AL34 -> 0 | AM33: =AM34 -> 0 | AN33: =AN34 -> 0 | AO33: =AO34 -> 0 | AP33: =AP34 -> 0 | ... BB33: =BB34 -> 0 | BC33: =AD33-E33 -> 0 | BD33: =AE33-F33 -> 0 | BE33: =AF33-G33 -> 0 | BF33: =AG33-H33 -> 0 | BG33: =AH33-I33 -> 0
A34: 1.2.1.1 | B34: Реконструкция_ТП, РП, ПС. | C34: ЭD 1.2.1.1 | D34: =F34 -> 0 | E34: =J34+O34+T34+Y34 -> 0 | F34: =K34+P34+U34+Z34 -> 0 | G34: =L34+Q34+V34+AA34 -> 0 | H34: =M34+R34+W34+AB34 -> 0 | I34: =N34+S34+X34+AC34 -> 0 | J34: 0 | K34: 0 | L34: 0 | M34: 0 | N34: 0 | O34: 0 | P34: 0 | Q34: 0 | R34: 0 | S34: 0 | T34: 0 | U34: 0 | V34: 0 | W34: 0 | X34: 0 | Y34: 0 | Z34: 0 | AA34: 0 | AB34: 0 | AC34: 0 | AD34: =AI34+AN34+AS34+AX34 -> 0 | AE34: =AJ34+AO34+AT34+AY34 -> 0 | AF34: =AK34+AP34+AU34+AZ34 -> 0 | AG34: =AL34+AQ34+AV34+BA34 -> 0 | AH34: =AM34+AR34+AW34+BB34 -> 0 | AI34: 0 | AJ34: 0 | AK34: 0 | AL34: 0 | AM34: 0 | AN34: 0 | AO34: 0 | AP34: 0 | AQ34: 0 | AR34: 0 | AS34: 0 | AT34: 0 | AU34: 0 | AV34: 0 | AW34: 0 | AX34: 0 | AY34: 0 | AZ34: 0 | BA34: 0 | BB34: 0 | BC34: =AD34-E34 -> 0 | BD34: =AE34-F34 -> 0 | BE34: =AF34-G34 -> 0 | BF34: =AG34-H34 -> 0 | BG34: =AH34-I34 -> 0
A35: 1.2.2 | B35: Реконструкция, модернизация, техническое перевооружение линий электропередачи, всего, в том числе: | C35: Г | D35: =F35 -> 0 | E35: =J35+O35+T35+Y35 -> 0 | F35: =K35+P35+U35+Z35 -> 0 | G35: =L35+Q35+V35+AA35 -> 0.19 | H35: =M35+R35+W35+AB35 -> 0 | I35: =N35+S35+X35+AC35 -> 0 | J35: =SUM(J36:J39) -> 0 | K35: =SUM(K36:K39) -> 0 | L35: =SUM(L36:L39) -> 0.19 | M35: =SUM(M36:M39) -> 0 | N35: =SUM(N36:N39) -> 0 | O35: =SUM(O36:O39) -> 0 | P35: =SUM(P36:P39) -> 0 | Q35: =SUM(Q36:Q39) -> 0 | ... AC35: =SUM(AC36:AC39) -> 0 | AD35: =AI35+AN35+AS35+AX35 -> 0 | AE35: =AJ35+AO35+AT35+AY35 -> 0 | AF35: =AK35+AP35+AU35+AZ35 -> 2.78 | AG35: =AL35+AQ35+AV35+BA35 -> 0 | AH35: =AM35+AR35+AW35+BB35 -> 0 | AI35: =SUM(AI36:AI39) -> 0 | AJ35: =SUM(AJ36:AJ39) -> 0 | AK35: =SUM(AK36:AK39) -> 2.78 | AL35: =SUM(AL36:AL39) -> 0 | AM35: =SUM(AM36:AM39) -> 0 | AN35: =SUM(AN36:AN39) -> 0 | AO35: =SUM(AO36:AO39) -> 0 | AP35: =SUM(AP36:AP39) -> 0 | ... BB35: =SUM(BB36:BB39) -> 0 | BC35: =AD35-E35 -> 0 | BD35: =AE35-F35 -> 0 | BE35: =AF35-G35 -> 2.59 | BF35: =AG35-H35 -> 0 | BG35: =AH35-I35 -> 0
A36: 1.2.2.1 | B36: Реконструкция_Кабельные линии 0,4 кВ. | C36: ЭD 1.2.2.1 | D36: =F36 -> 0 | E36: =J36+O36+T36+Y36 -> 0 | F36: =K36+P36+U36+Z36 -> 0 | G36: =L36+Q36+V36+AA36 -> 0 | H36: =M36+R36+W36+AB36 -> 0 | I36: =N36+S36+X36+AC36 -> 0 | J36: 0 | K36: 0 | L36: 0 | M36: 0 | N36: 0 | O36: 0 | P36: 0 | Q36: 0 | R36: 0 | S36: 0 | T36: 0 | U36: 0 | V36: 0 | W36: 0 | X36: 0 | Y36: 0 | Z36: 0 | AA36: 0 | AB36: 0 | AC36: 0 | AD36: =AI36+AN36+AS36+AX36 -> 0 | AE36: =AJ36+AO36+AT36+AY36 -> 0 | AF36: =AK36+AP36+AU36+AZ36 -> 0.06 | AG36: =AL36+AQ36+AV36+BA36 -> 0 | AH36: =AM36+AR36+AW36+BB36 -> 0 | AI36: 0 | AJ36: 0 | AK36: 0.06 | AL36: 0 | AM36: 0 | AN36: 0 | AO36: 0 | AP36: 0 | AQ36: 0 | AR36: 0 | AS36: 0 | AT36: 0 | AU36: 0 | AV36: 0 | AW36: 0 | AX36: 0 | AY36: 0 | AZ36: 0 | BA36: 0 | BB36: 0 | BC36: =AD36-E36 -> 0 | BD36: =AE36-F36 -> 0 | BE36: =AF36-G36 -> 0.06 | BF36: =AG36-H36 -> 0 | BG36: =AH36-I36 -> 0
A37: 1.2.2.2 | B37: Реконструкция_Кабельные линии 6-10 кВ. | C37: ЭD 1.2.2.2 | D37: =F37 -> 0 | E37: =J37+O37+T37+Y37 -> 0 | F37: =K37+P37+U37+Z37 -> 0 | G37: =L37+Q37+V37+AA37 -> 0 | H37: =M37+R37+W37+AB37 -> 0 | I37: =N37+S37+X37+AC37 -> 0 | J37: 0 | K37: 0 | L37: 0 | M37: 0 | N37: 0 | O37: 0 | P37: 0 | Q37: 0 | R37: 0 | S37: 0 | T37: 0 | U37: 0 | V37: 0 | W37: 0 | X37: 0 | Y37: 0 | Z37: 0 | AA37: 0 | AB37: 0 | AC37: 0 | AD37: =AI37+AN37+AS37+AX37 -> 0 | AE37: =AJ37+AO37+AT37+AY37 -> 0 | AF37: =AK37+AP37+AU37+AZ37 -> 0 | AG37: =AL37+AQ37+AV37+BA37 -> 0 | AH37: =AM37+AR37+AW37+BB37 -> 0 | AI37: 0 | AJ37: 0 | AK37: 0 | AL37: 0 | AM37: 0 | AN37: 0 | AO37: 0 | AP37: 0 | AQ37: 0 | AR37: 0 | AS37: 0 | AT37: 0 | AU37: 0 | AV37: 0 | AW37: 0 | AX37: 0 | AY37: 0 | AZ37: 0 | BA37: 0 | BB37: 0 | BC37: =AD37-E37 -> 0 | BD37: =AE37-F37 -> 0 | BE37: =AF37-G37 -> 0 | BF37: =AG37-H37 -> 0 | BG37: =AH37-I37 -> 0
A38: 1.2.2.3 | B38: Реконструкция_ Воздушные линии 0,4 кВ. | C38: ЭD 1.2.2.3 | D38: =F38 -> 0 | E38: =J38+O38+T38+Y38 -> 0 | F38: =K38+P38+U38+Z38 -> 0 | G38: =L38+Q38+V38+AA38 -> 0.04 | H38: =M38+R38+W38+AB38 -> 0 | I38: =N38+S38+X38+AC38 -> 0 | J38: 0 | K38: 0 | L38: 0.04 | M38: 0 | N38: 0 | O38: 0 | P38: 0 | Q38: 0 | R38: 0 | S38: 0 | T38: 0 | U38: 0 | V38: 0 | W38: 0 | X38: 0 | Y38: 0 | Z38: 0 | AA38: 0 | AB38: 0 | AC38: 0 | AD38: =AI38+AN38+AS38+AX38 -> 0 | AE38: =AJ38+AO38+AT38+AY38 -> 0 | AF38: =AK38+AP38+AU38+AZ38 -> 2.72 | AG38: =AL38+AQ38+AV38+BA38 -> 0 | AH38: =AM38+AR38+AW38+BB38 -> 0 | AI38: 0 | AJ38: 0 | AK38: 2.72 | AL38: 0 | AM38: 0 | AN38: 0 | AO38: 0 | AP38: 0 | AQ38: 0 | AR38: 0 | AS38: 0 | AT38: 0 | AU38: 0 | AV38: 0 | AW38: 0 | AX38: 0 | AY38: 0 | AZ38: 0 | BA38: 0 | BB38: 0 | BC38: =AD38-E38 -> 0 | BD38: =AE38-F38 -> 0 | BE38: =AF38-G38 -> 2.68 | BF38: =AG38-H38 -> 0 | BG38: =AH38-I38 -> 0
A39: 1.2.2.4 | B39: Реконструкция_Воздушные линии 6-10 кВ. | C39: ЭD 1.2.2.4 | D39: =F39 -> 0 | E39: =J39+O39+T39+Y39 -> 0 | F39: =K39+P39+U39+Z39 -> 0 | G39: =L39+Q39+V39+AA39 -> 0.15 | H39: =M39+R39+W39+AB39 -> 0 | I39: =N39+S39+X39+AC39 -> 0 | J39: 0 | K39: 0 | L39: 0.15 | M39: 0 | N39: 0 | O39: 0 | P39: 0 | Q39: 0 | R39: 0 | S39: 0 | T39: 0 | U39: 0 | V39: 0 | W39: 0 | X39: 0 | Y39: 0 | Z39: 0 | AA39: 0 | AB39: 0 | AC39: 0 | AD39: =AI39+AN39+AS39+AX39 -> 0 | AE39: =AJ39+AO39+AT39+AY39 -> 0 | AF39: =AK39+AP39+AU39+AZ39 -> 0 | AG39: =AL39+AQ39+AV39+BA39 -> 0 | AH39: =AM39+AR39+AW39+BB39 -> 0 | AI39: 0 | AJ39: 0 | AK39: 0 | AL39: 0 | AM39: 0 | AN39: 0 | AO39: 0 | AP39: 0 | AQ39: 0 | AR39: 0 | AS39: 0 | AT39: 0 | AU39: 0 | AV39: 0 | AW39: 0 | AX39: 0 | AY39: 0 | AZ39: 0 | BA39: 0 | BB39: 0 | BC39: =AD39-E39 -> 0 | BD39: =AE39-F39 -> 0 | BE39: =AF39-G39 -> -0.15 | BF39: =AG39-H39 -> 0 | BG39: =AH39-I39 -> 0
A40: 1.2.3 | B40: Развитие и модернизация учета электрической энергии (мощности), всего, в том числе: | C40: Г | D40: нд | E40: нд | F40: нд | G40: нд | H40: нд | I40: нд | J40: нд | K40: нд | L40: нд | M40: нд | N40: нд | O40: нд | P40: нд | Q40: нд | R40: нд | S40: нд | T40: нд | U40: нд | V40: нд | W40: нд | X40: нд | Y40: нд | Z40: нд | AA40: нд | AB40: нд | AC40: нд | AD40: нд | AE40: нд | AF40: нд | AG40: нд | AH40: нд | AI40: нд | AJ40: нд | AK40: нд | AL40: нд | AM40: нд | AN40: нд | AO40: нд | AP40: нд | AQ40: нд | AR40: нд | AS40: нд | AT40: нд | AU40: нд | AV40: нд | AW40: нд | AX40: нд | AY40: нд | AZ40: нд | BA40: нд | BB40: нд | BC40: нд | BD40: нд | BE40: нд | BF40: нд | BG40: нд
A41: 1.2.4 | B41: Реконструкция, модернизация, техническое перевооружение прочих объектов основных средств, всего, в том числе: | C41: Г | D41: =F41 -> 0 | E41: =J41+O41+T41+Y41 -> 0 | F41: =K41+P41+U41+Z41 -> 0 | G41: =L41+Q41+V41+AA41 -> 0 | H41: =M41+R41+W41+AB41 -> 0 | I41: =N41+S41+X41+AC41 -> 0 | J41: =SUM(J42:J45) -> 0 | K41: =SUM(K42:K45) -> 0 | L41: =SUM(L42:L45) -> 0 | M41: =SUM(M42:M45) -> 0 | N41: =SUM(N42:N45) -> 0 | O41: =SUM(O42:O45) -> 0 | P41: =SUM(P42:P45) -> 0 | Q41: =SUM(Q42:Q45) -> 0 | ... AC41: =SUM(AC42:AC45) -> 0 | AD41: =AI41+AN41+AS41+AX41 -> 0 | AE41: =AJ41+AO41+AT41+AY41 -> 0 | AF41: =AK41+AP41+AU41+AZ41 -> 0 | AG41: =AL41+AQ41+AV41+BA41 -> 0 | AH41: =AM41+AR41+AW41+BB41 -> 0 | AI41: =SUM(AI42:AI45) -> 0 | AJ41: =SUM(AJ42:AJ45) -> 0 | AK41: =SUM(AK42:AK45) -> 0 | AL41: =SUM(AL42:AL45) -> 0 | AM41: =SUM(AM42:AM45) -> 0 | AN41: =SUM(AN42:AN45) -> 0 | AO41: =SUM(AO42:AO45) -> 0 | AP41: =SUM(AP42:AP45) -> 0 | ... BB41: =SUM(BB42:BB45) -> 0 | BC41: =AD41-E41 -> 0 | BD41: =AE41-F41 -> 0 | BE41: =AF41-G41 -> 0 | BF41: =AG41-H41 -> 0 | BG41: =AH41-I41 -> 0
A42: 1.2.4.1 | B42: Реконструкция_Оборудование, инструмент, средства механизации | C42: ЭD 1.2.4.1 | D42: =F42 -> 0 | E42: =J42+O42+T42+Y42 -> 0 | F42: =K42+P42+U42+Z42 -> 0 | G42: =L42+Q42+V42+AA42 -> 0 | H42: =M42+R42+W42+AB42 -> 0 | I42: =N42+S42+X42+AC42 -> 0 | J42: 0 | K42: 0 | L42: 0 | M42: 0 | N42: 0 | O42: 0 | P42: 0 | Q42: 0 | R42: 0 | S42: 0 | T42: 0 | U42: 0 | V42: 0 | W42: 0 | X42: 0 | Y42: 0 | Z42: 0 | AA42: 0 | AB42: 0 | AC42: 0 | AD42: =AI42+AN42+AS42+AX42 -> 0 | AE42: =AJ42+AO42+AT42+AY42 -> 0 | AF42: =AK42+AP42+AU42+AZ42 -> 0 | AG42: =AL42+AQ42+AV42+BA42 -> 0 | AH42: =AM42+AR42+AW42+BB42 -> 0 | AI42: 0 | AJ42: 0 | AK42: 0 | AL42: 0 | AM42: 0 | AN42: 0 | AO42: 0 | AP42: 0 | AQ42: 0 | AR42: 0 | AS42: 0 | AT42: 0 | AU42: 0 | AV42: 0 | AW42: 0 | AX42: 0 | AY42: 0 | AZ42: 0 | BA42: 0 | BB42: 0 | BC42: =AD42-E42 -> 0 | BD42: =AE42-F42 -> 0 | BE42: =AF42-G42 -> 0 | BF42: =AG42-H42 -> 0 | BG42: =AH42-I42 -> 0
A43: 1.2.4.2 | B43: Реконструкция_Создание и модернизация систем телемеханики и связи, оргтехника, программное обеспечение | C43: ЭD 1.2.4.2 | D43: =F43 -> 0 | E43: =J43+O43+T43+Y43 -> 0 | F43: =K43+P43+U43+Z43 -> 0 | G43: =L43+Q43+V43+AA43 -> 0 | H43: =M43+R43+W43+AB43 -> 0 | I43: =N43+S43+X43+AC43 -> 0 | J43: 0 | K43: 0 | L43: 0 | M43: 0 | N43: 0 | O43: 0 | P43: 0 | Q43: 0 | R43: 0 | S43: 0 | T43: 0 | U43: 0 | V43: 0 | W43: 0 | X43: 0 | Y43: 0 | Z43: 0 | AA43: 0 | AB43: 0 | AC43: 0 | AD43: =AI43+AN43+AS43+AX43 -> 0 | AE43: =AJ43+AO43+AT43+AY43 -> 0 | AF43: =AK43+AP43+AU43+AZ43 -> 0 | AG43: =AL43+AQ43+AV43+BA43 -> 0 | AH43: =AM43+AR43+AW43+BB43 -> 0 | AI43: 0 | AJ43: 0 | AK43: 0 | AL43: 0 | AM43: 0 | AN43: 0 | AO43: 0 | AP43: 0 | AQ43: 0 | AR43: 0 | AS43: 0 | AT43: 0 | AU43: 0 | AV43: 0 | AW43: 0 | AX43: 0 | AY43: 0 | AZ43: 0 | BA43: 0 | BB43: 0 | BC43: =AD43-E43 -> 0 | BD43: =AE43-F43 -> 0 | BE43: =AF43-G43 -> 0 | BF43: =AG43-H43 -> 0 | BG43: =AH43-I43 -> 0
A44: 1.2.4.3 | B44: СКУД | C44: ЭD 1.2.4.3
A45: 1.2.4.4 | B45: Реконструкция_Силовые трансформаторы | C45: ЭD 1.2.4.4 | D45: =F45 -> 0 | E45: =J45+O45+T45+Y45 -> 0 | F45: =K45+P45+U45+Z45 -> 0 | G45: =L45+Q45+V45+AA45 -> 0 | H45: =M45+R45+W45+AB45 -> 0 | I45: =N45+S45+X45+AC45 -> 0 | J45: 0 | K45: 0 | L45: 0 | M45: 0 | N45: 0 | O45: 0 | P45: 0 | Q45: 0 | R45: 0 | S45: 0 | T45: 0 | U45: 0 | V45: 0 | W45: 0 | X45: 0 | Y45: 0 | Z45: 0 | AA45: 0 | AB45: 0 | AC45: 0 | AD45: =AI45+AN45+AS45+AX45 -> 0 | AE45: =AJ45+AO45+AT45+AY45 -> 0 | AF45: =AK45+AP45+AU45+AZ45 -> 0 | AG45: =AL45+AQ45+AV45+BA45 -> 0 | AH45: =AM45+AR45+AW45+BB45 -> 0 | AI45: 0 | AJ45: 0 | AK45: 0 | AL45: 0 | AM45: 0 | AN45: 0 | AO45: 0 | AP45: 0 | AQ45: 0 | AR45: 0 | AS45: 0 | AT45: 0 | AU45: 0 | AV45: 0 | AW45: 0 | AX45: 0 | AY45: 0 | AZ45: 0 | BA45: 0 | BB45: 0 | BC45: =AD45-E45 -> 0 | BD45: =AE45-F45 -> 0 | BE45: =AF45-G45 -> 0 | BF45: =AG45-H45 -> 0 | BG45: =AH45-I45 -> 0
A46: 1.3 | B46: Инвестиционные проекты, реализация которых обуславливается схемами и программами перспективного развития электроэнергетики, всего | C46: Г | D46: нд | E46: нд | F46: нд | G46: нд | H46: нд | I46: нд | J46: нд | K46: нд | L46: нд | M46: нд | N46: нд | O46: нд | P46: нд | Q46: нд | R46: нд | S46: нд | T46: нд | U46: нд | V46: нд | W46: нд | X46: нд | Y46: нд | Z46: нд | AA46: нд | AB46: нд | AC46: нд | AD46: нд | AE46: нд | AF46: нд | AG46: нд | AH46: нд | AI46: нд | AJ46: нд | AK46: нд | AL46: нд | AM46: нд | AN46: нд | AO46: нд | AP46: нд | AQ46: нд | AR46: нд | AS46: нд | AT46: нд | AU46: нд | AV46: нд | AW46: нд | AX46: нд | AY46: нд | AZ46: нд | BA46: нд | BB46: нд | BC46: нд | BD46: нд | BE46: нд | BF46: нд | BG46: нд
A47: 1.4 | B47: Прочее новое строительство объектов электросетевого хозяйства, всего, в том числе: | C47: Г | D47: =F47 -> 0 | E47: =J47+O47+T47+Y47 -> 0 | F47: =K47+P47+U47+Z47 -> 0 | G47: =L47+Q47+V47+AA47 -> 0 | H47: =M47+R47+W47+AB47 -> 0 | I47: =N47+S47+X47+AC47 -> 0 | J47: =J48+J51+J52+J53+J54+J50 -> 0 | K47: =K48+K51+K52+K53+K54+K50 -> 0 | L47: =L48+L51+L52+L53+L54+L50 -> 0 | M47: =M48+M51+M52+M53+M54+M50 -> 0 | N47: =N48+N51+N52+N53+N54+N50 -> 0 | O47: =O48+O51+O52+O53+O54+O50 -> 0 | P47: =P48+P51+P52+P53+P54+P50 -> 0 | Q47: =Q48+Q51+Q52+Q53+Q54+Q50 -> 0 | ... AC47: =AC48+AC51+AC52+AC53+AC54+AC50 -> 0 | AD47: =AI47+AN47+AS47+AX47 -> 0 | AE47: =AJ47+AO47+AT47+AY47 -> 0 | AF47: =AK47+AP47+AU47+AZ47 -> 0 | AG47: =AL47+AQ47+AV47+BA47 -> 0 | AH47: =AM47+AR47+AW47+BB47 -> 0 | AI47: =AI48+AI51+AI52+AI53+AI54+AI50 -> 0 | AJ47: =AJ48+AJ51+AJ52+AJ53+AJ54+AJ50 -> 0 | AK47: =AK48+AK51+AK52+AK53+AK54+AK50 -> 0 | AL47: =AL48+AL51+AL52+AL53+AL54+AL50 -> 0 | AM47: =AM48+AM51+AM52+AM53+AM54+AM50 -> 0 | AN47: =AN48+AN51+AN52+AN53+AN54+AN50 -> 0 | AO47: =AO48+AO51+AO52+AO53+AO54+AO50 -> 0 | AP47: =AP48+AP51+AP52+AP53+AP54+AP50 -> 0 | ... BB47: =BB48+BB51+BB52+BB53+BB54+BB50 -> 0 | BC47: =AD47-E47 -> 0 | BD47: =AE47-F47 -> 0 | BE47: =AF47-G47 -> 0 | BF47: =AG47-H47 -> 0 | BG47: =AH47-I47 -> 0
A48: 1.4.1 | B48: Энергосбережение и повышение энергетической эффективности | C48: ЭD 1.4.1 | D48: =F48 -> 0 | E48: =J48+O48+T48+Y48 -> 0 | F48: =K48+P48+U48+Z48 -> 0 | G48: =L48+Q48+V48+AA48 -> 0 | H48: =M48+R48+W48+AB48 -> 0 | I48: =N48+S48+X48+AC48 -> 0 | J48: 0 | K48: 0 | L48: 0 | M48: 0 | N48: 0 | O48: 0 | P48: 0 | Q48: 0 | R48: 0 | S48: 0 | T48: 0 | U48: 0 | V48: 0 | W48: 0 | X48: 0 | Y48: 0 | Z48: 0 | AA48: 0 | AB48: 0 | AC48: 0 | AD48: =AI48+AN48+AS48+AX48 -> 0 | AE48: =AJ48+AO48+AT48+AY48 -> 0 | AF48: =AK48+AP48+AU48+AZ48 -> 0 | AG48: =AL48+AQ48+AV48+BA48 -> 0 | AH48: =AM48+AR48+AW48+BB48 -> 0 | AI48: 0 | AJ48: 0 | AK48: 0 | AL48: 0 | AM48: 0 | AN48: 0 | AO48: 0 | AP48: 0 | AQ48: 0 | AR48: 0 | AS48: 0 | AT48: 0 | AU48: 0 | AV48: 0 | AW48: 0 | AX48: 0 | AY48: 0 | AZ48: 0 | BA48: 0 | BB48: 0 | BC48: =AD48-E48 -> 0 | BD48: =AE48-F48 -> 0 | BE48: =AF48-G48 -> 0 | BF48: =AG48-H48 -> 0 | BG48: =AH48-I48 -> 0
A49: 1.4.1.1 | B49: АИИС КУЭ | C49: ЭD 1.4.1.1 | D49: =F49 -> 0 | E49: =J49+O49+T49+Y49 -> 0 | F49: =K49+P49+U49+Z49 -> 0 | G49: =L49+Q49+V49+AA49 -> 0 | H49: =M49+R49+W49+AB49 -> 0 | I49: =N49+S49+X49+AC49 -> 0 | J49: 0 | K49: 0 | L49: 0 | M49: 0 | N49: 0 | O49: 0 | P49: 0 | Q49: 0 | R49: 0 | S49: 0 | T49: 0 | U49: 0 | V49: 0 | W49: 0 | X49: 0 | Y49: 0 | Z49: 0 | AA49: 0 | AB49: 0 | AC49: 0 | AD49: =AI49+AN49+AS49+AX49 -> 0 | AE49: =AJ49+AO49+AT49+AY49 -> 0 | AF49: =AK49+AP49+AU49+AZ49 -> 0 | AG49: =AL49+AQ49+AV49+BA49 -> 0 | AH49: =AM49+AR49+AW49+BB49 -> 0 | AI49: 0 | AJ49: 0 | AK49: 0 | AL49: 0 | AM49: 0 | AN49: 0 | AO49: 0 | AP49: 0 | AQ49: 0 | AR49: 0 | AS49: 0 | AT49: 0 | AU49: 0 | AV49: 0 | AW49: 0 | AX49: 0 | AY49: 0 | AZ49: 0 | BA49: 0 | BB49: 0 | BC49: =AD49-E49 -> 0 | BD49: =AE49-F49 -> 0 | BE49: =AF49-G49 -> 0 | BF49: =AG49-H49 -> 0 | BG49: =AH49-I49 -> 0
A50: 1.4.2 | B50: Новое строительство_РТП, РП, ТП, ПС | C50: ЭD 1.4.2 | D50: =F50 -> 0 | E50: =J50+O50+T50+Y50 -> 0 | F50: =K50+P50+U50+Z50 -> 0 | G50: =L50+Q50+V50+AA50 -> 0 | H50: =M50+R50+W50+AB50 -> 0 | I50: =N50+S50+X50+AC50 -> 0 | J50: 0 | K50: 0 | L50: 0 | M50: 0 | N50: 0 | O50: 0 | P50: 0 | Q50: 0 | R50: 0 | S50: 0 | T50: 0 | U50: 0 | V50: 0 | W50: 0 | X50: 0 | Y50: 0 | Z50: 0 | AA50: 0 | AB50: 0 | AC50: 0 | AD50: =AI50+AN50+AS50+AX50 -> 0 | AE50: =AJ50+AO50+AT50+AY50 -> 0 | AF50: =AK50+AP50+AU50+AZ50 -> 0 | AG50: =AL50+AQ50+AV50+BA50 -> 0 | AH50: =AM50+AR50+AW50+BB50 -> 0 | AI50: 0 | AJ50: 0 | AK50: 0 | AL50: 0 | AM50: 0 | AN50: 0 | AO50: 0 | AP50: 0 | AQ50: 0 | AR50: 0 | AS50: 0 | AT50: 0 | AU50: 0 | AV50: 0 | AW50: 0 | AX50: 0 | AY50: 0 | AZ50: 0 | BA50: 0 | BB50: 0 | BC50: =AD50-E50 -> 0 | BD50: =AE50-F50 -> 0 | BE50: =AF50-G50 -> 0 | BF50: =AG50-H50 -> 0 | BG50: =AH50-I50 -> 0
A51: 1.4.2 | B51: Новое строительство_Кабельные линии 6-10 кВ. | C51: ЭD 1.4.2 | D51: =F51 -> 0 | E51: =J51+O51+T51+Y51 -> 0 | F51: =K51+P51+U51+Z51 -> 0 | G51: =L51+Q51+V51+AA51 -> 0 | H51: =M51+R51+W51+AB51 -> 0 | I51: =N51+S51+X51+AC51 -> 0 | J51: 0 | K51: 0 | L51: 0 | M51: 0 | N51: 0 | O51: 0 | P51: 0 | Q51: 0 | R51: 0 | S51: 0 | T51: 0 | U51: 0 | V51: 0 | W51: 0 | X51: 0 | Y51: 0 | Z51: 0 | AA51: 0 | AB51: 0 | AC51: 0 | AD51: =AI51+AN51+AS51+AX51 -> 0 | AE51: =AJ51+AO51+AT51+AY51 -> 0 | AF51: =AK51+AP51+AU51+AZ51 -> 0 | AG51: =AL51+AQ51+AV51+BA51 -> 0 | AH51: =AM51+AR51+AW51+BB51 -> 0 | AI51: 0 | AJ51: 0 | AK51: 0 | AL51: 0 | AM51: 0 | AN51: 0 | AO51: 0 | AP51: 0 | AQ51: 0 | AR51: 0 | AS51: 0 | AT51: 0 | AU51: 0 | AV51: 0 | AW51: 0 | AX51: 0 | AY51: 0 | AZ51: 0 | BA51: 0 | BB51: 0 | BC51: =AD51-E51 -> 0 | BD51: =AE51-F51 -> 0 | BE51: =AF51-G51 -> 0 | BF51: =AG51-H51 -> 0 | BG51: =AH51-I51 -> 0
A52: 1.4.3 | B52: Новое строительство_Воздушные линии 0,4 кВ. | C52: ЭD 1.4.3 | D52: =F52 -> 0 | E52: =J52+O52+T52+Y52 -> 0 | F52: =K52+P52+U52+Z52 -> 0 | G52: =L52+Q52+V52+AA52 -> 0 | H52: =M52+R52+W52+AB52 -> 0 | I52: =N52+S52+X52+AC52 -> 0 | J52: 0 | K52: 0 | L52: 0 | M52: 0 | N52: 0 | O52: 0 | P52: 0 | Q52: 0 | R52: 0 | S52: 0 | T52: 0 | U52: 0 | V52: 0 | W52: 0 | X52: 0 | Y52: 0 | Z52: 0 | AA52: 0 | AB52: 0 | AC52: 0 | AD52: =AI52+AN52+AS52+AX52 -> 0 | AE52: =AJ52+AO52+AT52+AY52 -> 0 | AF52: =AK52+AP52+AU52+AZ52 -> 0 | AG52: =AL52+AQ52+AV52+BA52 -> 0 | AH52: =AM52+AR52+AW52+BB52 -> 0 | AI52: 0 | AJ52: 0 | AK52: 0 | AL52: 0 | AM52: 0 | AN52: 0 | AO52: 0 | AP52: 0 | AQ52: 0 | AR52: 0 | AS52: 0 | AT52: 0 | AU52: 0 | AV52: 0 | AW52: 0 | AX52: 0 | AY52: 0 | AZ52: 0 | BA52: 0 | BB52: 0 | BC52: =AD52-E52 -> 0 | BD52: =AE52-F52 -> 0 | BE52: =AF52-G52 -> 0 | BF52: =AG52-H52 -> 0 | BG52: =AH52-I52 -> 0
A53: 1.4.4 | B53: Новое строительство_ Воздушные линии 6-10 кВ. | C53: ЭD 1.4.4 | D53: =F53 -> 0 | E53: =J53+O53+T53+Y53 -> 0 | F53: =K53+P53+U53+Z53 -> 0 | G53: =L53+Q53+V53+AA53 -> 0 | H53: =M53+R53+W53+AB53 -> 0 | I53: =N53+S53+X53+AC53 -> 0 | J53: 0 | K53: 0 | L53: 0 | M53: 0 | N53: 0 | O53: 0 | P53: 0 | Q53: 0 | R53: 0 | S53: 0 | T53: 0 | U53: 0 | V53: 0 | W53: 0 | X53: 0 | Y53: 0 | Z53: 0 | AA53: 0 | AB53: 0 | AC53: 0 | AD53: =AI53+AN53+AS53+AX53 -> 0 | AE53: =AJ53+AO53+AT53+AY53 -> 0 | AF53: =AK53+AP53+AU53+AZ53 -> 0 | AG53: =AL53+AQ53+AV53+BA53 -> 0 | AH53: =AM53+AR53+AW53+BB53 -> 0 | AI53: 0 | AJ53: 0 | AK53: 0 | AL53: 0 | AM53: 0 | AN53: 0 | AO53: 0 | AP53: 0 | AQ53: 0 | AR53: 0 | AS53: 0 | AT53: 0 | AU53: 0 | AV53: 0 | AW53: 0 | AX53: 0 | AY53: 0 | AZ53: 0 | BA53: 0 | BB53: 0 | BC53: =AD53-E53 -> 0 | BD53: =AE53-F53 -> 0 | BE53: =AF53-G53 -> 0 | BF53: =AG53-H53 -> 0 | BG53: =AH53-I53 -> 0
A54: 1.4.5 | B54: Новое строительство_Кабельные линии 0,4кВ | C54: ЭD 1.4.5 | D54: =F54 -> 0 | E54: =J54+O54+T54+Y54 -> 0 | F54: =K54+P54+U54+Z54 -> 0 | G54: =L54+Q54+V54+AA54 -> 0 | H54: =M54+R54+W54+AB54 -> 0 | I54: =N54+S54+X54+AC54 -> 0 | J54: 0 | K54: 0 | L54: 0 | M54: 0 | N54: 0 | O54: 0 | P54: 0 | Q54: 0 | R54: 0 | S54: 0 | T54: 0 | U54: 0 | V54: 0 | W54: 0 | X54: 0 | Y54: 0 | Z54: 0 | AA54: 0 | AB54: 0 | AC54: 0 | AD54: =AI54+AN54+AS54+AX54 -> 0 | AE54: =AJ54+AO54+AT54+AY54 -> 0 | AF54: =AK54+AP54+AU54+AZ54 -> 0 | AG54: =AL54+AQ54+AV54+BA54 -> 0 | AH54: =AM54+AR54+AW54+BB54 -> 0 | AI54: 0 | AJ54: 0 | AK54: 0 | AL54: 0 | AM54: 0 | AN54: 0 | AO54: 0 | AP54: 0 | AQ54: 0 | AR54: 0 | AS54: 0 | AT54: 0 | AU54: 0 | AV54: 0 | AW54: 0 | AX54: 0 | AY54: 0 | AZ54: 0 | BA54: 0 | BB54: 0 | BC54: =AD54-E54 -> 0 | BD54: =AE54-F54 -> 0 | BE54: =AF54-G54 -> 0 | BF54: =AG54-H54 -> 0 | BG54: =AH54-I54 -> 0
A55: 1.5 | B55: Покупка земельных участков для целей реализации инвестиционных проектов, всего | C55: Г | D55: =F55 -> 0 | E55: =J55+O55+T55+Y55 -> 0 | F55: =K55+P55+U55+Z55 -> 0 | G55: =L55+Q55+V55+AA55 -> 0 | H55: =M55+R55+W55+AB55 -> 0 | I55: =N55+S55+X55+AC55 -> 0 | J55: 0 | K55: 0 | L55: 0 | M55: 0 | N55: 0 | O55: 0 | P55: 0 | Q55: 0 | R55: 0 | S55: 0 | T55: 0 | U55: 0 | V55: 0 | W55: 0 | X55: 0 | Y55: 0 | Z55: 0 | AA55: 0 | AB55: 0 | AC55: 0 | AD55: =AI55+AN55+AS55+AX55 -> 0 | AE55: =AJ55+AO55+AT55+AY55 -> 0 | AF55: =AK55+AP55+AU55+AZ55 -> 0 | AG55: =AL55+AQ55+AV55+BA55 -> 0 | AH55: =AM55+AR55+AW55+BB55 -> 0 | AI55: 0 | AJ55: 0 | AK55: 0 | AL55: 0 | AM55: 0 | AN55: 0 | AO55: 0 | AP55: 0 | AQ55: 0 | AR55: 0 | AS55: 0 | AT55: 0 | AU55: 0 | AV55: 0 | AW55: 0 | AX55: 0 | AY55: 0 | AZ55: 0 | BA55: 0 | BB55: 0 | BC55: =AD55-E55 -> 0 | BD55: =AE55-F55 -> 0 | BE55: =AF55-G55 -> 0 | BF55: =AG55-H55 -> 0 | BG55: =AH55-I55 -> 0
A56: 1.6 | B56: Прочие инвестиционные проекты, всего, в том числе: | C56: Г | D56: =F56 -> 0 | E56: =J56+O56+T56+Y56 -> 0 | F56: =K56+P56+U56+Z56 -> 0 | G56: =L56+Q56+V56+AA56 -> 0 | H56: =M56+R56+W56+AB56 -> 0 | I56: =N56+S56+X56+AC56 -> 0 | J56: =SUM(J57:J58) -> 0 | K56: =SUM(K57:K58) -> 0 | L56: =SUM(L57:L58) -> 0 | M56: =SUM(M57:M58) -> 0 | N56: =SUM(N57:N58) -> 0 | O56: =SUM(O57:O58) -> 0 | P56: =SUM(P57:P58) -> 0 | Q56: =SUM(Q57:Q58) -> 0 | ... AC56: =SUM(AC57:AC58) -> 0 | AD56: =AI56+AN56+AS56+AX56 -> 0 | AE56: =AJ56+AO56+AT56+AY56 -> 0 | AF56: =AK56+AP56+AU56+AZ56 -> 0 | AG56: =AL56+AQ56+AV56+BA56 -> 0 | AH56: =AM56+AR56+AW56+BB56 -> 0 | AI56: =SUM(AI57:AI58) -> 0 | AJ56: =SUM(AJ57:AJ58) -> 0 | AK56: =SUM(AK57:AK58) -> 0 | AL56: =SUM(AL57:AL58) -> 0 | AM56: =SUM(AM57:AM58) -> 0 | AN56: =SUM(AN57:AN58) -> 0 | AO56: =SUM(AO57:AO58) -> 0 | AP56: =SUM(AP57:AP58) -> 0 | ... BB56: =SUM(BB57:BB58) -> 0 | BC56: =AD56-E56 -> 0 | BD56: =AE56-F56 -> 0 | BE56: =AF56-G56 -> 0 | BF56: =AG56-H56 -> 0 | BG56: =AH56-I56 -> 0
A57: 1.6.1 | B57: Приобретение автотранспорта и спецтехники | C57: ЭD 1.6.1 | D57: =F57 -> 0 | E57: =J57+O57+T57+Y57 -> 0 | F57: =K57+P57+U57+Z57 -> 0 | G57: =L57+Q57+V57+AA57 -> 0 | H57: =M57+R57+W57+AB57 -> 0 | I57: =N57+S57+X57+AC57 -> 0 | J57: 0 | K57: 0 | L57: 0 | M57: 0 | N57: 0 | O57: 0 | P57: 0 | Q57: 0 | R57: 0 | S57: 0 | T57: 0 | U57: 0 | V57: 0 | W57: 0 | X57: 0 | Y57: 0 | Z57: 0 | AA57: 0 | AB57: 0 | AC57: 0 | AD57: =AI57+AN57+AS57+AX57 -> 0 | AE57: =AJ57+AO57+AT57+AY57 -> 0 | AF57: =AK57+AP57+AU57+AZ57 -> 0 | AG57: =AL57+AQ57+AV57+BA57 -> 0 | AH57: =AM57+AR57+AW57+BB57 -> 0 | AI57: 0 | AJ57: 0 | AK57: 0 | AL57: 0 | AM57: 0 | AN57: 0 | AO57: 0 | AP57: 0 | AQ57: 0 | AR57: 0 | AS57: 0 | AT57: 0 | AU57: 0 | AV57: 0 | AW57: 0 | AX57: 0 | AY57: 0 | AZ57: 0 | BA57: 0 | BB57: 0 | BC57: =AD57-E57 -> 0 | BD57: =AE57-F57 -> 0 | BE57: =AF57-G57 -> 0 | BF57: =AG57-H57 -> 0 | BG57: =AH57-I57 -> 0
A58: 1.6.2 | B58: Приобретение основных средств | C58: ЭD 1.6.2 | D58: =F58 -> 0 | E58: =J58+O58+T58+Y58 -> 0 | F58: =K58+P58+U58+Z58 -> 0 | G58: =L58+Q58+V58+AA58 -> 0 | H58: =M58+R58+W58+AB58 -> 0 | I58: =N58+S58+X58+AC58 -> 0 | J58: 0 | K58: 0 | L58: 0 | M58: 0 | N58: 0 | O58: 0 | P58: 0 | Q58: 0 | R58: 0 | S58: 0 | T58: 0 | U58: 0 | V58: 0 | W58: 0 | X58: 0 | Y58: 0 | Z58: 0 | AA58: 0 | AB58: 0 | AC58: 0 | AD58: =AI58+AN58+AS58+AX58 -> 0 | AE58: =AJ58+AO58+AT58+AY58 -> 0 | AF58: =AK58+AP58+AU58+AZ58 -> 0 | AG58: =AL58+AQ58+AV58+BA58 -> 0 | AH58: =AM58+AR58+AW58+BB58 -> 0 | AI58: 0 | AJ58: 0 | AK58: 0 | AL58: 0 | AM58: 0 | AN58: 0 | AO58: 0 | AP58: 0 | AQ58: 0 | AR58: 0 | AS58: 0 | AT58: 0 | AU58: 0 | AV58: 0 | AW58: 0 | AX58: 0 | AY58: 0 | AZ58: 0 | BA58: 0 | BB58: 0 | BC58: =AD58-E58 -> 0 | BD58: =AE58-F58 -> 0 | BE58: =AF58-G58 -> 0 | BF58: =AG58-H58 -> 0 | BG58: =AH58-I58 -> 0

Sheet 15
CD1: Приложение № 15
CA2: к приказу Минэнерго России от 25 апреля 2018 г. № 320
A3: Форма 15. Отчет об исполнении плана ввода объектов инвестиционной деятельности (мощностей) в эксплуатацию (квартальный)
K4: за | L4: ='10'!$G$4 -> 1 | N4: квартал | P4: ='10'!$J$4 -> 2020 | R4: года
K6: Отчет о реализации инвестиционной программы | L6: ='10'!$G$6 -> АО «Вологодская областная энергетическая компания»
L7: полное наименование субъекта электроэнергетики
O9: Год раскрытия информации: | P9: ='10'!$J$9 -> 2020 | R9: год
N11: Утвержденные плановые значения показателей приведены в соответствии с | O11: ='10'!$E$11 -> приказом ДЕПАРТАМЕНТА ТОПЛИВНО-ЭНЕРГЕТИЧЕСКОГО КОМПЛЕКСА И ТАРИФНОГО РЕГУЛИРОВАНИЯ ВОЛОГОДСКОЙ ОБЛАСТИ "Об утверждении инвестиционной программы АО «Вологодская областная энергетическая компания» на 2020-2024 годы" от 30 октября 2019 года" № 160
O12: реквизиты решения органа исполнительной власти, утвердившего инвестиционную программу
A14: Номер группы инвести-ционных проектов | B14: Наименование инвестиционного проекта (группы инвестиционных проектов) | C14: Идентификатор инвестиционного проекта | D14: Наименование присоединяемого объекта генерации, который будет осуществлять поставки электроэнергии и мощности в соответствии с договором о предоставлении мощности * | E14: Ввод объектов инвестиционной | AL14: деятельности (мощностей) в эксплуатацию в 2020 году | BW14: Отклонения от плановых показателей по итогам отчетного периода | CD14: Причины отклонений
E15: План | AN15: Факт
E16: Всего | L16: I квартал | S16: II квартал | Z16: III квартал | AG16: IV квартал | AN16: Всего | AU16: I квартал | BB16: II квартал | BI16: III квартал | BP16: IV квартал
E17: МВ×А | F17: Мвар | G17: км ВЛ 1-цеп | H17: км ВЛ 2-цеп | I17: км КЛ | J17: МВт | K17: Другое | L17: МВ×А | M17: Мвар | N17: км ВЛ 1-цеп | O17: км ВЛ 2-цеп | P17: км КЛ | Q17: МВт | R17: Другое | S17: МВ×А | T17: Мвар | U17: км ВЛ 1-цеп | V17: км ВЛ 2-цеп | W17: км КЛ | X17: МВт | Y17: Другое | Z17: МВ×А | AA17: Мвар | AB17: км ВЛ 1-цеп | AC17: км ВЛ 2-цеп | AD17: км КЛ | AE17: МВт | AF17: Другое | AG17: МВ×А | AH17: Мвар | AI17: км ВЛ 1-цеп | AJ17: км ВЛ 2-цеп | AK17: км КЛ | AL17: МВт | AM17: Другое | AN17: МВ×А | AO17: Мвар | AP17: км ВЛ 1-цеп | AQ17: км ВЛ 2-цеп | AR17: км КЛ | AS17: МВт | AT17: Другое | AU17: МВ×А | AV17: Мвар | AW17: км ВЛ 1-цеп | AX17: км ВЛ 2-цеп | AY17: км КЛ | AZ17: МВт | BA17: Другое | BB17: МВ×А | BC17: Мвар | BD17: км ВЛ 1-цеп | BE17: км ВЛ 2-цеп | BF17: км КЛ | BG17: МВт | BH17: Другое | BI17: МВ×А | BJ17: Мвар | BK17: км ВЛ 1-цеп | BL17: км ВЛ 2-цеп | BM17: км КЛ | BN17: МВт | BO17: Другое | BP17: МВ×А | BQ17: Мвар | BR17: км ВЛ 1-цеп | BS17: км ВЛ 2-цеп | BT17: км КЛ | BU17: МВт | BV17: Другое | BW17: МВ×А | BX17: Мвар | BY17: км ВЛ 1-цеп | BZ17: км ВЛ 2-цеп | CA17: км КЛ | CB17: МВт | CC17: Другое
A18: 1 | B18: 2 | C18: 3 | D18: 4 | E18: 5.1 | F18: 5.2 | G18: 5.3 | H18: 5.4 | I18: 5.5 | J18: 5.6 | K18: 5.7 | L18: 5.1.1 | M18: 5.1.2 | N18: 5.1.3 | O18: 5.1.4 | P18: 5.1.5 | Q18: 5.1.6 | R18: 5.1.7 | S18: 5.2.1 | T18: 5.2.2 | U18: 5.2.3 | V18: 5.2.4 | W18: 5.2.5 | X18: 5.2.6 | Y18: 5.2.7 | Z18: 5.3.1 | AA18: 5.3.2 | AB18: 5.3.3 | AC18: 5.3.4 | AD18: 5.3.5 | AE18: 5.3.6 | AF18: 5.3.7 | AG18: 5.4.1 | AH18: 5.4.2 | AI18: 5.4.3 | AJ18: 5.4.4 | AK18: 5.4.5 | AL18: 5.4.6 | AM18: 5.4.7 | AN18: 6.1 | AO18: 6.2 | AP18: 6.3 | AQ18: 6.4 | AR18: 6.5 | AS18: 6.6 | AT18: 6.7 | AU18: 6.1.1 | AV18: 6.1.2 | AW18: 6.1.3 | AX18: 6.1.4 | AY18: 6.1.5 | AZ18: 6.1.6 | BA18: 6.1.7 | BB18: 6.2.1 | BC18: 6.2.2 | BD18: 6.2.3 | BE18: 6.2.4 | BF18: 6.2.5 | BG18: 6.2.6 | BH18: 6.2.7 | BI18: 6.3.1 | BJ18: 6.3.2 | BK18: 6.3.3 | BL18: 6.3.4 | BM18: 6.3.5 | BN18: 6.3.6 | BO18: 6.3.7 | BP18: 6.4.1 | BQ18: 6.4.2 | BR18: 6.4.3 | BS18: 6.4.4 | BT18: 6.4.5 | BU18: 6.4.6 | BV18: 6.4.7 | BW18: 7.1 | BX18: 7.2 | BY18: 7.3 | BZ18: 7.4 | CA18: 7.5 | CB18: 7.6 | CC18: 7.7 | CD18: 8
A19: 0 | B19: ВСЕГО по инвестиционной программе, в том числе: | C19: Г | D19: нд | E19: =L19+S19+Z19+AG19 -> 0 | F19: =M19+T19+AA19+AH19 -> 0 | G19: =N19+U19+AB19+AI19 -> 9.77 | H19: =O19+V19+AC19+AJ19 -> 0 | I19: =P19+W19+AD19+AK19 -> 0.97 | J19: =Q19+X19+AE19+AL19 -> 0.96 | K19: =R19+Y19+AF19+AM19 -> 0 | L19: =L20+L21+L23+L24+L25 -> 0 | M19: =M20+M21+M23+M24+M25 -> 0 | N19: =N20+N21+N23+N24+N25 -> 9.77 | O19: =O20+O21+O23+O24+O25 -> 0 | P19: =P20+P21+P23+P24+P25 -> 0.97 | Q19: =Q20+Q21+Q23+Q24+Q25 -> 0.96 | R19: =R20+R21+R23+R24+R25 -> 0 | S19: =S20+S21+S23+S24+S25 -> 0 | ... AM19: =AM20+AM21+AM23+AM24+AM25 -> 0 | AN19: =AU19+BB19+BI19+BP19 -> 0.92 | AO19: =AV19+BC19+BJ19+BQ19 -> 0 | AP19: =AW19+BD19+BK19+BR19 -> 16.83 | AQ19: =AX19+BE19+BL19+BS19 -> 0 | AR19: =AY19+BF19+BM19+BT19 -> 0.06 | AS19: =AZ19+BG19+BN19+BU19 -> 3.68 | AT19: =BA19+BH19+BO19+BV19 -> 0 | AU19: =AU20+AU21+AU23+AU24+AU25 -> 0.92 | AV19: =AV20+AV21+AV23+AV24+AV25 -> 0 | AW19: =AW20+AW21+AW23+AW24+AW25 -> 16.83 | AX19: =AX20+AX21+AX23+AX24+AX25 -> 0 | AY19: =AY20+AY21+AY23+AY24+AY25 -> 0.06 | AZ19: =AZ20+AZ21+AZ23+AZ24+AZ25 -> 3.68 | BA19: =BA20+BA21+BA23+BA24+BA25 -> 0 | BB19: =BB20+BB21+BB23+BB24+BB25 -> 0 | ... BV19: =BV20+BV21+BV23+BV24+BV25 -> 0 | BW19: =AN19-E19 -> 0.92 | BX19: =AO19-F19 -> 0 | BY19: =AP19-G19 -> 7.06 | BZ19: =AQ19-H19 -> 0 | CA19: =AR19-I19 -> -0.91 | CB19: =AS19-J19 -> 2.72 | CC19: =AT19-K19 -> 0
A20: 0.1 | B20: Технологическое присоединение, всего | C20: Г | D20: нд | E20: =L20+S20+Z20+AG20 -> 0 | F20: =M20+T20+AA20+AH20 -> 0 | G20: =N20+U20+AB20+AI20 -> 8.91 | H20: =O20+V20+AC20+AJ20 -> 0 | I20: =P20+W20+AD20+AK20 -> 0 | J20: =Q20+X20+AE20+AL20 -> 0.96 | K20: =R20+Y20+AF20+AM20 -> 0 | L20: =L27 -> 0 | M20: =M27 -> 0 | N20: =N27 -> 8.91 | O20: =O27 -> 0 | P20: =P27 -> 0 | Q20: =Q27 -> 0.96 | R20: =R27 -> 0 | S20: =S27 -> 0 | ... AM20: =AM27 -> 0 | AN20: =AU20+BB20+BI20+BP20 -> 0 | AO20: =AV20+BC20+BJ20+BQ20 -> 0 | AP20: =AW20+BD20+BK20+BR20 -> 14.11 | AQ20: =AX20+BE20+BL20+BS20 -> 0 | AR20: =AY20+BF20+BM20+BT20 -> 0 | AS20: =AZ20+BG20+BN20+BU20 -> 3.68 | AT20: =BA20+BH20+BO20+BV20 -> 0 | AU20: =AU27 -> 0 | AV20: =AV27 -> 0 | AW20: =AW27 -> 14.11 | AX20: =AX27 -> 0 | AY20: =AY27 -> 0 | AZ20: =AZ27 -> 3.68 | BA20: =BA27 -> 0 | BB20: =BB27 -> 0 | ... BV20: =BV27 -> 0 | BW20: =AN20-E20 -> 0 | BX20: =AO20-F20 -> 0 | BY20: =AP20-G20 -> 5.2 | BZ20: =AQ20-H20 -> 0 | CA20: =AR20-I20 -> 0 | CB20: =AS20-J20 -> 2.72 | CC20: =AT20-K20 -> 0
A21: 0.2 | B21: Реконструкция, модернизация, техническое перевооружение, всего | C21: Г | D21: нд | E21: =L21+S21+Z21+AG21 -> 0 | F21: =M21+T21+AA21+AH21 -> 0 | G21: =N21+U21+AB21+AI21 -> 0.19 | H21: =O21+V21+AC21+AJ21 -> 0 | I21: =P21+W21+AD21+AK21 -> 0 | J21: =Q21+X21+AE21+AL21 -> 0 | K21: =R21+Y21+AF21+AM21 -> 0 | L21: =L32 -> 0 | M21: =M32 -> 0 | N21: =N32 -> 0.19 | O21: =O32 -> 0 | P21: =P32 -> 0 | Q21: =Q32 -> 0 | R21: =R32 -> 0 | S21: =S32 -> 0 | ... AM21: =AM32 -> 0 | AN21: =AU21+BB21+BI21+BP21 -> 0.92 | AO21: =AV21+BC21+BJ21+BQ21 -> 0 | AP21: =AW21+BD21+BK21+BR21 -> 2.72 | AQ21: =AX21+BE21+BL21+BS21 -> 0 | AR21: =AY21+BF21+BM21+BT21 -> 0.06 | AS21: =AZ21+BG21+BN21+BU21 -> 0 | AT21: =BA21+BH21+BO21+BV21 -> 0 | AU21: =AU32 -> 0.92 | AV21: =AV32 -> 0 | AW21: =AW32 -> 2.72 | AX21: =AX32 -> 0 | AY21: =AY32 -> 0.06 | AZ21: =AZ32 -> 0 | BA21: =BA32 -> 0 | BB21: =BB32 -> 0 | ... BV21: =BV32 -> 0 | BW21: =AN21-E21 -> 0.92 | BX21: =AO21-F21 -> 0 | BY21: =AP21-G21 -> 2.53 | BZ21: =AQ21-H21 -> 0 | CA21: =AR21-I21 -> 0.06 | CB21: =AS21-J21 -> 0 | CC21: =AT21-K21 -> 0
A22: 0.3 | B22: Инвестиционные проекты, реализация которых обуславливается схемами и программами перспективного развития электроэнергетики, всего | C22: Г | D22: нд | E22: нд | F22: нд | G22: нд | H22: нд | I22: нд | J22: нд | K22: нд | L22: нд | M22: нд | N22: нд | O22: нд | P22: нд | Q22: нд | R22: нд | S22: нд | T22: нд | U22: нд | V22: нд | W22: нд | X22: нд | Y22: нд | Z22: нд | AA22: нд | AB22: нд | AC22: нд | AD22: нд | AE22: нд | AF22: нд | AG22: нд | AH22: нд | AI22: нд | AJ22: нд | AK22: нд | AL22: нд | AM22: нд | AN22: нд | AO22: нд | AP22: нд | AQ22: нд | AR22: нд | AS22: нд | AT22: нд | AU22: нд | AV22: нд | AW22: нд | AX22: нд | AY22: нд | AZ22: нд | BA22: нд | BB22: нд | BC22: нд | BD22: нд | BE22: нд | BF22: нд | BG22: нд | BH22: нд | BI22: нд | BJ22: нд | BK22: нд | BL22: нд | BM22: нд | BN22: нд | BO22: нд | BP22: нд | BQ22: нд | BR22: нд | BS22: нд | BT22: нд | BU22: нд | BV22: нд | BW22: нд | BX22: нд | BY22: нд | BZ22: нд | CA22: нд | CB22: нд | CC22: нд
A23: 0.4 | B23: Прочее новое строительство объектов электросетевого хозяйства, всего | C23: Г | D23: нд | E23: =L23+S23+Z23+AG23 -> 0 | F23: =M23+T23+AA23+AH23 -> 0 | G23: =N23+U23+AB23+AI23 -> 0.67 | H23: =O23+V23+AC23+AJ23 -> 0 | I23: =P23+W23+AD23+AK23 -> 0.97 | J23: =Q23+X23+AE23+AL23 -> 0 | K23: =R23+Y23+AF23+AM23 -> 0 | L23: =L47 -> 0 | M23: =M47 -> 0 | N23: =N47 -> 0.67 | O23: =O47 -> 0 | P23: =P47 -> 0.97 | Q23: =Q47 -> 0 | R23: =R47 -> 0 | S23: =S47 -> 0 | ... AM23: =AM47 -> 0 | AN23: =AU23+BB23+BI23+BP23 -> 0 | AO23: =AV23+BC23+BJ23+BQ23 -> 0 | AP23: =AW23+BD23+BK23+BR23 -> 0 | AQ23: =AX23+BE23+BL23+BS23 -> 0 | AR23: =AY23+BF23+BM23+BT23 -> 0 | AS23: =AZ23+BG23+BN23+BU23 -> 0 | AT23: =BA23+BH23+BO23+BV23 -> 0 | AU23: =AU47 -> 0 | AV23: =AV47 -> 0 | AW23: =AW47 -> 0 | AX23: =AX47 -> 0 | AY23: =AY47 -> 0 | AZ23: =AZ47 -> 0 | BA23: =BA47 -> 0 | BB23: =BB47 -> 0 | ... BV23: =BV47 -> 0 | BW23: =AN23-E23 -> 0 | BX23: =AO23-F23 -> 0 | BY23: =AP23-G23 -> -0.67 | BZ23: =AQ23-H23 -> 0 | CA23: =AR23-I23 -> -0.97 | CB23: =AS23-J23 -> 0 | CC23: =AT23-K23 -> 0
A24: 0.5 | B24: Покупка земельных участков для целей реализации инвестиционных проектов, всего | C24: Г | D24: нд | E24: =L24+S24+Z24+AG24 -> 0 | F24: =M24+T24+AA24+AH24 -> 0 | G24: =N24+U24+AB24+AI24 -> 0 | H24: =O24+V24+AC24+AJ24 -> 0 | I24: =P24+W24+AD24+AK24 -> 0 | J24: =Q24+X24+AE24+AL24 -> 0 | K24: =R24+Y24+AF24+AM24 -> 0 | L24: =L55 -> 0 | M24: =M55 -> 0 | N24: =N55 -> 0 | O24: =O55 -> 0 | P24: =P55 -> 0 | Q24: =Q55 -> 0 | R24: =R55 -> 0 | S24: =S55 -> 0 | ... AM24: =AM55 -> 0 | AN24: =AU24+BB24+BI24+BP24 -> 0 | AO24: =AV24+BC24+BJ24+BQ24 -> 0 | AP24: =AW24+BD24+BK24+BR24 -> 0 | AQ24: =AX24+BE24+BL24+BS24 -> 0 | AR24: =AY24+BF24+BM24+BT24 -> 0 | AS24: =AZ24+BG24+BN24+BU24 -> 0 | AT24: =BA24+BH24+BO24+BV24 -> 0 | AU24: =AU55 -> 0 | AV24: =AV55 -> 0 | AW24: =AW55 -> 0 | AX24: =AX55 -> 0 | AY24: =AY55 -> 0 | AZ24: =AZ55 -> 0 | BA24: =BA55 -> 0 | BB24: =BB55 -> 0 | ... BV24: =BV55 -> 0 | BW24: =AN24-E24 -> 0 | BX24: =AO24-F24 -> 0 | BY24: =AP24-G24 -> 0 | BZ24: =AQ24-H24 -> 0 | CA24: =AR24-I24 -> 0 | CB24: =AS24-J24 -> 0 | CC24: =AT24-K24 -> 0
A25: 0.6 | B25: Прочие инвестиционные проекты, всего | C25: Г | D25: нд | E25: =L25+S25+Z25+AG25 -> 0 | F25: =M25+T25+AA25+AH25 -> 0 | G25: =N25+U25+AB25+AI25 -> 0 | H25: =O25+V25+AC25+AJ25 -> 0 | I25: =P25+W25+AD25+AK25 -> 0 | J25: =Q25+X25+AE25+AL25 -> 0 | K25: =R25+Y25+AF25+AM25 -> 0 | L25: =L56 -> 0 | M25: =M56 -> 0 | N25: =N56 -> 0 | O25: =O56 -> 0 | P25: =P56 -> 0 | Q25: =Q56 -> 0 | R25: =R56 -> 0 | S25: =S56 -> 0 | ... AM25: =AM56 -> 0 | AN25: =AU25+BB25+BI25+BP25 -> 0 | AO25: =AV25+BC25+BJ25+BQ25 -> 0 | AP25: =AW25+BD25+BK25+BR25 -> 0 | AQ25: =AX25+BE25+BL25+BS25 -> 0 | AR25: =AY25+BF25+BM25+BT25 -> 0 | AS25: =AZ25+BG25+BN25+BU25 -> 0 | AT25: =BA25+BH25+BO25+BV25 -> 0 | AU25: =AU56 -> 0 | AV25: =AV56 -> 0 | AW25: =AW56 -> 0 | AX25: =AX56 -> 0 | AY25: =AY56 -> 0 | AZ25: =AZ56 -> 0 | BA25: =BA56 -> 0 | BB25: =BB56 -> 0 | ... BV25: =BV56 -> 0 | BW25: =AN25-E25 -> 0 | BX25: =AO25-F25 -> 0 | BY25: =AP25-G25 -> 0 | BZ25: =AQ25-H25 -> 0 | CA25: =AR25-I25 -> 0 | CB25: =AS25-J25 -> 0 | CC25: =AT25-K25 -> 0
A26: 1 | B26: Вологодская область | D26: нд | E26: =L26+S26+Z26+AG26 -> 0 | F26: =M26+T26+AA26+AH26 -> 0 | G26: =N26+U26+AB26+AI26 -> 0 | H26: =O26+V26+AC26+AJ26 -> 0 | I26: =P26+W26+AD26+AK26 -> 0 | J26: =Q26+X26+AE26+AL26 -> 0 | K26: =R26+Y26+AF26+AM26 -> 0 | AN26: =AU26+BB26+BI26+BP26 -> 0 | AO26: =AV26+BC26+BJ26+BQ26 -> 0 | AP26: =AW26+BD26+BK26+BR26 -> 0 | AQ26: =AX26+BE26+BL26+BS26 -> 0 | AR26: =AY26+BF26+BM26+BT26 -> 0 | AS26: =AZ26+BG26+BN26+BU26 -> 0 | AT26: =BA26+BH26+BO26+BV26 -> 0 | BW26: =AN26-E26 -> 0 | BX26: =AO26-F26 -> 0 | BY26: =AP26-G26 -> 0 | BZ26: =AQ26-H26 -> 0 | CA26: =AR26-I26 -> 0 | CB26: =AS26-J26 -> 0 | CC26: =AT26-K26 -> 0
A27: 1.1 | B27: Технологическое присоединение, всего, в том числе: | C27: Г | D27: нд | E27: =L27+S27+Z27+AG27 -> 0 | F27: =M27+T27+AA27+AH27 -> 0 | G27: =N27+U27+AB27+AI27 -> 8.91 | H27: =O27+V27+AC27+AJ27 -> 0 | I27: =P27+W27+AD27+AK27 -> 0 | J27: =Q27+X27+AE27+AL27 -> 0.96 | K27: =R27+Y27+AF27+AM27 -> 0 | L27: =L28 -> 0 | M27: =M28 -> 0 | N27: =N28 -> 8.91 | O27: =O28 -> 0 | P27: =P28 -> 0 | Q27: =Q28 -> 0.96 | R27: =R28 -> 0 | S27: =S28 -> 0 | ... AM27: =AM28 -> 0 | AN27: =AU27+BB27+BI27+BP27 -> 0 | AO27: =AV27+BC27+BJ27+BQ27 -> 0 | AP27: =AW27+BD27+BK27+BR27 -> 14.11 | AQ27: =AX27+BE27+BL27+BS27 -> 0 | AR27: =AY27+BF27+BM27+BT27 -> 0 | AS27: =AZ27+BG27+BN27+BU27 -> 3.68 | AT27: =BA27+BH27+BO27+BV27 -> 0 | AU27: =AU28 -> 0 | AV27: =AV28 -> 0 | AW27: =AW28 -> 14.11 | AX27: =AX28 -> 0 | AY27: =AY28 -> 0 | AZ27: =AZ28 -> 3.68 | BA27: =BA28 -> 0 | BB27: =BB28 -> 0 | ... BV27: =BV28 -> 0 | BW27: =AN27-E27 -> 0 | BX27: =AO27-F27 -> 0 | BY27: =AP27-G27 -> 5.2 | BZ27: =AQ27-H27 -> 0 | CA27: =AR27-I27 -> 0 | CB27: =AS27-J27 -> 2.72 | CC27: =AT27-K27 -> 0
A28: 1.1.1 | B28: Технологическое присоединение энергопринимающих устройств потребителей, всего, в том числе: | C28: Г | D28: нд | E28: =L28+S28+Z28+AG28 -> 0 | F28: =M28+T28+AA28+AH28 -> 0 | G28: =N28+U28+AB28+AI28 -> 8.91 | H28: =O28+V28+AC28+AJ28 -> 0 | I28: =P28+W28+AD28+AK28 -> 0 | J28: =Q28+X28+AE28+AL28 -> 0.96 | K28: =R28+Y28+AF28+AM28 -> 0 | L28: ='13'!N29 -> 0 | M28: ='13'!O29 -> 0 | N28: ='13'!P29 -> 8.91 | Q28: ='13'!Q29 -> 0.96 | R28: ='13'!R29 -> 0 | S28: ='13'!U29 -> 0 | T28: ='13'!V29 -> 0 | U28: ='13'!W29 -> 0 | X28: ='13'!X29 -> 0 | Y28: ='13'!Y29 -> 0 | Z28: ='13'!AB29 -> 0 | AA28: ='13'!AC29 -> 0 | AB28: ='13'!AD29 -> 0 | AE28: ='13'!AE29 -> 0 | AF28: ='13'!AF29 -> 0 | AG28: ='13'!AI29 -> 0 | AH28: ='13'!AJ29 -> 0 | AI28: ='13'!AK29 -> 0 | AL28: ='13'!AL29 -> 0 | AM28: ='13'!AM29 -> 0 | AN28: =AU28+BB28+BI28+BP28 -> 0 | AO28: =AV28+BC28+BJ28+BQ28 -> 0 | AP28: =AW28+BD28+BK28+BR28 -> 14.11 | AQ28: =AX28+BE28+BL28+BS28 -> 0 | AR28: =AY28+BF28+BM28+BT28 -> 0 | AS28: =AZ28+BG28+BN28+BU28 -> 3.68 | AT28: =BA28+BH28+BO28+BV28 -> 0 | AU28: ='13'!AW29 -> 0 | AV28: ='13'!AX29 -> 0 | AW28: ='13'!AY29 -> 14.11 | AZ28: ='13'!AZ29 -> 3.68 | BA28: ='13'!BA29 -> 0 | BB28: ='13'!BD29 -> 0 | BC28: ='13'!BE29 -> 0 | BD28: ='13'!BF29 -> 0 | BG28: ='13'!BG29 -> 0 | BH28: ='13'!BH29 -> 0 | BI28: ='13'!BK29 -> 0 | BJ28: ='13'!BL29 -> 0 | BK28: ='13'!BM29 -> 0 | BN28: ='13'!BN29 -> 0 | BO28: ='13'!BO29 -> 0 | BP28: ='13'!BR29 -> 0 | BQ28: ='13'!BS29 -> 0 | BR28: ='13'!BT29 -> 0 | BU28: ='13'!BU29 -> 0 | BV28: ='13'!BV29 -> 0 | BW28: =AN28-E28 -> 0 | BX28: =AO28-F28 -> 0 | BY28: =AP28-G28 -> 5.2 | BZ28: =AQ28-H28 -> 0 | CA28: =AR28-I28 -> 0 | CB28: =AS28-J28 -> 2.72 | CC28: =AT28-K28 -> 0
A29: 1.1.1.1 | B29: Технологическое присоединение энергопринимающих устройств потребителей максимальной мощностью до 15 кВт включительно, всего | C29: Г | D29: нд | E29: =L29+S29+Z29+AG29 -> 0 | F29: =M29+T29+AA29+AH29 -> 0 | G29: =N29+U29+AB29+AI29 -> 0 | H29: =O29+V29+AC29+AJ29 -> 0 | I29: =P29+W29+AD29+AK29 -> 0 | J29: =Q29+X29+AE29+AL29 -> 0 | K29: =R29+Y29+AF29+AM29 -> 0 | L29: 0 | M29: 0 | N29: 0 | O29: 0 | P29: 0 | Q29: 0 | R29: 0 | S29: 0 | T29: 0 | U29: 0 | V29: 0 | W29: 0 | X29: 0 | Y29: 0 | Z29: 0 | AA29: 0 | AB29: 0 | AC29: 0 | AD29: 0 | AE29: 0 | AF29: 0 | AG29: 0 | AH29: 0 | AI29: 0 | AJ29: 0 | AK29: 0 | AL29: 0 | AM29: 0 | AN29: 0 | AO29: 0 | AP29: 0 | AQ29: 0 | AR29: 0 | AS29: 0 | AT29: 0 | AU29: 0 | AV29: 0 | AW29: 0 | AX29: 0 | AY29: 0 | AZ29: 0 | BA29: 0 | BB29: 0 | BC29: 0 | BD29: 0 | BE29: 0 | BF29: 0 | BG29: 0 | BH29: 0 | BI29: 0 | BJ29: 0 | BK29: 0 | BL29: 0 | BM29: 0 | BN29: 0 | BO29: 0 | BP29: 0 | BQ29: 0 | BR29: 0 | BS29: 0 | BT29: 0 | BU29: 0 | BV29: 0 | BW29: =AN29-E29 -> 0 | BX29: =AO29-F29 -> 0 | BY29: =AP29-G29 -> 0 | BZ29: =AQ29-H29 -> 0 | CA29: =AR29-I29 -> 0 | CB29: =AS29-J29 -> 0 | CC29: =AT29-K29 -> 0 | CD29: 0
A30: 1.1.1.2 | B30: Технологическое присоединение энергопринимающих устройств потребителей максимальной мощностью до 150 кВт включительно, всего | C30: Г | D30: нд | E30: =L30+S30+Z30+AG30 -> 0 | F30: =M30+T30+AA30+AH30 -> 0 | G30: =N30+U30+AB30+AI30 -> 0 | H30: =O30+V30+AC30+AJ30 -> 0 | I30: =P30+W30+AD30+AK30 -> 0 | J30: =Q30+X30+AE30+AL30 -> 0 | K30: =R30+Y30+AF30+AM30 -> 0 | L30: 0 | M30: 0 | N30: 0 | O30: 0 | P30: 0 | Q30: 0 | R30: 0 | S30: 0 | T30: 0 | U30: 0 | V30: 0 | W30: 0 | X30: 0 | Y30: 0 | Z30: 0 | AA30: 0 | AB30: 0 | AC30: 0 | AD30: 0 | AE30: 0 | AF30: 0 | AG30: 0 | AH30: 0 | AI30: 0 | AJ30: 0 | AK30: 0 | AL30: 0 | AM30: 0 | AN30: 0 | AO30: 0 | AP30: 0 | AQ30: 0 | AR30: 0 | AS30: 0 | AT30: 0 | AU30: 0 | AV30: 0 | AW30: 0 | AX30: 0 | AY30: 0 | AZ30: 0 | BA30: 0 | BB30: 0 | BC30: 0 | BD30: 0 | BE30: 0 | BF30: 0 | BG30: 0 | BH30: 0 | BI30: 0 | BJ30: 0 | BK30: 0 | BL30: 0 | BM30: 0 | BN30: 0 | BO30: 0 | BP30: 0 | BQ30: 0 | BR30: 0 | BS30: 0 | BT30: 0 | BU30: 0 | BV30: 0 | BW30: =AN30-E30 -> 0 | BX30: =AO30-F30 -> 0 | BY30: =AP30-G30 -> 0 | BZ30: =AQ30-H30 -> 0 | CA30: =AR30-I30 -> 0 | CB30: =AS30-J30 -> 0 | CC30: =AT30-K30 -> 0 | CD30: 0
A31: 1.1.1.3 | B31: Технологическое присоединение энергопринимающих устройств потребителей свыше 150 кВт, всего | C31: Г | D31: нд | E31: =L31+S31+Z31+AG31 -> 0 | F31: =M31+T31+AA31+AH31 -> 0 | G31: =N31+U31+AB31+AI31 -> 0 | H31: =O31+V31+AC31+AJ31 -> 0 | I31: =P31+W31+AD31+AK31 -> 0 | J31: =Q31+X31+AE31+AL31 -> 0 | K31: =R31+Y31+AF31+AM31 -> 0 | L31: 0 | M31: 0 | N31: 0 | O31: 0 | P31: 0 | Q31: 0 | R31: 0 | S31: 0 | T31: 0 | U31: 0 | V31: 0 | W31: 0 | X31: 0 | Y31: 0 | Z31: 0 | AA31: 0 | AB31: 0 | AC31: 0 | AD31: 0 | AE31: 0 | AF31: 0 | AG31: 0 | AH31: 0 | AI31: 0 | AJ31: 0 | AK31: 0 | AL31: 0 | AM31: 0 | AN31: 0 | AO31: 0 | AP31: 0 | AQ31: 0 | AR31: 0 | AS31: 0 | AT31: 0 | AU31: 0 | AV31: 0 | AW31: 0 | AX31: 0 | AY31: 0 | AZ31: 0 | BA31: 0 | BB31: 0 | BC31: 0 | BD31: 0 | BE31: 0 | BF31: 0 | BG31: 0 | BH31: 0 | BI31: 0 | BJ31: 0 | BK31: 0 | BL31: 0 | BM31: 0 | BN31: 0 | BO31: 0 | BP31: 0 | BQ31: 0 | BR31: 0 | BS31: 0 | BT31: 0 | BU31: 0 | BV31: 0 | BW31: =AN31-E31 -> 0 | BX31: =AO31-F31 -> 0 | BY31: =AP31-G31 -> 0 | BZ31: =AQ31-H31 -> 0 | CA31: =AR31-I31 -> 0 | CB31: =AS31-J31 -> 0 | CC31: =AT31-K31 -> 0 | CD31: 0
A32: 1.2 | B32: Реконструкция, модернизация, техническое перевооружение всего, в том числе: | C32: Г | D32: нд | E32: =L32+S32+Z32+AG32 -> 0 | F32: =M32+T32+AA32+AH32 -> 0 | G32: =N32+U32+AB32+AI32 -> 0.19 | H32: =O32+V32+AC32+AJ32 -> 0 | I32: =P32+W32+AD32+AK32 -> 0 | J32: =Q32+X32+AE32+AL32 -> 0 | K32: =R32+Y32+AF32+AM32 -> 0 | L32: =L33+L35+L41 -> 0 | M32: =M33+M35+M41 -> 0 | N32: =N33+N35+N41 -> 0.19 | O32: =O33+O35+O41 -> 0 | P32: =P33+P35+P41 -> 0 | Q32: =Q33+Q35+Q41 -> 0 | R32: =R33+R35+R41 -> 0 | S32: =S33+S35+S41 -> 0 | ... AM32: =AM33+AM35+AM41 -> 0 | AN32: =AU32+BB32+BI32+BP32 -> 0.92 | AO32: =AV32+BC32+BJ32+BQ32 -> 0 | AP32: =AW32+BD32+BK32+BR32 -> 2.72 | AQ32: =AX32+BE32+BL32+BS32 -> 0 | AR32: =AY32+BF32+BM32+BT32 -> 0.06 | AS32: =AZ32+BG32+BN32+BU32 -> 0 | AT32: =BA32+BH32+BO32+BV32 -> 0 | AU32: =AU33+AU35+AU41 -> 0.92 | AV32: =AV33+AV35+AV41 -> 0 | AW32: =AW33+AW35+AW41 -> 2.72 | AX32: =AX33+AX35+AX41 -> 0 | AY32: =AY33+AY35+AY41 -> 0.06 | AZ32: =AZ33+AZ35+AZ41 -> 0 | BA32: =BA33+BA35+BA41 -> 0 | BB32: =BB33+BB35+BB41 -> 0 | ... BV32: =BV33+BV35+BV41 -> 0 | BW32: =AN32-E32 -> 0.92 | BX32: =AO32-F32 -> 0 | BY32: =AP32-G32 -> 2.53 | BZ32: =AQ32-H32 -> 0 | CA32: =AR32-I32 -> 0.06 | CB32: =AS32-J32 -> 0 | CC32: =AT32-K32 -> 0
A33: 1.2.1 | B33: Реконструкция, модернизация, техническое перевооружение трансформаторных и иных подстанций, распределительных пунктов, всего, в том числе: | C33: Г | D33: нд | E33: =L33+S33+Z33+AG33 -> 0 | F33: =M33+T33+AA33+AH33 -> 0 | G33: =N33+U33+AB33+AI33 -> 0 | H33: =O33+V33+AC33+AJ33 -> 0 | I33: =P33+W33+AD33+AK33 -> 0 | J33: =Q33+X33+AE33+AL33 -> 0 | K33: =R33+Y33+AF33+AM33 -> 0 | L33: =L34 -> 0 | M33: =M34 -> 0 | N33: =N34 -> 0 | O33: =O34 -> 0 | P33: =P34 -> 0 | Q33: =Q34 -> 0 | R33: =R34 -> 0 | S33: =S34 -> 0 | ... AM33: =AM34 -> 0 | AN33: =AU33+BB33+BI33+BP33 -> 0 | AO33: =AV33+BC33+BJ33+BQ33 -> 0 | AP33: =AW33+BD33+BK33+BR33 -> 0 | AQ33: =AX33+BE33+BL33+BS33 -> 0 | AR33: =AY33+BF33+BM33+BT33 -> 0 | AS33: =AZ33+BG33+BN33+BU33 -> 0 | AT33: =BA33+BH33+BO33+BV33 -> 0 | AU33: =AU34 -> 0 | AV33: =AV34 -> 0 | AW33: =AW34 -> 0 | AX33: =AX34 -> 0 | AY33: =AY34 -> 0 | AZ33: =AZ34 -> 0 | BA33: =BA34 -> 0 | BB33: =BB34 -> 0 | ... BV33: =BV34 -> 0 | BW33: =AN33-E33 -> 0 | BX33: =AO33-F33 -> 0 | BY33: =AP33-G33 -> 0 | BZ33: =AQ33-H33 -> 0 | CA33: =AR33-I33 -> 0 | CB33: =AS33-J33 -> 0 | CC33: =AT33-K33 -> 0
A34: 1.2.1.1 | B34: Реконструкция_ТП, РП, ПС. | C34: ЭD 1.2.1.1 | D34: нд | E34: =L34+S34+Z34+AG34 -> 0 | F34: =M34+T34+AA34+AH34 -> 0 | G34: =N34+U34+AB34+AI34 -> 0 | H34: =O34+V34+AC34+AJ34 -> 0 | I34: =P34+W34+AD34+AK34 -> 0 | J34: =Q34+X34+AE34+AL34 -> 0 | K34: =R34+Y34+AF34+AM34 -> 0 | L34: ='13'!N35 -> 0 | M34: 0 | N34: 0 | O34: 0 | P34: 0 | Q34: 0 | R34: 0 | S34: ='13'!U35 -> 0 | T34: 0 | U34: 0 | V34: 0 | W34: 0 | X34: 0 | Y34: 0 | Z34: ='13'!AB35 -> 0 | AA34: 0 | AB34: 0 | AC34: 0 | AD34: 0 | AE34: 0 | AF34: 0 | AG34: ='13'!AI35 -> 0 | AH34: 0 | AI34: 0 | AJ34: 0 | AK34: 0 | AL34: 0 | AM34: 0 | AN34: =AU34+BB34+BI34+BP34 -> 0 | AO34: =AV34+BC34+BJ34+BQ34 -> 0 | AP34: =AW34+BD34+BK34+BR34 -> 0 | AQ34: =AX34+BE34+BL34+BS34 -> 0 | AR34: =AY34+BF34+BM34+BT34 -> 0 | AS34: =AZ34+BG34+BN34+BU34 -> 0 | AT34: =BA34+BH34+BO34+BV34 -> 0 | AU34: ='13'!AW35 -> 0 | AV34: 0 | AW34: 0 | AX34: 0 | AY34: 0 | AZ34: 0 | BA34: 0 | BB34: ='13'!BD35 -> 0 | BC34: 0 | BD34: 0 | BE34: 0 | BF34: 0 | BG34: 0 | BH34: 0 | BI34: ='13'!BK35 -> 0 | BJ34: 0 | BK34: 0 | BL34: 0 | BM34: 0 | BN34: 0 | BO34: 0 | BP34: ='13'!BR35 -> 0 | BQ34: 0 | BR34: 0 | BS34: 0 | BT34: 0 | BU34: 0 | BV34: 0 | BW34: =AN34-E34 -> 0 | BX34: =AO34-F34 -> 0 | BY34: =AP34-G34 -> 0 | BZ34: =AQ34-H34 -> 0 | CA34: =AR34-I34 -> 0 | CB34: =AS34-J34 -> 0 | CC34: =AT34-K34 -> 0
A35: 1.2.2 | B35: Реконструкция, модернизация, техническое перевооружение линий электропередачи, всего, в том числе: | C35: Г | D35: нд | E35: =L35+S35+Z35+AG35 -> 0 | F35: =M35+T35+AA35+AH35 -> 0 | G35: =N35+U35+AB35+AI35 -> 0.19 | H35: =O35+V35+AC35+AJ35 -> 0 | I35: =P35+W35+AD35+AK35 -> 0 | J35: =Q35+X35+AE35+AL35 -> 0 | K35: =R35+Y35+AF35+AM35 -> 0 | L35: =SUM(L36:L39) -> 0 | M35: =SUM(M36:M39) -> 0 | N35: =SUM(N36:N39) -> 0.19 | O35: =SUM(O36:O39) -> 0 | P35: =SUM(P36:P39) -> 0 | Q35: =SUM(Q36:Q39) -> 0 | R35: =SUM(R36:R39) -> 0 | S35: =SUM(S36:S39) -> 0 | ... AM35: =SUM(AM36:AM39) -> 0 | AN35: =AU35+BB35+BI35+BP35 -> 0 | AO35: =AV35+BC35+BJ35+BQ35 -> 0 | AP35: =AW35+BD35+BK35+BR35 -> 2.72 | AQ35: =AX35+BE35+BL35+BS35 -> 0 | AR35: =AY35+BF35+BM35+BT35 -> 0.06 | AS35: =AZ35+BG35+BN35+BU35 -> 0 | AT35: =BA35+BH35+BO35+BV35 -> 0 | AU35: =SUM(AU36:AU39) -> 0 | AV35: =SUM(AV36:AV39) -> 0 | AW35: =SUM(AW36:AW39) -> 2.72 | AX35: =SUM(AX36:AX39) -> 0 | AY35: =SUM(AY36:AY39) -> 0.06 | AZ35: =SUM(AZ36:AZ39) -> 0 | BA35: =SUM(BA36:BA39) -> 0 | BB35: =SUM(BB36:BB39) -> 0 | ... BV35: =SUM(BV36:BV39) -> 0 | BW35: =AN35-E35 -> 0 | BX35: =AO35-F35 -> 0 | BY35: =AP35-G35 -> 2.53 | BZ35: =AQ35-H35 -> 0 | CA35: =AR35-I35 -> 0.06 | CB35: =AS35-J35 -> 0 | CC35: =AT35-K35 -> 0
A36: 1.2.2.1 | B36: Реконструкция_Кабельные линии 0,4 кВ. | C36: ЭD 1.2.2.1 | D36: нд | E36: =L36+S36+Z36+AG36 -> 0 | F36: =M36+T36+AA36+AH36 -> 0 | G36: =N36+U36+AB36+AI36 -> 0 | H36: =O36+V36+AC36+AJ36 -> 0 | I36: =P36+W36+AD36+AK36 -> 0 | J36: =Q36+X36+AE36+AL36 -> 0 | K36: =R36+Y36+AF36+AM36 -> 0 | L36: 0 | M36: 0 | N36: 0 | O36: 0 | P36: ='13'!P37 -> 0 | Q36: 0 | R36: 0 | S36: 0 | T36: 0 | U36: 0 | V36: 0 | W36: ='13'!W37 -> 0 | X36: 0 | Y36: 0 | Z36: 0 | AA36: 0 | AB36: 0 | AC36: 0 | AD36: ='13'!AD37 -> 0 | AE36: 0 | AF36: 0 | AG36: 0 | AH36: 0 | AI36: 0 | AJ36: 0 | AK36: ='13'!AK37 -> 0 | AL36: 0 | AM36: 0 | AN36: =AU36+BB36+BI36+BP36 -> 0 | AO36: =AV36+BC36+BJ36+BQ36 -> 0 | AP36: =AW36+BD36+BK36+BR36 -> 0 | AQ36: =AX36+BE36+BL36+BS36 -> 0 | AR36: =AY36+BF36+BM36+BT36 -> 0.06 | AS36: =AZ36+BG36+BN36+BU36 -> 0 | AT36: =BA36+BH36+BO36+BV36 -> 0 | AU36: 0 | AV36: 0 | AW36: 0 | AX36: 0 | AY36: ='13'!AY37 -> 0.06 | AZ36: 0 | BA36: 0 | BB36: 0 | BC36: 0 | BD36: 0 | BE36: 0 | BF36: ='13'!BF37 -> 0 | BG36: 0 | BH36: 0 | BI36: 0 | BJ36: 0 | BK36: 0 | BL36: 0 | BM36: ='13'!BM37 -> 0 | BN36: 0 | BO36: 0 | BP36: 0 | BQ36: 0 | BR36: 0 | BS36: 0 | BT36: ='13'!BT37 -> 0 | BU36: 0 | BV36: 0 | BW36: =AN36-E36 -> 0 | BX36: =AO36-F36 -> 0 | BY36: =AP36-G36 -> 0 | BZ36: =AQ36-H36 -> 0 | CA36: =AR36-I36 -> 0.06 | CB36: =AS36-J36 -> 0 | CC36: =AT36-K36 -> 0
A37: 1.2.2.2 | B37: Реконструкция_Кабельные линии 6-10 кВ. | C37: ЭD 1.2.2.2 | D37: нд | E37: =L37+S37+Z37+AG37 -> 0 | F37: =M37+T37+AA37+AH37 -> 0 | G37: =N37+U37+AB37+AI37 -> 0 | H37: =O37+V37+AC37+AJ37 -> 0 | I37: =P37+W37+AD37+AK37 -> 0 | J37: =Q37+X37+AE37+AL37 -> 0 | K37: =R37+Y37+AF37+AM37 -> 0 | L37: 0 | M37: 0 | N37: 0 | O37: 0 | P37: ='13'!P38 -> 0 | Q37: 0 | R37: 0 | S37: 0 | T37: 0 | U37: 0 | V37: 0 | W37: ='13'!W38 -> 0 | X37: 0 | Y37: 0 | Z37: 0 | AA37: 0 | AB37: 0 | AC37: 0 | AD37: ='13'!AD38 -> 0 | AE37: 0 | AF37: 0 | AG37: 0 | AH37: 0 | AI37: 0 | AJ37: 0 | AK37: ='13'!AK38 -> 0 | AL37: 0 | AM37: 0 | AN37: =AU37+BB37+BI37+BP37 -> 0 | AO37: =AV37+BC37+BJ37+BQ37 -> 0 | AP37: =AW37+BD37+BK37+BR37 -> 0 | AQ37: =AX37+BE37+BL37+BS37 -> 0 | AR37: =AY37+BF37+BM37+BT37 -> 0 | AS37: =AZ37+BG37+BN37+BU37 -> 0 | AT37: =BA37+BH37+BO37+BV37 -> 0 | AU37: 0 | AV37: 0 | AW37: 0 | AX37: 0 | AY37: ='13'!AY38 -> 0 | AZ37: 0 | BA37: 0 | BB37: 0 | BC37: 0 | BD37: 0 | BE37: 0 | BF37: ='13'!BF38 -> 0 | BG37: 0 | BH37: 0 | BI37: 0 | BJ37: 0 | BK37: 0 | BL37: 0 | BM37: ='13'!BM38 -> 0 | BN37: 0 | BO37: 0 | BP37: 0 | BQ37: 0 | BR37: 0 | BS37: 0 | BT37: ='13'!BT38 -> 0 | BU37: 0 | BV37: 0 | BW37: =AN37-E37 -> 0 | BX37: =AO37-F37 -> 0 | BY37: =AP37-G37 -> 0 | BZ37: =AQ37-H37 -> 0 | CA37: =AR37-I37 -> 0 | CB37: =AS37-J37 -> 0 | CC37: =AT37-K37 -> 0
A38: 1.2.2.3 | B38: Реконструкция_ Воздушные линии 0,4 кВ. | C38: ЭD 1.2.2.3 | D38: нд | E38: =L38+S38+Z38+AG38 -> 0 | F38: =M38+T38+AA38+AH38 -> 0 | G38: =N38+U38+AB38+AI38 -> 0.04 | H38: =O38+V38+AC38+AJ38 -> 0 | I38: =P38+W38+AD38+AK38 -> 0 | J38: =Q38+X38+AE38+AL38 -> 0 | K38: =R38+Y38+AF38+AM38 -> 0 | L38: 0 | M38: 0 | N38: ='13'!P39 -> 0.04 | O38: 0 | P38: 0 | Q38: 0 | R38: 0 | S38: 0 | T38: 0 | U38: ='13'!W39 -> 0 | V38: 0 | W38: 0 | X38: 0 | Y38: 0 | Z38: 0 | AA38: 0 | AB38: ='13'!AD39 -> 0 | AC38: 0 | AD38: 0 | AE38: 0 | AF38: 0 | AG38: 0 | AH38: 0 | AI38: ='13'!AK39 -> 0 | AJ38: 0 | AK38: 0 | AL38: 0 | AM38: 0 | AN38: =AU38+BB38+BI38+BP38 -> 0 | AO38: =AV38+BC38+BJ38+BQ38 -> 0 | AP38: =AW38+BD38+BK38+BR38 -> 2.72 | AQ38: =AX38+BE38+BL38+BS38 -> 0 | AR38: =AY38+BF38+BM38+BT38 -> 0 | AS38: =AZ38+BG38+BN38+BU38 -> 0 | AT38: =BA38+BH38+BO38+BV38 -> 0 | AU38: 0 | AV38: 0 | AW38: ='13'!AY39 -> 2.72 | AX38: 0 | AY38: 0 | AZ38: 0 | BA38: 0 | BB38: 0 | BC38: 0 | BD38: ='13'!BF39 -> 0 | BE38: 0 | BF38: 0 | BG38: 0 | BH38: 0 | BI38: 0 | BJ38: 0 | BK38: ='13'!BM39 -> 0 | BL38: 0 | BM38: 0 | BN38: 0 | BO38: 0 | BP38: 0 | BQ38: 0 | BR38: ='13'!BT39 -> 0 | BS38: 0 | BT38: 0 | BU38: 0 | BV38: 0 | BW38: =AN38-E38 -> 0 | BX38: =AO38-F38 -> 0 | BY38: =AP38-G38 -> 2.68 | BZ38: =AQ38-H38 -> 0 | CA38: =AR38-I38 -> 0 | CB38: =AS38-J38 -> 0 | CC38: =AT38-K38 -> 0
A39: 1.2.2.4 | B39: Реконструкция_Воздушные линии 6-10 кВ. | C39: ЭD 1.2.2.4 | D39: нд | E39: =L39+S39+Z39+AG39 -> 0 | F39: =M39+T39+AA39+AH39 -> 0 | G39: =N39+U39+AB39+AI39 -> 0.15 | H39: =O39+V39+AC39+AJ39 -> 0 | I39: =P39+W39+AD39+AK39 -> 0 | J39: =Q39+X39+AE39+AL39 -> 0 | K39: =R39+Y39+AF39+AM39 -> 0 | L39: 0 | M39: 0 | N39: ='13'!P40 -> 0.15 | O39: 0 | P39: 0 | Q39: 0 | R39: 0 | S39: 0 | T39: 0 | U39: ='13'!W40 -> 0 | V39: 0 | W39: 0 | X39: 0 | Y39: 0 | Z39: 0 | AA39: 0 | AB39: ='13'!AD40 -> 0 | AC39: 0 | AD39: 0 | AE39: 0 | AF39: 0 | AG39: 0 | AH39: 0 | AI39: ='13'!AK40 -> 0 | AJ39: 0 | AK39: 0 | AL39: 0 | AM39: 0 | AN39: =AU39+BB39+BI39+BP39 -> 0 | AO39: =AV39+BC39+BJ39+BQ39 -> 0 | AP39: =AW39+BD39+BK39+BR39 -> 0 | AQ39: =AX39+BE39+BL39+BS39 -> 0 | AR39: =AY39+BF39+BM39+BT39 -> 0 | AS39: =AZ39+BG39+BN39+BU39 -> 0 | AT39: =BA39+BH39+BO39+BV39 -> 0 | AU39: 0 | AV39: 0 | AW39: ='13'!AY40 -> 0 | AX39: 0 | AY39: 0 | AZ39: 0 | BA39: 0 | BB39: 0 | BC39: 0 | BD39: ='13'!BF40 -> 0 | BE39: 0 | BF39: 0 | BG39: 0 | BH39: 0 | BI39: 0 | BJ39: 0 | BK39: ='13'!BM40 -> 0 | BL39: 0 | BM39: 0 | BN39: 0 | BO39: 0 | BP39: 0 | BQ39: 0 | BR39: ='13'!BT40 -> 0 | BS39: 0 | BT39: 0 | BU39: 0 | BV39: 0 | BW39: =AN39-E39 -> 0 | BX39: =AO39-F39 -> 0 | BY39: =AP39-G39 -> -0.15 | BZ39: =AQ39-H39 -> 0 | CA39: =AR39-I39 -> 0 | CB39: =AS39-J39 -> 0 | CC39: =AT39-K39 -> 0
A40: 1.2.3 | B40: Развитие и модернизация учета электрической энергии (мощности), всего, в том числе: | C40: Г | D40: нд | E40: нд | F40: нд | G40: нд | H40: нд | I40: нд | J40: нд | K40: нд | L40: нд | M40: нд | N40: нд | O40: нд | P40: нд | Q40: нд | R40: нд | S40: нд | T40: нд | U40: нд | V40: нд | W40: нд | X40: нд | Y40: нд | Z40: нд | AA40: нд | AB40: нд | AC40: нд | AD40: нд | AE40: нд | AF40: нд | AG40: нд | AH40: нд | AI40: нд | AJ40: нд | AK40: нд | AL40: нд | AM40: нд | AN40: нд | AO40: нд | AP40: нд | AQ40: нд | AR40: нд | AS40: нд | AT40: нд | AU40: нд | AV40: нд | AW40: нд | AX40: нд | AY40: нд | AZ40: нд | BA40: нд | BB40: нд | BC40: нд | BD40: нд | BE40: нд | BF40: нд | BG40: нд | BH40: нд | BI40: нд | BJ40: нд | BK40: нд | BL40: нд | BM40: нд | BN40: нд | BO40: нд | BP40: нд | BQ40: нд | BR40: нд | BS40: нд | BT40: нд | BU40: нд | BV40: нд | BW40: нд | BX40: нд | BY40: нд | BZ40: нд | CA40: нд | CB40: нд | CC40: нд
A41: 1.2.4 | B41: Реконструкция, модернизация, техническое перевооружение прочих объектов основных средств, всего, в том числе: | C41: Г | D41: нд | E41: =L41+S41+Z41+AG41 -> 0 | F41: =M41+T41+AA41+AH41 -> 0 | G41: =N41+U41+AB41+AI41 -> 0 | H41: =O41+V41+AC41+AJ41 -> 0 | I41: =P41+W41+AD41+AK41 -> 0 | J41: =Q41+X41+AE41+AL41 -> 0 | K41: =R41+Y41+AF41+AM41 -> 0 | L41: =SUM(L42:L45) -> 0 | M41: =SUM(M42:M45) -> 0 | N41: =SUM(N42:N45) -> 0 | O41: =SUM(O42:O45) -> 0 | P41: =SUM(P42:P45) -> 0 | Q41: =SUM(Q42:Q45) -> 0 | R41: =SUM(R42:R45) -> 0 | S41: =SUM(S42:S45) -> 0 | ... AM41: =SUM(AM42:AM45) -> 0 | AN41: =AU41+BB41+BI41+BP41 -> 0.92 | AO41: =AV41+BC41+BJ41+BQ41 -> 0 | AP41: =AW41+BD41+BK41+BR41 -> 0 | AQ41: =AX41+BE41+BL41+BS41 -> 0 | AR41: =AY41+BF41+BM41+BT41 -> 0 | AS41: =AZ41+BG41+BN41+BU41 -> 0 | AT41: =BA41+BH41+BO41+BV41 -> 0 | AU41: =SUM(AU42:AU45) -> 0.92 | AV41: =SUM(AV42:AV45) -> 0 | AW41: =SUM(AW42:AW45) -> 0 | AX41: =SUM(AX42:AX45) -> 0 | AY41: =SUM(AY42:AY45) -> 0 | AZ41: =SUM(AZ42:AZ45) -> 0 | BA41: =SUM(BA42:BA45) -> 0 | BB41: =SUM(BB42:BB45) -> 0 | ... BV41: =SUM(BV42:BV45) -> 0 | BW41: =AN41-E41 -> 0.92 | BX41: =AO41-F41 -> 0 | BY41: =AP41-G41 -> 0 | BZ41: =AQ41-H41 -> 0 | CA41: =AR41-I41 -> 0 | CB41: =AS41-J41 -> 0 | CC41: =AT41-K41 -> 0
A42: 1.2.4.1 | B42: Реконструкция_Оборудование, инструмент, средства механизации | C42: ЭD 1.2.4.1 | D42: нд | E42: =L42+S42+Z42+AG42 -> 0 | F42: =M42+T42+AA42+AH42 -> 0 | G42: =N42+U42+AB42+AI42 -> 0 | H42: =O42+V42+AC42+AJ42 -> 0 | I42: =P42+W42+AD42+AK42 -> 0 | J42: =Q42+X42+AE42+AL42 -> 0 | K42: =R42+Y42+AF42+AM42 -> 0 | L42: 0 | M42: 0 | N42: 0 | O42: 0 | P42: 0 | Q42: 0 | R42: 0 | S42: 0 | T42: 0 | U42: 0 | V42: 0 | W42: 0 | X42: 0 | Y42: 0 | Z42: 0 | AA42: 0 | AB42: 0 | AC42: 0 | AD42: 0 | AE42: 0 | AF42: 0 | AG42: 0 | AH42: 0 | AI42: 0 | AJ42: 0 | AK42: 0 | AL42: 0 | AM42: 0 | AN42: =AU42+BB42+BI42+BP42 -> 0 | AO42: =AV42+BC42+BJ42+BQ42 -> 0 | AP42: =AW42+BD42+BK42+BR42 -> 0 | AQ42: =AX42+BE42+BL42+BS42 -> 0 | AR42: =AY42+BF42+BM42+BT42 -> 0 | AS42: =AZ42+BG42+BN42+BU42 -> 0 | AT42: =BA42+BH42+BO42+BV42 -> 0 | AU42: 0 | AV42: 0 | AW42: 0 | AX42: 0 | AY42: 0 | AZ42: 0 | BA42: 0 | BB42: 0 | BC42: 0 | BD42: 0 | BE42: 0 | BF42: 0 | BG42: 0 | BH42: 0 | BI42: 0 | BJ42: 0 | BK42: 0 | BL42: 0 | BM42: 0 | BN42: 0 | BO42: 0 | BP42: 0 | BQ42: 0 | BR42: 0 | BS42: 0 | BT42: 0 | BU42: 0 | BV42: 0 | BW42: =AN42-E42 -> 0 | BX42: =AO42-F42 -> 0 | BY42: =AP42-G42 -> 0 | BZ42: =AQ42-H42 -> 0 | CA42: =AR42-I42 -> 0 | CB42: =AS42-J42 -> 0 | CC42: =AT42-K42 -> 0
A43: 1.2.4.2 | B43: Реконструкция_Создание и модернизация систем телемеханики и связи, оргтехника, программное обеспечение | C43: ЭD 1.2.4.2 | D43: нд | E43: =L43+S43+Z43+AG43 -> 0 | F43: =M43+T43+AA43+AH43 -> 0 | G43: =N43+U43+AB43+AI43 -> 0 | H43: =O43+V43+AC43+AJ43 -> 0 | I43: =P43+W43+AD43+AK43 -> 0 | J43: =Q43+X43+AE43+AL43 -> 0 | K43: =R43+Y43+AF43+AM43 -> 0 | L43: 0 | M43: 0 | N43: 0 | O43: 0 | P43: 0 | Q43: 0 | R43: 0 | S43: 0 | T43: 0 | U43: 0 | V43: 0 | W43: 0 | X43: 0 | Y43: 0 | Z43: 0 | AA43: 0 | AB43: 0 | AC43: 0 | AD43: 0 | AE43: 0 | AF43: 0 | AG43: 0 | AH43: 0 | AI43: 0 | AJ43: 0 | AK43: 0 | AL43: 0 | AM43: 0 | AN43: =AU43+BB43+BI43+BP43 -> 0 | AO43: =AV43+BC43+BJ43+BQ43 -> 0 | AP43: =AW43+BD43+BK43+BR43 -> 0 | AQ43: =AX43+BE43+BL43+BS43 -> 0 | AR43: =AY43+BF43+BM43+BT43 -> 0 | AS43: =AZ43+BG43+BN43+BU43 -> 0 | AT43: =BA43+BH43+BO43+BV43 -> 0 | AU43: 0 | AV43: 0 | AW43: 0 | AX43: 0 | AY43: 0 | AZ43: 0 | BA43: 0 | BB43: 0 | BC43: 0 | BD43: 0 | BE43: 0 | BF43: 0 | BG43: 0 | BH43: 0 | BI43: 0 | BJ43: 0 | BK43: 0 | BL43: 0 | BM43: 0 | BN43: 0 | BO43: 0 | BP43: 0 | BQ43: 0 | BR43: 0 | BS43: 0 | BT43: 0 | BU43: 0 | BV43: 0 | BW43: =AN43-E43 -> 0 | BX43: =AO43-F43 -> 0 | BY43: =AP43-G43 -> 0 | BZ43: =AQ43-H43 -> 0 | CA43: =AR43-I43 -> 0 | CB43: =AS43-J43 -> 0 | CC43: =AT43-K43 -> 0
A44: 1.2.4.3 | B44: СКУД | C44: ЭD 1.2.4.3 | D44: нд
A45: 1.2.4.4 | B45: Реконструкция_Силовые трансформаторы | C45: ЭD 1.2.4.4 | D45: нд | E45: =L45+S45+Z45+AG45 -> 0 | F45: =M45+T45+AA45+AH45 -> 0 | G45: =N45+U45+AB45+AI45 -> 0 | H45: =O45+V45+AC45+AJ45 -> 0 | I45: =P45+W45+AD45+AK45 -> 0 | J45: =Q45+X45+AE45+AL45 -> 0 | K45: =R45+Y45+AF45+AM45 -> 0 | L45: ='13'!N46 -> 0 | M45: 0 | N45: 0 | O45: 0 | P45: 0 | Q45: 0 | R45: 0 | S45: ='13'!U46 -> 0 | T45: 0 | U45: 0 | V45: 0 | W45: 0 | X45: 0 | Y45: 0 | Z45: ='13'!AB46 -> 0 | AA45: 0 | AB45: 0 | AC45: 0 | AD45: 0 | AE45: 0 | AF45: 0 | AG45: ='13'!AI46 -> 0 | AH45: 0 | AI45: 0 | AJ45: 0 | AK45: 0 | AL45: 0 | AM45: 0 | AN45: =AU45+BB45+BI45+BP45 -> 0.92 | AO45: =AV45+BC45+BJ45+BQ45 -> 0 | AP45: =AW45+BD45+BK45+BR45 -> 0 | AQ45: =AX45+BE45+BL45+BS45 -> 0 | AR45: =AY45+BF45+BM45+BT45 -> 0 | AS45: =AZ45+BG45+BN45+BU45 -> 0 | AT45: =BA45+BH45+BO45+BV45 -> 0 | AU45: ='13'!AW46 -> 0.92 | AV45: 0 | AW45: 0 | AX45: 0 | AY45: 0 | AZ45: 0 | BA45: 0 | BB45: ='13'!BD46 -> 0 | BC45: 0 | BD45: 0 | BE45: 0 | BF45: 0 | BG45: 0 | BH45: 0 | BI45: ='13'!BK46 -> 0 | BJ45: 0 | BK45: 0 | BL45: 0 | BM45: 0 | BN45: 0 | BO45: 0 | BP45: ='13'!BR46 -> 0 | BQ45: 0 | BR45: 0 | BS45: 0 | BT45: 0 | BU45: 0 | BV45: 0 | BW45: =AN45-E45 -> 0.92 | BX45: =AO45-F45 -> 0 | BY45: =AP45-G45 -> 0 | BZ45: =AQ45-H45 -> 0 | CA45: =AR45-I45 -> 0 | CB45: =AS45-J45 -> 0 | CC45: =AT45-K45 -> 0
A46: 1.3 | B46: Инвестиционные проекты, реализация которых обуславливается схемами и программами перспективного развития электроэнергетики, всего | C46: Г | D46: нд | E46: нд | F46: нд | G46: нд | H46: нд | I46: нд | J46: нд | K46: нд | L46: нд | M46: нд | N46: нд | O46: нд | P46: нд | Q46: нд | R46: нд | S46: нд | T46: нд | U46: нд | V46: нд | W46: нд | X46: нд | Y46: нд | Z46: нд | AA46: нд | AB46: нд | AC46: нд | AD46: нд | AE46: нд | AF46: нд | AG46: нд | AH46: нд | AI46: нд | AJ46: нд | AK46: нд | AL46: нд | AM46: нд | AN46: нд | AO46: нд | AP46: нд | AQ46: нд | AR46: нд | AS46: нд | AT46: нд | AU46: нд | AV46: нд | AW46: нд | AX46: нд | AY46: нд | AZ46: нд | BA46: нд | BB46: нд | BC46: нд | BD46: нд | BE46: нд | BF46: нд | BG46: нд | BH46: нд | BI46: нд | BJ46: нд | BK46: нд | BL46: нд | BM46: нд | BN46: нд | BO46: нд | BP46: нд | BQ46: нд | BR46: нд | BS46: нд | BT46: нд | BU46: нд | BV46: нд | BW46: нд | BX46: нд | BY46: нд | BZ46: нд | CA46: нд | CB46: нд | CC46: нд
A47: 1.4 | B47: Прочее новое строительство объектов электросетевого хозяйства, всего, в том числе: | C47: Г | D47: нд | E47: =L47+S47+Z47+AG47 -> 0 | F47: =M47+T47+AA47+AH47 -> 0 | G47: =N47+U47+AB47+AI47 -> 0.67 | H47: =O47+V47+AC47+AJ47 -> 0 | I47: =P47+W47+AD47+AK47 -> 0.97 | J47: =Q47+X47+AE47+AL47 -> 0 | K47: =R47+Y47+AF47+AM47 -> 0 | L47: =L48+L51+L52+L53+L54+L50 -> 0 | M47: =M48+M51+M52+M53+M54+M50 -> 0 | N47: =N48+N51+N52+N53+N54+N50 -> 0.67 | O47: =O48+O51+O52+O53+O54+O50 -> 0 | P47: =P48+P51+P52+P53+P54+P50 -> 0.97 | Q47: =Q48+Q51+Q52+Q53+Q54+Q50 -> 0 | R47: =R48+R51+R52+R53+R54+R50 -> 0 | S47: =S48+S51+S52+S53+S54+S50 -> 0 | ... AM47: =AM48+AM51+AM52+AM53+AM54+AM50 -> 0 | AN47: =AU47+BB47+BI47+BP47 -> 0 | AO47: =AV47+BC47+BJ47+BQ47 -> 0 | AP47: =AW47+BD47+BK47+BR47 -> 0 | AQ47: =AX47+BE47+BL47+BS47 -> 0 | AR47: =AY47+BF47+BM47+BT47 -> 0 | AS47: =AZ47+BG47+BN47+BU47 -> 0 | AT47: =BA47+BH47+BO47+BV47 -> 0 | AU47: =AU48+AU51+AU52+AU53+AU54+AU50 -> 0 | AV47: =AV48+AV51+AV52+AV53+AV54+AV50 -> 0 | AW47: =AW48+AW51+AW52+AW53+AW54+AW50 -> 0 | AX47: =AX48+AX51+AX52+AX53+AX54+AX50 -> 0 | AY47: =AY48+AY51+AY52+AY53+AY54+AY50 -> 0 | AZ47: =AZ48+AZ51+AZ52+AZ53+AZ54+AZ50 -> 0 | BA47: =BA48+BA51+BA52+BA53+BA54+BA50 -> 0 | BB47: =BB48+BB51+BB52+BB53+BB54+BB50 -> 0 | ... BV47: =BV48+BV51+BV52+BV53+BV54+BV50 -> 0 | BW47: =AN47-E47 -> 0 | BX47: =AO47-F47 -> 0 | BY47: =AP47-G47 -> -0.67 | BZ47: =AQ47-H47 -> 0 | CA47: =AR47-I47 -> -0.97 | CB47: =AS47-J47 -> 0 | CC47: =AT47-K47 -> 0
A48: 1.4.1 | B48: Энергосбережение и повышение энергетической эффективности | C48: ЭD 1.4.1 | D48: нд | E48: =L48+S48+Z48+AG48 -> 0 | F48: =M48+T48+AA48+AH48 -> 0 | G48: =N48+U48+AB48+AI48 -> 0 | H48: =O48+V48+AC48+AJ48 -> 0 | I48: =P48+W48+AD48+AK48 -> 0 | J48: =Q48+X48+AE48+AL48 -> 0 | K48: =R48+Y48+AF48+AM48 -> 0 | L48: 0 | M48: 0 | N48: 0 | O48: 0 | P48: 0 | Q48: 0 | R48: 0 | S48: 0 | T48: 0 | U48: 0 | V48: 0 | W48: 0 | X48: 0 | Y48: 0 | Z48: 0 | AA48: 0 | AB48: 0 | AC48: 0 | AD48: 0 | AE48: 0 | AF48: 0 | AG48: 0 | AH48: 0 | AI48: 0 | AJ48: 0 | AK48: 0 | AL48: 0 | AM48: 0 | AN48: =AU48+BB48+BI48+BP48 -> 0 | AO48: =AV48+BC48+BJ48+BQ48 -> 0 | AP48: =AW48+BD48+BK48+BR48 -> 0 | AQ48: =AX48+BE48+BL48+BS48 -> 0 | AR48: =AY48+BF48+BM48+BT48 -> 0 | AS48: =AZ48+BG48+BN48+BU48 -> 0 | AT48: =BA48+BH48+BO48+BV48 -> 0 | AU48: 0 | AV48: 0 | AW48: 0 | AX48: 0 | AY48: 0 | AZ48: 0 | BA48: 0 | BB48: 0 | BC48: 0 | BD48: 0 | BE48: 0 | BF48: 0 | BG48: 0 | BH48: 0 | BI48: 0 | BJ48: 0 | BK48: 0 | BL48: 0 | BM48: 0 | BN48: 0 | BO48: 0 | BP48: 0 | BQ48: 0 | BR48: 0 | BS48: 0 | BT48: 0 | BU48: 0 | BV48: 0 | BW48: =AN48-E48 -> 0 | BX48: =AO48-F48 -> 0 | BY48: =AP48-G48 -> 0 | BZ48: =AQ48-H48 -> 0 | CA48: =AR48-I48 -> 0 | CB48: =AS48-J48 -> 0 | CC48: =AT48-K48 -> 0
A49: 1.4.1.1 | B49: АИИС КУЭ | C49: ЭD 1.4.1.1 | D49: нд | E49: =L49+S49+Z49+AG49 -> 0 | F49: =M49+T49+AA49+AH49 -> 0 | G49: =N49+U49+AB49+AI49 -> 0 | H49: =O49+V49+AC49+AJ49 -> 0 | I49: =P49+W49+AD49+AK49 -> 0 | J49: =Q49+X49+AE49+AL49 -> 0 | K49: =R49+Y49+AF49+AM49 -> 0 | L49: 0 | M49: 0 | N49: 0 | O49: 0 | P49: 0 | Q49: 0 | R49: 0 | S49: 0 | T49: 0 | U49: 0 | V49: 0 | W49: 0 | X49: 0 | Y49: 0 | Z49: 0 | AA49: 0 | AB49: 0 | AC49: 0 | AD49: 0 | AE49: 0 | AF49: 0 | AG49: 0 | AH49: 0 | AI49: 0 | AJ49: 0 | AK49: 0 | AL49: 0 | AM49: 0 | AN49: =AU49+BB49+BI49+BP49 -> 0 | AO49: =AV49+BC49+BJ49+BQ49 -> 0 | AP49: =AW49+BD49+BK49+BR49 -> 0 | AQ49: =AX49+BE49+BL49+BS49 -> 0 | AR49: =AY49+BF49+BM49+BT49 -> 0 | AS49: =AZ49+BG49+BN49+BU49 -> 0 | AT49: =BA49+BH49+BO49+BV49 -> 0 | AU49: 0 | AV49: 0 | AW49: 0 | AX49: 0 | AY49: 0 | AZ49: 0 | BA49: 0 | BB49: 0 | BC49: 0 | BD49: 0 | BE49: 0 | BF49: 0 | BG49: 0 | BH49: 0 | BI49: 0 | BJ49: 0 | BK49: 0 | BL49: 0 | BM49: 0 | BN49: 0 | BO49: 0 | BP49: 0 | BQ49: 0 | BR49: 0 | BS49: 0 | BT49: 0 | BU49: 0 | BV49: 0 | BW49: =AN49-E49 -> 0 | BX49: =AO49-F49 -> 0 | BY49: =AP49-G49 -> 0 | BZ49: =AQ49-H49 -> 0 | CA49: =AR49-I49 -> 0 | CB49: =AS49-J49 -> 0 | CC49: =AT49-K49 -> 0
A50: 1.4.2 | B50: Новое строительство_РТП, РП, ТП, ПС | C50: ЭD 1.4.2 | D50: нд | E50: =L50+S50+Z50+AG50 -> 0 | F50: =M50+T50+AA50+AH50 -> 0 | G50: =N50+U50+AB50+AI50 -> 0 | H50: =O50+V50+AC50+AJ50 -> 0 | I50: =P50+W50+AD50+AK50 -> 0 | J50: =Q50+X50+AE50+AL50 -> 0 | K50: =R50+Y50+AF50+AM50 -> 0 | L50: ='13'!N51 -> 0 | M50: 0 | N50: 0 | O50: 0 | P50: 0 | Q50: 0 | R50: 0 | S50: ='13'!U51 -> 0 | T50: 0 | U50: 0 | V50: 0 | W50: 0 | X50: 0 | Y50: 0 | Z50: ='13'!AB51 -> 0 | AA50: 0 | AB50: 0 | AC50: 0 | AD50: 0 | AE50: 0 | AF50: 0 | AG50: ='13'!AI51 -> 0 | AH50: 0 | AI50: 0 | AJ50: 0 | AK50: 0 | AL50: 0 | AM50: 0 | AN50: =AU50+BB50+BI50+BP50 -> 0 | AO50: =AV50+BC50+BJ50+BQ50 -> 0 | AP50: =AW50+BD50+BK50+BR50 -> 0 | AQ50: =AX50+BE50+BL50+BS50 -> 0 | AR50: =AY50+BF50+BM50+BT50 -> 0 | AS50: =AZ50+BG50+BN50+BU50 -> 0 | AT50: =BA50+BH50+BO50+BV50 -> 0 | AU50: ='13'!AW51 -> 0 | AV50: 0 | AW50: 0 | AX50: 0 | AY50: 0 | AZ50: 0 | BA50: 0 | BB50: ='13'!BD51 -> 0 | BC50: 0 | BD50: 0 | BE50: 0 | BF50: 0 | BG50: 0 | BH50: 0 | BI50: ='13'!BK51 -> 0 | BJ50: 0 | BK50: 0 | BL50: 0 | BM50: 0 | BN50: 0 | BO50: 0 | BP50: ='13'!BR51 -> 0 | BQ50: 0 | BR50: 0 | BS50: 0 | BT50: 0 | BU50: 0 | BV50: 0 | BW50: =AN50-E50 -> 0 | BX50: =AO50-F50 -> 0 | BY50: =AP50-G50 -> 0 | BZ50: =AQ50-H50 -> 0 | CA50: =AR50-I50 -> 0 | CB50: =AS50-J50 -> 0 | CC50: =AT50-K50 -> 0
A51: 1.4.2 | B51: Новое строительство_Кабельные линии 6-10 кВ. | C51: ЭD 1.4.2 | D51: нд | E51: =L51+S51+Z51+AG51 -> 0 | F51: =M51+T51+AA51+AH51 -> 0 | G51: =N51+U51+AB51+AI51 -> 0 | H51: =O51+V51+AC51+AJ51 -> 0 | I51: =P51+W51+AD51+AK51 -> 0.4 | J51: =Q51+X51+AE51+AL51 -> 0 | K51: =R51+Y51+AF51+AM51 -> 0 | L51: 0 | M51: 0 | N51: 0 | O51: 0 | P51: ='13'!P52 -> 0.4 | Q51: 0 | R51: 0 | S51: 0 | T51: 0 | U51: 0 | V51: 0 | W51: ='13'!W52 -> 0 | X51: 0 | Y51: 0 | Z51: 0 | AA51: 0 | AB51: 0 | AC51: 0 | AD51: ='13'!AD52 -> 0 | AE51: 0 | AF51: 0 | AG51: 0 | AH51: 0 | AI51: 0 | AJ51: 0 | AK51: ='13'!AK52 -> 0 | AL51: 0 | AM51: 0 | AN51: =AU51+BB51+BI51+BP51 -> 0 | AO51: =AV51+BC51+BJ51+BQ51 -> 0 | AP51: =AW51+BD51+BK51+BR51 -> 0 | AQ51: =AX51+BE51+BL51+BS51 -> 0 | AR51: =AY51+BF51+BM51+BT51 -> 0 | AS51: =AZ51+BG51+BN51+BU51 -> 0 | AT51: =BA51+BH51+BO51+BV51 -> 0 | AU51: 0 | AV51: 0 | AW51: 0 | AX51: 0 | AY51: ='13'!AY52 -> 0 | AZ51: 0 | BA51: 0 | BB51: 0 | BC51: 0 | BD51: 0 | BE51: 0 | BF51: ='13'!BF52 -> 0 | BG51: 0 | BH51: 0 | BI51: 0 | BJ51: 0 | BK51: 0 | BL51: 0 | BM51: ='13'!BM52 -> 0 | BN51: 0 | BO51: 0 | BP51: 0 | BQ51: 0 | BR51: 0 | BS51: 0 | BT51: ='13'!BT52 -> 0 | BU51: 0 | BV51: 0 | BW51: =AN51-E51 -> 0 | BX51: =AO51-F51 -> 0 | BY51: =AP51-G51 -> 0 | BZ51: =AQ51-H51 -> 0 | CA51: =AR51-I51 -> -0.4 | CB51: =AS51-J51 -> 0 | CC51: =AT51-K51 -> 0
A52: 1.4.3 | B52: Новое строительство_Воздушные линии 0,4 кВ. | C52: ЭD 1.4.3 | D52: нд | E52: =L52+S52+Z52+AG52 -> 0 | F52: =M52+T52+AA52+AH52 -> 0 | G52: =N52+U52+AB52+AI52 -> 0 | H52: =O52+V52+AC52+AJ52 -> 0 | I52: =P52+W52+AD52+AK52 -> 0.57 | J52: =Q52+X52+AE52+AL52 -> 0 | K52: =R52+Y52+AF52+AM52 -> 0 | L52: 0 | M52: 0 | N52: 0 | O52: 0 | P52: ='13'!P53 -> 0.57 | Q52: 0 | R52: 0 | S52: 0 | T52: 0 | U52: 0 | V52: 0 | W52: ='13'!W53 -> 0 | X52: 0 | Y52: 0 | Z52: 0 | AA52: 0 | AB52: 0 | AC52: 0 | AD52: ='13'!AD53 -> 0 | AE52: 0 | AF52: 0 | AG52: 0 | AH52: 0 | AI52: 0 | AJ52: 0 | AK52: ='13'!AK53 -> 0 | AL52: 0 | AM52: 0 | AN52: =AU52+BB52+BI52+BP52 -> 0 | AO52: =AV52+BC52+BJ52+BQ52 -> 0 | AP52: =AW52+BD52+BK52+BR52 -> 0 | AQ52: =AX52+BE52+BL52+BS52 -> 0 | AR52: =AY52+BF52+BM52+BT52 -> 0 | AS52: =AZ52+BG52+BN52+BU52 -> 0 | AT52: =BA52+BH52+BO52+BV52 -> 0 | AU52: 0 | AV52: 0 | AW52: 0 | AX52: 0 | AY52: ='13'!AY53 -> 0 | AZ52: 0 | BA52: 0 | BB52: 0 | BC52: 0 | BD52: 0 | BE52: 0 | BF52: ='13'!BF53 -> 0 | BG52: 0 | BH52: 0 | BI52: 0 | BJ52: 0 | BK52: 0 | BL52: 0 | BM52: ='13'!BM53 -> 0 | BN52: 0 | BO52: 0 | BP52: 0 | BQ52: 0 | BR52: 0 | BS52: 0 | BT52: ='13'!BT53 -> 0 | BU52: 0 | BV52: 0 | BW52: =AN52-E52 -> 0 | BX52: =AO52-F52 -> 0 | BY52: =AP52-G52 -> 0 | BZ52: =AQ52-H52 -> 0 | CA52: =AR52-I52 -> -0.57 | CB52: =AS52-J52 -> 0 | CC52: =AT52-K52 -> 0
A53: 1.4.4 | B53: Новое строительство_ Воздушные линии 6-10 кВ. | C53: ЭD 1.4.4 | D53: нд | E53: =L53+S53+Z53+AG53 -> 0 | F53: =M53+T53+AA53+AH53 -> 0 | G53: =N53+U53+AB53+AI53 -> 0.1 | H53: =O53+V53+AC53+AJ53 -> 0 | I53: =P53+W53+AD53+AK53 -> 0 | J53: =Q53+X53+AE53+AL53 -> 0 | K53: =R53+Y53+AF53+AM53 -> 0 | L53: 0 | M53: 0 | N53: ='13'!P54 -> 0.1 | O53: 0 | P53: 0 | Q53: 0 | R53: 0 | S53: 0 | T53: 0 | U53: ='13'!W54 -> 0 | V53: 0 | W53: 0 | X53: 0 | Y53: 0 | Z53: 0 | AA53: 0 | AB53: ='13'!AD54 -> 0 | AC53: 0 | AD53: 0 | AE53: 0 | AF53: 0 | AG53: 0 | AH53: 0 | AI53: ='13'!AK54 -> 0 | AJ53: 0 | AK53: 0 | AL53: 0 | AM53: 0 | AN53: =AU53+BB53+BI53+BP53 -> 0 | AO53: =AV53+BC53+BJ53+BQ53 -> 0 | AP53: =AW53+BD53+BK53+BR53 -> 0 | AQ53: =AX53+BE53+BL53+BS53 -> 0 | AR53: =AY53+BF53+BM53+BT53 -> 0 | AS53: =AZ53+BG53+BN53+BU53 -> 0 | AT53: =BA53+BH53+BO53+BV53 -> 0 | AU53: 0 | AV53: 0 | AW53: ='13'!AY54 -> 0 | AX53: 0 | AY53: 0 | AZ53: 0 | BA53: 0 | BB53: 0 | BC53: 0 | BD53: ='13'!BF54 -> 0 | BE53: 0 | BF53: 0 | BG53: 0 | BH53: 0 | BI53: 0 | BJ53: 0 | BK53: ='13'!BM54 -> 0 | BL53: 0 | BM53: 0 | BN53: 0 | BO53: 0 | BP53: 0 | BQ53: 0 | BR53: ='13'!BT54 -> 0 | BS53: 0 | BT53: 0 | BU53: 0 | BV53: 0 | BW53: =AN53-E53 -> 0 | BX53: =AO53-F53 -> 0 | BY53: =AP53-G53 -> -0.1 | BZ53: =AQ53-H53 -> 0 | CA53: =AR53-I53 -> 0 | CB53: =AS53-J53 -> 0 | CC53: =AT53-K53 -> 0
A54: 1.4.5 | B54: Новое строительство_Кабельные линии 0,4кВ | C54: ЭD 1.4.5 | D54: нд | E54: =L54+S54+Z54+AG54 -> 0 | F54: =M54+T54+AA54+AH54 -> 0 | G54: =N54+U54+AB54+AI54 -> 0.57 | H54: =O54+V54+AC54+AJ54 -> 0 | I54: =P54+W54+AD54+AK54 -> 0 | J54: =Q54+X54+AE54+AL54 -> 0 | K54: =R54+Y54+AF54+AM54 -> 0 | L54: 0 | M54: 0 | N54: ='13'!P55 -> 0.57 | O54: 0 | P54: 0 | Q54: 0 | R54: 0 | S54: 0 | T54: 0 | U54: ='13'!W55 -> 0 | V54: 0 | W54: 0 | X54: 0 | Y54: 0 | Z54: 0 | AA54: 0 | AB54: ='13'!AD55 -> 0 | AC54: 0 | AD54: 0 | AE54: 0 | AF54: 0 | AG54: 0 | AH54: 0 | AI54: ='13'!AK55 -> 0 | AJ54: 0 | AK54: 0 | AL54: 0 | AM54: 0 | AN54: =AU54+BB54+BI54+BP54 -> 0 | AO54: =AV54+BC54+BJ54+BQ54 -> 0 | AP54: =AW54+BD54+BK54+BR54 -> 0 | AQ54: =AX54+BE54+BL54+BS54 -> 0 | AR54: =AY54+BF54+BM54+BT54 -> 0 | AS54: =AZ54+BG54+BN54+BU54 -> 0 | AT54: =BA54+BH54+BO54+BV54 -> 0 | AU54: 0 | AV54: 0 | AW54: ='13'!AY55 -> 0 | AX54: 0 | AY54: 0 | AZ54: 0 | BA54: 0 | BB54: 0 | BC54: 0 | BD54: ='13'!BF55 -> 0 | BE54: 0 | BF54: 0 | BG54: 0 | BH54: 0 | BI54: 0 | BJ54: 0 | BK54: ='13'!BM55 -> 0 | BL54: 0 | BM54: 0 | BN54: 0 | BO54: 0 | BP54: 0 | BQ54: 0 | BR54: ='13'!BT55 -> 0 | BS54: 0 | BT54: 0 | BU54: 0 | BV54: 0 | BW54: =AN54-E54 -> 0 | BX54: =AO54-F54 -> 0 | BY54: =AP54-G54 -> -0.57 | BZ54: =AQ54-H54 -> 0 | CA54: =AR54-I54 -> 0 | CB54: =AS54-J54 -> 0 | CC54: =AT54-K54 -> 0
A55: 1.5 | B55: Покупка земельных участков для целей реализации инвестиционных проектов, всего | C55: Г | D55: нд | E55: =L55+S55+Z55+AG55 -> 0 | F55: =M55+T55+AA55+AH55 -> 0 | G55: =N55+U55+AB55+AI55 -> 0 | H55: =O55+V55+AC55+AJ55 -> 0 | I55: =P55+W55+AD55+AK55 -> 0 | J55: =Q55+X55+AE55+AL55 -> 0 | K55: =R55+Y55+AF55+AM55 -> 0 | L55: 0 | M55: 0 | N55: 0 | O55: 0 | P55: 0 | Q55: 0 | R55: 0 | S55: 0 | T55: 0 | U55: 0 | V55: 0 | W55: 0 | X55: 0 | Y55: 0 | Z55: 0 | AA55: 0 | AB55: 0 | AC55: 0 | AD55: 0 | AE55: 0 | AF55: 0 | AG55: 0 | AH55: 0 | AI55: 0 | AJ55: 0 | AK55: 0 | AL55: 0 | AM55: 0 | AN55: =AU55+BB55+BI55+BP55 -> 0 | AO55: =AV55+BC55+BJ55+BQ55 -> 0 | AP55: =AW55+BD55+BK55+BR55 -> 0 | AQ55: =AX55+BE55+BL55+BS55 -> 0 | AR55: =AY55+BF55+BM55+BT55 -> 0 | AS55: =AZ55+BG55+BN55+BU55 -> 0 | AT55: =BA55+BH55+BO55+BV55 -> 0 | AU55: 0 | AV55: 0 | AW55: 0 | AX55: 0 | AY55: 0 | AZ55: 0 | BA55: 0 | BB55: 0 | BC55: 0 | BD55: 0 | BE55: 0 | BF55: 0 | BG55: 0 | BH55: 0 | BI55: 0 | BJ55: 0 | BK55: 0 | BL55: 0 | BM55: 0 | BN55: 0 | BO55: 0 | BP55: 0 | BQ55: 0 | BR55: 0 | BS55: 0 | BT55: 0 | BU55: 0 | BV55: 0 | BW55: =AN55-E55 -> 0 | BX55: =AO55-F55 -> 0 | BY55: =AP55-G55 -> 0 | BZ55: =AQ55-H55 -> 0 | CA55: =AR55-I55 -> 0 | CB55: =AS55-J55 -> 0 | CC55: =AT55-K55 -> 0
A56: 1.6 | B56: Прочие инвестиционные проекты, всего, в том числе: | C56: Г | D56: нд | E56: =L56+S56+Z56+AG56 -> 0 | F56: =M56+T56+AA56+AH56 -> 0 | G56: =N56+U56+AB56+AI56 -> 0 | H56: =O56+V56+AC56+AJ56 -> 0 | I56: =P56+W56+AD56+AK56 -> 0 | J56: =Q56+X56+AE56+AL56 -> 0 | K56: =R56+Y56+AF56+AM56 -> 0 | L56: =SUM(L57:L58) -> 0 | M56: =SUM(M57:M58) -> 0 | N56: =SUM(N57:N58) -> 0 | O56: =SUM(O57:O58) -> 0 | P56: =SUM(P57:P58) -> 0 | Q56: =SUM(Q57:Q58) -> 0 | R56: =SUM(R57:R58) -> 0 | S56: =SUM(S57:S58) -> 0 | ... AM56: =SUM(AM57:AM58) -> 0 | AN56: =AU56+BB56+BI56+BP56 -> 0 | AO56: =AV56+BC56+BJ56+BQ56 -> 0 | AP56: =AW56+BD56+BK56+BR56 -> 0 | AQ56: =AX56+BE56+BL56+BS56 -> 0 | AR56: =AY56+BF56+BM56+BT56 -> 0 | AS56: =AZ56+BG56+BN56+BU56 -> 0 | AT56: =BA56+BH56+BO56+BV56 -> 0 | AU56: =SUM(AU57:AU58) -> 0 | AV56: =SUM(AV57:AV58) -> 0 | AW56: =SUM(AW57:AW58) -> 0 | AX56: =SUM(AX57:AX58) -> 0 | AY56: =SUM(AY57:AY58) -> 0 | AZ56: =SUM(AZ57:AZ58) -> 0 | BA56: =SUM(BA57:BA58) -> 0 | BB56: =SUM(BB57:BB58) -> 0 | ... BV56: =SUM(BV57:BV58) -> 0 | BW56: =AN56-E56 -> 0 | BX56: =AO56-F56 -> 0 | BY56: =AP56-G56 -> 0 | BZ56: =AQ56-H56 -> 0 | CA56: =AR56-I56 -> 0 | CB56: =AS56-J56 -> 0 | CC56: =AT56-K56 -> 0
A57: 1.6.1 | B57: Приобретение автотранспорта и спецтехники | C57: ЭD 1.6.1 | D57: нд | E57: =L57+S57+Z57+AG57 -> 0 | F57: =M57+T57+AA57+AH57 -> 0 | G57: =N57+U57+AB57+AI57 -> 0 | H57: =O57+V57+AC57+AJ57 -> 0 | I57: =P57+W57+AD57+AK57 -> 0 | J57: =Q57+X57+AE57+AL57 -> 0 | K57: =R57+Y57+AF57+AM57 -> 0 | L57: 0 | M57: 0 | N57: 0 | O57: 0 | P57: 0 | Q57: 0 | R57: 0 | S57: 0 | T57: 0 | U57: 0 | V57: 0 | W57: 0 | X57: 0 | Y57: 0 | Z57: 0 | AA57: 0 | AB57: 0 | AC57: 0 | AD57: 0 | AE57: 0 | AF57: 0 | AG57: 0 | AH57: 0 | AI57: 0 | AJ57: 0 | AK57: 0 | AL57: 0 | AM57: 0 | AN57: =AU57+BB57+BI57+BP57 -> 0 | AO57: =AV57+BC57+BJ57+BQ57 -> 0 | AP57: =AW57+BD57+BK57+BR57 -> 0 | AQ57: =AX57+BE57+BL57+BS57 -> 0 | AR57: =AY57+BF57+BM57+BT57 -> 0 | AS57: =AZ57+BG57+BN57+BU57 -> 0 | AT57: =BA57+BH57+BO57+BV57 -> 0 | AU57: 0 | AV57: 0 | AW57: 0 | AX57: 0 | AY57: 0 | AZ57: 0 | BA57: 0 | BB57: 0 | BC57: 0 | BD57: 0 | BE57: 0 | BF57: 0 | BG57: 0 | BH57: 0 | BI57: 0 | BJ57: 0 | BK57: 0 | BL57: 0 | BM57: 0 | BN57: 0 | BO57: 0 | BP57: 0 | BQ57: 0 | BR57: 0 | BS57: 0 | BT57: 0 | BU57: 0 | BV57: 0 | BW57: =AN57-E57 -> 0 | BX57: =AO57-F57 -> 0 | BY57: =AP57-G57 -> 0 | BZ57: =AQ57-H57 -> 0 | CA57: =AR57-I57 -> 0 | CB57: =AS57-J57 -> 0 | CC57: =AT57-K57 -> 0
A58: 1.6.2 | B58: Приобретение основных средств | C58: ЭD 1.6.2 | D58: нд | E58: =L58+S58+Z58+AG58 -> 0 | F58: =M58+T58+AA58+AH58 -> 0 | G58: =N58+U58+AB58+AI58 -> 0 | H58: =O58+V58+AC58+AJ58 -> 0 | I58: =P58+W58+AD58+AK58 -> 0 | J58: =Q58+X58+AE58+AL58 -> 0 | K58: =R58+Y58+AF58+AM58 -> 0 | L58: 0 | M58: 0 | N58: 0 | O58: 0 | P58: 0 | Q58: 0 | R58: 0 | S58: 0 | T58: 0 | U58: 0 | V58: 0 | W58: 0 | X58: 0 | Y58: 0 | Z58: 0 | AA58: 0 | AB58: 0 | AC58: 0 | AD58: 0 | AE58: 0 | AF58: 0 | AG58: 0 | AH58: 0 | AI58: 0 | AJ58: 0 | AK58: 0 | AL58: 0 | AM58: 0 | AN58: =AU58+BB58+BI58+BP58 -> 0 | AO58: =AV58+BC58+BJ58+BQ58 -> 0 | AP58: =AW58+BD58+BK58+BR58 -> 0 | AQ58: =AX58+BE58+BL58+BS58 -> 0 | AR58: =AY58+BF58+BM58+BT58 -> 0 | AS58: =AZ58+BG58+BN58+BU58 -> 0 | AT58: =BA58+BH58+BO58+BV58 -> 0 | AU58: 0 | AV58: 0 | AW58: 0 | AX58: 0 | AY58: 0 | AZ58: 0 | BA58: 0 | BB58: 0 | BC58: 0 | BD58: 0 | BE58: 0 | BF58: 0 | BG58: 0 | BH58: 0 | BI58: 0 | BJ58: 0 | BK58: 0 | BL58: 0 | BM58: 0 | BN58: 0 | BO58: 0 | BP58: 0 | BQ58: 0 | BR58: 0 | BS58: 0 | BT58: 0 | BU58: 0 | BV58: 0 | BW58: =AN58-E58 -> 0 | BX58: =AO58-F58 -> 0 | BY58: =AP58-G58 -> 0 | BZ58: =AQ58-H58 -> 0 | CA58: =AR58-I58 -> 0 | CB58: =AS58-J58 -> 0 | CC58: =AT58-K58 -> 0
A61: * Заполняется в случае, если сетевой объект будет использован для выдачи мощности генерирующего объекта, который будет осуществлять
A62: поставки электроэнергии и мощности в соответствии с договором о предоставлении мощности.

Sheet 14
AH1: Приложение № 14
AD2: к приказу Минэнерго России от 25 апреля 2018 г. № 320
A3: Форма 14. Отчет о постановке объектов электросетевого хозяйства под напряжение и (или) включении объектов капитального строительства для проведения пусконаладочных работ (квартальный)
J4: за | K4: ='10'!$G$4 -> 1 | M4: квартал | O4: ='10'!$J$4 -> 2020 | Q4: года
J6: Отчет о реализации инвестиционной программы | K6: ='10'!$G$6 -> АО «Вологодская областная энергетическая компания»
K7: полное наименование субъекта электроэнергетики
N9: Год раскрытия информации: | O9: ='10'!$J$9 -> 2020 | Q9: год
L11: Утвержденные плановые значения показателей приведены в соответствии с | M11: ='10'!$E$11 -> приказом ДЕПАРТАМЕНТА ТОПЛИВНО-ЭНЕРГЕТИЧЕСКОГО КОМПЛЕКСА И ТАРИФНОГО РЕГУЛИРОВАНИЯ ВОЛОГОДСКОЙ ОБЛАСТИ "Об утверждении инвестиционной программы АО «Вологодская областная энергетическая компания» на 2020-2024 годы" от 30 октября 2019 года" № 160
M12: реквизиты решения органа исполнительной власти, утвердившего инвестиционную программу
A14: Номер группы инвести-ционных проектов | B14: Наименование инвестиционного проекта (группы инвестиционных проектов) | C14: Идентификатор инвестиционного проекта | D14: Наименование присоединяемого объекта генерации, который будет осуществлять поставки электроэнергии и мощности в соответствии с договором о предоставлении мощности * | E14: Постановка объектов электросетевого хозяйства под напряжение и (или) включение объектов капитального строительства для проведения пусконаладочных работ в 2020 году
E15: План | J15: Факт
E16: Всего | J16: Всего | O16: I квартал | T16: II квартал | Y16: III квартал | AD16: IV квартал
E17: МВ×А | F17: Мвар | G17: км ЛЭП | H17: МВт | I17: Другое | J17: МВ×А | K17: Мвар | L17: км ЛЭП | M17: МВт | N17: Другое | O17: МВ×А | P17: Мвар | Q17: км ЛЭП | R17: МВт | S17: Другое | T17: МВ×А | U17: Мвар | V17: км ЛЭП | W17: МВт | X17: Другое | Y17: МВ×А | Z17: Мвар | AA17: км ЛЭП | AB17: МВт | AC17: Другое | AD17: МВ×А | AE17: Мвар | AF17: км ЛЭП | AG17: МВт | AH17: Другое
A18: 1 | B18: 2 | C18: 3 | D18: 4 | E18: 5.1 | F18: 5.2 | G18: 5.3 | H18: 5.4 | I18: 5.5 | J18: 6.1 | K18: 6.2 | L18: 6.3 | M18: 6.4 | N18: 6.5 | O18: 7.1 | P18: 7.2 | Q18: 7.3 | R18: 7.4 | S18: 7.5 | T18: 8.1 | U18: 8.2 | V18: 8.3 | W18: 8.4 | X18: 8.5 | Y18: 9.1 | Z18: 9.2 | AA18: 9.3 | AB18: 9.4 | AC18: 9.5 | AD18: 10.1 | AE18: 10.2 | AF18: 10.3 | AG18: 10.4 | AH18: 10.5
A19: 0 | B19: ВСЕГО по инвестиционной программе, в том числе: | C19: Г | D19: нд | E19: ='13'!G20 -> 0 | F19: ='13'!H20 -> 0 | G19: ='13'!I20 -> 10.74 | H19: ='13'!J20 -> 0.96 | I19: ='13'!K20 -> 0 | J19: =O19+T19+Y19+AD19 -> 0.92 | K19: =P19+U19+Z19+AE19 -> 0 | L19: =Q19+V19+AA19+AF19 -> 16.89 | M19: =R19+W19+AB19+AG19 -> 3.68 | N19: =S19+X19+AC19+AH19 -> 0 | O19: ='13'!AW20 -> 0.92 | P19: ='13'!AX20 -> 0 | Q19: ='13'!AY20 -> 16.89 | R19: ='13'!AZ20 -> 3.68 | S19: ='13'!BA20 -> 0 | T19: ='13'!BD20 -> 0 | U19: ='13'!BE20 -> 0 | V19: ='13'!BF20 -> 0 | W19: ='13'!BG20 -> 0 | X19: ='13'!BH20 -> 0 | Y19: ='13'!BK20 -> 0 | Z19: ='13'!BL20 -> 0 | AA19: ='13'!BM20 -> 0 | AB19: ='13'!BN20 -> 0 | AC19: ='13'!BO20 -> 0 | AD19: ='13'!BR20 -> 0 | AE19: ='13'!BS20 -> 0 | AF19: ='13'!BT20 -> 0 | AG19: ='13'!BU20 -> 0 | AH19: ='13'!BV20 -> 0
A20: 0.1 | B20: Технологическое присоединение, всего | C20: Г | D20: нд | E20: ='13'!G21 -> 0 | F20: ='13'!H21 -> 0 | G20: ='13'!I21 -> 8.91 | H20: ='13'!J21 -> 0.96 | I20: ='13'!K21 -> 0 | J20: =O20+T20+Y20+AD20 -> 0 | K20: =P20+U20+Z20+AE20 -> 0 | L20: =Q20+V20+AA20+AF20 -> 14.11 | M20: =R20+W20+AB20+AG20 -> 3.68 | N20: =S20+X20+AC20+AH20 -> 0 | O20: ='13'!AW21 -> 0 | P20: ='13'!AX21 -> 0 | Q20: ='13'!AY21 -> 14.11 | R20: ='13'!AZ21 -> 3.68 | S20: ='13'!BA21 -> 0 | T20: ='13'!BD21 -> 0 | U20: ='13'!BE21 -> 0 | V20: ='13'!BF21 -> 0 | W20: ='13'!BG21 -> 0 | X20: ='13'!BH21 -> 0 | Y20: ='13'!BK21 -> 0 | Z20: ='13'!BL21 -> 0 | AA20: ='13'!BM21 -> 0 | AB20: ='13'!BN21 -> 0 | AC20: ='13'!BO21 -> 0 | AD20: ='13'!BR21 -> 0 | AE20: ='13'!BS21 -> 0 | AF20: ='13'!BT21 -> 0 | AG20: ='13'!BU21 -> 0 | AH20: ='13'!BV21 -> 0
A21: 0.2 | B21: Реконструкция, модернизация, техническое перевооружение, всего | C21: Г | D21: нд | E21: ='13'!G22 -> 0 | F21: ='13'!H22 -> 0 | G21: ='13'!I22 -> 0.19 | H21: ='13'!J22 -> 0 | I21: ='13'!K22 -> 0 | J21: =O21+T21+Y21+AD21 -> 0.92 | K21: =P21+U21+Z21+AE21 -> 0 | L21: =Q21+V21+AA21+AF21 -> 2.78 | M21: =R21+W21+AB21+AG21 -> 0 | N21: =S21+X21+AC21+AH21 -> 0 | O21: ='13'!AW22 -> 0.92 | P21: ='13'!AX22 -> 0 | Q21: ='13'!AY22 -> 2.78 | R21: ='13'!AZ22 -> 0 | S21: ='13'!BA22 -> 0 | T21: ='13'!BD22 -> 0 | U21: ='13'!BE22 -> 0 | V21: ='13'!BF22 -> 0 | W21: ='13'!BG22 -> 0 | X21: ='13'!BH22 -> 0 | Y21: ='13'!BK22 -> 0 | Z21: ='13'!BL22 -> 0 | AA21: ='13'!BM22 -> 0 | AB21: ='13'!BN22 -> 0 | AC21: ='13'!BO22 -> 0 | AD21: ='13'!BR22 -> 0 | AE21: ='13'!BS22 -> 0 | AF21: ='13'!BT22 -> 0 | AG21: ='13'!BU22 -> 0 | AH21: ='13'!BV22 -> 0
A22: 0.3 | B22: Инвестиционные проекты, реализация которых обуславливается схемами и программами перспективного развития электроэнергетики, всего | C22: Г | D22: нд | E22: ='13'!G23 -> нд | F22: ='13'!H23 -> нд | G22: ='13'!I23 -> нд | H22: ='13'!J23 -> нд | I22: ='13'!K23 -> нд | J22: нд | K22: нд | L22: нд | M22: нд | N22: нд | O22: ='13'!AW23 -> нд | P22: ='13'!AX23 -> нд | Q22: ='13'!AY23 -> нд | R22: ='13'!AZ23 -> нд | S22: ='13'!BA23 -> нд | T22: ='13'!BD23 -> нд | U22: ='13'!BE23 -> нд | V22: ='13'!BF23 -> нд | W22: ='13'!BG23 -> нд | X22: ='13'!BH23 -> нд | Y22: ='13'!BK23 -> нд | Z22: ='13'!BL23 -> нд | AA22: ='13'!BM23 -> нд | AB22: ='13'!BN23 -> нд | AC22: ='13'!BO23 -> нд | AD22: ='13'!BR23 -> нд | AE22: ='13'!BS23 -> нд | AF22: ='13'!BT23 -> нд | AG22: ='13'!BU23 -> нд | AH22: ='13'!BV23 -> нд
A23: 0.4 | B23: Прочее новое строительство объектов электросетевого хозяйства, всего | C23: Г | D23: нд | E23: ='13'!G24 -> 0 | F23: ='13'!H24 -> 0 | G23: ='13'!I24 -> 1.64 | H23: ='13'!J24 -> 0 | I23: ='13'!K24 -> 0 | J23: =O23+T23+Y23+AD23 -> 0 | K23: =P23+U23+Z23+AE23 -> 0 | L23: =Q23+V23+AA23+AF23 -> 0 | M23: =R23+W23+AB23+AG23 -> 0 | N23: =S23+X23+AC23+AH23 -> 0 | O23: ='13'!AW24 -> 0 | P23: ='13'!AX24 -> 0 | Q23: ='13'!AY24 -> 0 | R23: ='13'!AZ24 -> 0 | S23: ='13'!BA24 -> 0 | T23: ='13'!BD24 -> 0 | U23: ='13'!BE24 -> 0 | V23: ='13'!BF24 -> 0 | W23: ='13'!BG24 -> 0 | X23: ='13'!BH24 -> 0 | Y23: ='13'!BK24 -> 0 | Z23: ='13'!BL24 -> 0 | AA23: ='13'!BM24 -> 0 | AB23: ='13'!BN24 -> 0 | AC23: ='13'!BO24 -> 0 | AD23: ='13'!BR24 -> 0 | AE23: ='13'!BS24 -> 0 | AF23: ='13'!BT24 -> 0 | AG23: ='13'!BU24 -> 0 | AH23: ='13'!BV24 -> 0
A24: 0.5 | B24: Покупка земельных участков для целей реализации инвестиционных проектов, всего | C24: Г | D24: нд | E24: ='13'!G25 -> 0 | F24: ='13'!H25 -> 0 | G24: ='13'!I25 -> 0 | H24: ='13'!J25 -> 0 | I24: ='13'!K25 -> 0 | J24: =O24+T24+Y24+AD24 -> 0 | K24: =P24+U24+Z24+AE24 -> 0 | L24: =Q24+V24+AA24+AF24 -> 0 | M24: =R24+W24+AB24+AG24 -> 0 | N24: =S24+X24+AC24+AH24 -> 0 | O24: ='13'!AW25 -> 0 | P24: ='13'!AX25 -> 0 | Q24: ='13'!AY25 -> 0 | R24: ='13'!AZ25 -> 0 | S24: ='13'!BA25 -> 0 | T24: ='13'!BD25 -> 0 | U24: ='13'!BE25 -> 0 | V24: ='13'!BF25 -> 0 | W24: ='13'!BG25 -> 0 | X24: ='13'!BH25 -> 0 | Y24: ='13'!BK25 -> 0 | Z24: ='13'!BL25 -> 0 | AA24: ='13'!BM25 -> 0 | AB24: ='13'!BN25 -> 0 | AC24: ='13'!BO25 -> 0 | AD24: ='13'!BR25 -> 0 | AE24: ='13'!BS25 -> 0 | AF24: ='13'!BT25 -> 0 | AG24: ='13'!BU25 -> 0 | AH24: ='13'!BV25 -> 0
A25: 0.6 | B25: Прочие инвестиционные проекты, всего | C25: Г | D25: нд | E25: ='13'!G26 -> 0 | F25: ='13'!H26 -> 0 | G25: ='13'!I26 -> 0 | H25: ='13'!J26 -> 0 | I25: ='13'!K26 -> 0 | J25: =O25+T25+Y25+AD25 -> 0 | K25: =P25+U25+Z25+AE25 -> 0 | L25: =Q25+V25+AA25+AF25 -> 0 | M25: =R25+W25+AB25+AG25 -> 0 | N25: =S25+X25+AC25+AH25 -> 0 | O25: ='13'!AW26 -> 0 | P25: ='13'!AX26 -> 0 | Q25: ='13'!AY26 -> 0 | R25: ='13'!AZ26 -> 0 | S25: ='13'!BA26 -> 0 | T25: ='13'!BD26 -> 0 | U25: ='13'!BE26 -> 0 | V25: ='13'!BF26 -> 0 | W25: ='13'!BG26 -> 0 | X25: ='13'!BH26 -> 0 | Y25: ='13'!BK26 -> 0 | Z25: ='13'!BL26 -> 0 | AA25: ='13'!BM26 -> 0 | AB25: ='13'!BN26 -> 0 | AC25: ='13'!BO26 -> 0 | AD25: ='13'!BR26 -> 0 | AE25: ='13'!BS26 -> 0 | AF25: ='13'!BT26 -> 0 | AG25: ='13'!BU26 -> 0 | AH25: ='13'!BV26 -> 0
A26: 1 | B26: Вологодская область | D26: нд | E26: ='13'!G27 -> 0 | F26: ='13'!H27 -> 0 | G26: ='13'!I27 -> 0 | H26: ='13'!J27 -> 0 | I26: ='13'!K27 -> 0 | J26: =O26+T26+Y26+AD26 -> 0 | K26: =P26+U26+Z26+AE26 -> 0 | L26: =Q26+V26+AA26+AF26 -> 0 | M26: =R26+W26+AB26+AG26 -> 0 | N26: =S26+X26+AC26+AH26 -> 0 | O26: ='13'!AW27 -> 0 | P26: ='13'!AX27 -> 0 | Q26: ='13'!AY27 -> 0 | R26: ='13'!AZ27 -> 0 | S26: ='13'!BA27 -> 0 | T26: ='13'!BD27 -> 0 | U26: ='13'!BE27 -> 0 | V26: ='13'!BF27 -> 0 | W26: ='13'!BG27 -> 0 | X26: ='13'!BH27 -> 0 | Y26: ='13'!BK27 -> 0 | Z26: ='13'!BL27 -> 0 | AA26: ='13'!BM27 -> 0 | AB26: ='13'!BN27 -> 0 | AC26: ='13'!BO27 -> 0 | AD26: ='13'!BR27 -> 0 | AE26: ='13'!BS27 -> 0 | AF26: ='13'!BT27 -> 0 | AG26: ='13'!BU27 -> 0 | AH26: ='13'!BV27 -> 0
A27: 1.1 | B27: Технологическое присоединение, всего, в том числе: | C27: Г | D27: нд | E27: ='13'!G28 -> 0 | F27: ='13'!H28 -> 0 | G27: ='13'!I28 -> 8.91 | H27: ='13'!J28 -> 0.96 | I27: ='13'!K28 -> 0 | J27: =O27+T27+Y27+AD27 -> 0 | K27: =P27+U27+Z27+AE27 -> 0 | L27: =Q27+V27+AA27+AF27 -> 14.11 | M27: =R27+W27+AB27+AG27 -> 3.68 | N27: =S27+X27+AC27+AH27 -> 0 | O27: ='13'!AW28 -> 0 | P27: ='13'!AX28 -> 0 | Q27: ='13'!AY28 -> 14.11 | R27: ='13'!AZ28 -> 3.68 | S27: ='13'!BA28 -> 0 | T27: ='13'!BD28 -> 0 | U27: ='13'!BE28 -> 0 | V27: ='13'!BF28 -> 0 | W27: ='13'!BG28 -> 0 | X27: ='13'!BH28 -> 0 | Y27: ='13'!BK28 -> 0 | Z27: ='13'!BL28 -> 0 | AA27: ='13'!BM28 -> 0 | AB27: ='13'!BN28 -> 0 | AC27: ='13'!BO28 -> 0 | AD27: ='13'!BR28 -> 0 | AE27: ='13'!BS28 -> 0 | AF27: ='13'!BT28 -> 0 | AG27: ='13'!BU28 -> 0 | AH27: ='13'!BV28 -> 0
A28: 1.1.1 | B28: Технологическое присоединение энергопринимающих устройств потребителей, всего, в том числе: | C28: Г | D28: нд | E28: ='13'!G29 -> 0 | F28: ='13'!H29 -> 0 | G28: ='13'!I29 -> 8.91 | H28: ='13'!J29 -> 0.96 | I28: ='13'!K29 -> 0 | J28: =O28+T28+Y28+AD28 -> 0 | K28: =P28+U28+Z28+AE28 -> 0 | L28: =Q28+V28+AA28+AF28 -> 14.11 | M28: =R28+W28+AB28+AG28 -> 3.68 | N28: =S28+X28+AC28+AH28 -> 0 | O28: ='13'!AW29 -> 0 | P28: ='13'!AX29 -> 0 | Q28: ='13'!AY29 -> 14.11 | R28: ='13'!AZ29 -> 3.68 | S28: ='13'!BA29 -> 0 | T28: ='13'!BD29 -> 0 | U28: ='13'!BE29 -> 0 | V28: ='13'!BF29 -> 0 | W28: ='13'!BG29 -> 0 | X28: ='13'!BH29 -> 0 | Y28: ='13'!BK29 -> 0 | Z28: ='13'!BL29 -> 0 | AA28: ='13'!BM29 -> 0 | AB28: ='13'!BN29 -> 0 | AC28: ='13'!BO29 -> 0 | AD28: ='13'!BR29 -> 0 | AE28: ='13'!BS29 -> 0 | AF28: ='13'!BT29 -> 0 | AG28: ='13'!BU29 -> 0 | AH28: ='13'!BV29 -> 0
A29: 1.1.1.1 | B29: Технологическое присоединение энергопринимающих устройств потребителей максимальной мощностью до 15 кВт включительно, всего | C29: Г | D29: нд | E29: ='13'!G30 -> 0 | F29: ='13'!H30 -> 0 | G29: ='13'!I30 -> 0 | H29: ='13'!J30 -> 0 | I29: ='13'!K30 -> 0 | J29: =O29+T29+Y29+AD29 -> 0 | K29: =P29+U29+Z29+AE29 -> 0 | L29: =Q29+V29+AA29+AF29 -> 0 | M29: =R29+W29+AB29+AG29 -> 0 | N29: =S29+X29+AC29+AH29 -> 0 | O29: ='13'!AW30 -> 0 | P29: ='13'!AX30 -> 0 | Q29: ='13'!AY30 -> 0 | R29: ='13'!AZ30 -> 0 | S29: ='13'!BA30 -> 0 | T29: ='13'!BD30 -> 0 | U29: ='13'!BE30 -> 0 | V29: ='13'!BF30 -> 0 | W29: ='13'!BG30 -> 0 | X29: ='13'!BH30 -> 0 | Y29: ='13'!BK30 -> 0 | Z29: ='13'!BL30 -> 0 | AA29: ='13'!BM30 -> 0 | AB29: ='13'!BN30 -> 0 | AC29: ='13'!BO30 -> 0 | AD29: ='13'!BR30 -> 0 | AE29: ='13'!BS30 -> 0 | AF29: ='13'!BT30 -> 0 | AG29: ='13'!BU30 -> 0 | AH29: ='13'!BV30 -> 0
A30: 1.1.1.2 | B30: Технологическое присоединение энергопринимающих устройств потребителей максимальной мощностью до 150 кВт включительно, всего | C30: Г | D30: нд | E30: ='13'!G31 -> 0 | F30: ='13'!H31 -> 0 | G30: ='13'!I31 -> 0 | H30: ='13'!J31 -> 0 | I30: ='13'!K31 -> 0 | J30: =O30+T30+Y30+AD30 -> 0 | K30: =P30+U30+Z30+AE30 -> 0 | L30: =Q30+V30+AA30+AF30 -> 0 | M30: =R30+W30+AB30+AG30 -> 0 | N30: =S30+X30+AC30+AH30 -> 0 | O30: ='13'!AW31 -> 0 | P30: ='13'!AX31 -> 0 | Q30: ='13'!AY31 -> 0 | R30: ='13'!AZ31 -> 0 | S30: ='13'!BA31 -> 0 | T30: ='13'!BD31 -> 0 | U30: ='13'!BE31 -> 0 | V30: ='13'!BF31 -> 0 | W30: ='13'!BG31 -> 0 | X30: ='13'!BH31 -> 0 | Y30: ='13'!BK31 -> 0 | Z30: ='13'!BL31 -> 0 | AA30: ='13'!BM31 -> 0 | AB30: ='13'!BN31 -> 0 | AC30: ='13'!BO31 -> 0 | AD30: ='13'!BR31 -> 0 | AE30: ='13'!BS31 -> 0 | AF30: ='13'!BT31 -> 0 | AG30: ='13'!BU31 -> 0 | AH30: ='13'!BV31 -> 0
A31: 1.1.1.3 | B31: Технологическое присоединение энергопринимающих устройств потребителей свыше 150 кВт, всего | C31: Г | D31: нд | E31: ='13'!G32 -> 0 | F31: ='13'!H32 -> 0 | G31: ='13'!I32 -> 0 | H31: ='13'!J32 -> 0 | I31: ='13'!K32 -> 0 | J31: =O31+T31+Y31+AD31 -> 0 | K31: =P31+U31+Z31+AE31 -> 0 | L31: =Q31+V31+AA31+AF31 -> 0 | M31: =R31+W31+AB31+AG31 -> 0 | N31: =S31+X31+AC31+AH31 -> 0 | O31: ='13'!AW32 -> 0 | P31: ='13'!AX32 -> 0 | Q31: ='13'!AY32 -> 0 | R31: ='13'!AZ32 -> 0 | S31: ='13'!BA32 -> 0 | T31: ='13'!BD32 -> 0 | U31: ='13'!BE32 -> 0 | V31: ='13'!BF32 -> 0 | W31: ='13'!BG32 -> 0 | X31: ='13'!BH32 -> 0 | Y31: ='13'!BK32 -> 0 | Z31: ='13'!BL32 -> 0 | AA31: ='13'!BM32 -> 0 | AB31: ='13'!BN32 -> 0 | AC31: ='13'!BO32 -> 0 | AD31: ='13'!BR32 -> 0 | AE31: ='13'!BS32 -> 0 | AF31: ='13'!BT32 -> 0 | AG31: ='13'!BU32 -> 0 | AH31: ='13'!BV32 -> 0
A32: 1.2 | B32: Реконструкция, модернизация, техническое перевооружение всего, в том числе: | C32: Г | D32: нд | E32: ='13'!G33 -> 0 | F32: ='13'!H33 -> 0 | G32: ='13'!I33 -> 0.19 | H32: ='13'!J33 -> 0 | I32: ='13'!K33 -> 0 | J32: =O32+T32+Y32+AD32 -> 0.92 | K32: =P32+U32+Z32+AE32 -> 0 | L32: =Q32+V32+AA32+AF32 -> 2.78 | M32: =R32+W32+AB32+AG32 -> 0 | N32: =S32+X32+AC32+AH32 -> 0 | O32: ='13'!AW33 -> 0.92 | P32: ='13'!AX33 -> 0 | Q32: ='13'!AY33 -> 2.78 | R32: ='13'!AZ33 -> 0 | S32: ='13'!BA33 -> 0 | T32: ='13'!BD33 -> 0 | U32: ='13'!BE33 -> 0 | V32: ='13'!BF33 -> 0 | W32: ='13'!BG33 -> 0 | X32: ='13'!BH33 -> 0 | Y32: ='13'!BK33 -> 0 | Z32: ='13'!BL33 -> 0 | AA32: ='13'!BM33 -> 0 | AB32: ='13'!BN33 -> 0 | AC32: ='13'!BO33 -> 0 | AD32: ='13'!BR33 -> 0 | AE32: ='13'!BS33 -> 0 | AF32: ='13'!BT33 -> 0 | AG32: ='13'!BU33 -> 0 | AH32: ='13'!BV33 -> 0
A33: 1.2.1 | B33: Реконструкция, модернизация, техническое перевооружение трансформаторных и иных подстанций, распределительных пунктов, всего, в том числе: | C33: Г | D33: нд | E33: ='13'!G34 -> 0 | F33: ='13'!H34 -> 0 | G33: ='13'!I34 -> 0 | H33: ='13'!J34 -> 0 | I33: ='13'!K34 -> 0 | J33: =O33+T33+Y33+AD33 -> 0 | K33: =P33+U33+Z33+AE33 -> 0 | L33: =Q33+V33+AA33+AF33 -> 0 | M33: =R33+W33+AB33+AG33 -> 0 | N33: =S33+X33+AC33+AH33 -> 0 | O33: ='13'!AW34 -> 0 | P33: ='13'!AX34 -> 0 | Q33: ='13'!AY34 -> 0 | R33: ='13'!AZ34 -> 0 | S33: ='13'!BA34 -> 0 | T33: ='13'!BD34 -> 0 | U33: ='13'!BE34 -> 0 | V33: ='13'!BF34 -> 0 | W33: ='13'!BG34 -> 0 | X33: ='13'!BH34 -> 0 | Y33: ='13'!BK34 -> 0 | Z33: ='13'!BL34 -> 0 | AA33: ='13'!BM34 -> 0 | AB33: ='13'!BN34 -> 0 | AC33: ='13'!BO34 -> 0 | AD33: ='13'!BR34 -> 0 | AE33: ='13'!BS34 -> 0 | AF33: ='13'!BT34 -> 0 | AG33: ='13'!BU34 -> 0 | AH33: ='13'!BV34 -> 0
